Workbook

Sheet Fund overview
A1: Evaluated trading days
A2: line | B2: value
A3: Evaluated trading days | B3: ='Fund and null distribution'!B2 -> 1
A5: LLM pods: mean excess (bps/day)
A6: line | B6: value
A7: LLM pods: mean excess, bps/day | B7: ='Fund and null distribution'!B5 -> 1.3032
A9: Best random pod (bps/day)
A10: line | B10: value
A11: Random pods: best mean, bps/day | B11: ='Fund and null distribution'!B11 -> 13.888
A13: Pods meeting the skill bar
A14: line | B14: value
A15: Pods meeting the skill bar | B15: ='Fund and null distribution'!B14 -> 0
A17: Cumulative sector-neutral excess by LLM pod (bps)
A18: pod | B18: 09-22 | C18: 09-23 | D18: 09-24 | E18: 09-25 | F18: 09-28 | G18: 09-29 | H18: 09-30 | I18: 10-01 | J18: 10-02 | K18: 10-05 | L18: 10-06 | M18: 10-07 | N18: 10-08 | O18: 10-09 | P18: 10-12 | Q18: 10-13 | R18: 10-14 | S18: 10-15 | T18: 10-16 | U18: 10-19 | V18: 10-20 | W18: 10-21 | X18: 10-22 | Y18: 10-23 | Z18: 10-26 | AA18: 10-27 | AB18: 10-28 | AC18: 10-29 | AD18: 10-30 | AE18: 11-02 | AF18: 11-03 | AG18: 11-04 | AH18: 11-05 | AI18: 11-06 | AJ18: 11-09 | AK18: 11-10 | AL18: 11-11 | AM18: 11-12 | AN18: 11-13 | AO18: 11-16 | AP18: 11-17 | AQ18: 11-18 | AR18: 11-19 | AS18: 11-20 | AT18: 11-23 | AU18: 11-24 | AV18: 11-25 | AW18: 11-27 | AX18: 11-30 | AY18: 12-01 | AZ18: 12-02 | BA18: 12-03 | BB18: 12-04 | BC18: 12-07 | BD18: 12-08 | BE18: 12-09 | BF18: 12-10 | BG18: 12-11 | BH18: 12-14 | BI18: 12-15 | BJ18: 12-16 | BK18: 12-17 | BL18: 12-18 | BM18: 12-21 | BN18: 12-22 | BO18: 12-23 | BP18: 12-24 | BQ18: 12-28 | BR18: 12-29 | BS18: 12-30 | BT18: 12-31 | BU18: 01-04 | BV18: 01-05 | BW18: 01-06 | BX18: 01-07 | BY18: 01-08 | BZ18: 01-11 | CA18: 01-12 | CB18: 01-13 | CC18: 01-14 | CD18: 01-15 | CE18: 01-19 | CF18: 01-20 | CG18: 01-21 | CH18: 01-22 | CI18: 01-25 | CJ18: 01-26 | CK18: 01-27 | CL18: 01-28 | CM18: 01-29 | CN18: 02-01 | CO18: 02-02 | CP18: 02-03 | CQ18: 02-04 | CR18: 02-05 | CS18: 02-08 | CT18: 02-09 | CU18: 02-10 | CV18: 02-11 | CW18: 02-12
A19: Retail Attention Overnight | B19: ='Pod by trading day'!C182 -> -19.56 | C19: ='Pod by trading day'!D182 | D19: ='Pod by trading day'!E182 | E19: ='Pod by trading day'!F182 | F19: ='Pod by trading day'!G182 | G19: ='Pod by trading day'!H182 | H19: ='Pod by trading day'!I182 | I19: ='Pod by trading day'!J182 | ... CW19: ='Pod by trading day'!CX182
A20: Post-Earnings Drift, Overnight Leg | B20: ='Pod by trading day'!C183 -> 11.704 | C20: ='Pod by trading day'!D183 | D20: ='Pod by trading day'!E183 | E20: ='Pod by trading day'!F183 | F20: ='Pod by trading day'!G183 | G20: ='Pod by trading day'!H183 | H20: ='Pod by trading day'!I183 | I20: ='Pod by trading day'!J183 | ... CW20: ='Pod by trading day'!CX183
A21: Intraday-to-Overnight Reversal | B21: ='Pod by trading day'!C184 -> 4.098 | C21: ='Pod by trading day'!D184 | D21: ='Pod by trading day'!E184 | E21: ='Pod by trading day'!F184 | F21: ='Pod by trading day'!G184 | G21: ='Pod by trading day'!H184 | H21: ='Pod by trading day'!I184 | I21: ='Pod by trading day'!J184 | ... CW21: ='Pod by trading day'!CX184
A22: Analyst Revision Momentum | B22: ='Pod by trading day'!C185 -> -2.965 | C22: ='Pod by trading day'!D185 | D22: ='Pod by trading day'!E185 | E22: ='Pod by trading day'!F185 | F22: ='Pod by trading day'!G185 | G22: ='Pod by trading day'!H185 | H22: ='Pod by trading day'!I185 | I22: ='Pod by trading day'!J185 | ... CW22: ='Pod by trading day'!CX185
A23: Clustered Insider Buying | B23: ='Pod by trading day'!C186 -> 2.143 | C23: ='Pod by trading day'!D186 | D23: ='Pod by trading day'!E186 | E23: ='Pod by trading day'!F186 | F23: ='Pod by trading day'!G186 | G23: ='Pod by trading day'!H186 | H23: ='Pod by trading day'!I186 | I23: ='Pod by trading day'!J186 | ... CW23: ='Pod by trading day'!CX186
A24: Same-Month Seasonality | B24: ='Pod by trading day'!C187 -> -21.574 | C24: ='Pod by trading day'!D187 | D24: ='Pod by trading day'!E187 | E24: ='Pod by trading day'!F187 | F24: ='Pod by trading day'!G187 | G24: ='Pod by trading day'!H187 | H24: ='Pod by trading day'!I187 | I24: ='Pod by trading day'!J187 | ... CW24: ='Pod by trading day'!CX187
A25: Quality at a Reasonable Price | B25: ='Pod by trading day'!C188 -> -0.086 | C25: ='Pod by trading day'!D188 | D25: ='Pod by trading day'!E188 | E25: ='Pod by trading day'!F188 | F25: ='Pod by trading day'!G188 | G25: ='Pod by trading day'!H188 | H25: ='Pod by trading day'!I188 | I25: ='Pod by trading day'!J188 | ... CW25: ='Pod by trading day'!CX188
A26: Residual Momentum | B26: ='Pod by trading day'!C189 -> 13.936 | C26: ='Pod by trading day'!D189 | D26: ='Pod by trading day'!E189 | E26: ='Pod by trading day'!F189 | F26: ='Pod by trading day'!G189 | G26: ='Pod by trading day'!H189 | H26: ='Pod by trading day'!I189 | I26: ='Pod by trading day'!J189 | ... CW26: ='Pod by trading day'!CX189
A27: Overnight Return Persistence | B27: ='Pod by trading day'!C190 -> 8.172 | C27: ='Pod by trading day'!D190 | D27: ='Pod by trading day'!E190 | E27: ='Pod by trading day'!F190 | F27: ='Pod by trading day'!G190 | G27: ='Pod by trading day'!H190 | H27: ='Pod by trading day'!I190 | I27: ='Pod by trading day'!J190 | ... CW27: ='Pod by trading day'!CX190
A28: 52-Week-High Anchoring | B28: ='Pod by trading day'!C191 -> 17.164 | C28: ='Pod by trading day'!D191 | D28: ='Pod by trading day'!E191 | E28: ='Pod by trading day'!F191 | F28: ='Pod by trading day'!G191 | G28: ='Pod by trading day'!H191 | H28: ='Pod by trading day'!I191 | I28: ='Pod by trading day'!J191 | ... CW28: ='Pod by trading day'!CX191
A47: LLM pods vs random pods, cumulative average (bps)
A48: line | B48: 09-22 | C48: 09-23 | D48: 09-24 | E48: 09-25 | F48: 09-28 | G48: 09-29 | H48: 09-30 | I48: 10-01 | J48: 10-02 | K48: 10-05 | L48: 10-06 | M48: 10-07 | N48: 10-08 | O48: 10-09 | P48: 10-12 | Q48: 10-13 | R48: 10-14 | S48: 10-15 | T48: 10-16 | U48: 10-19 | V48: 10-20 | W48: 10-21 | X48: 10-22 | Y48: 10-23 | Z48: 10-26 | AA48: 10-27 | AB48: 10-28 | AC48: 10-29 | AD48: 10-30 | AE48: 11-02 | AF48: 11-03 | AG48: 11-04 | AH48: 11-05 | AI48: 11-06 | AJ48: 11-09 | AK48: 11-10 | AL48: 11-11 | AM48: 11-12 | AN48: 11-13 | AO48: 11-16 | AP48: 11-17 | AQ48: 11-18 | AR48: 11-19 | AS48: 11-20 | AT48: 11-23 | AU48: 11-24 | AV48: 11-25 | AW48: 11-27 | AX48: 11-30 | AY48: 12-01 | AZ48: 12-02 | BA48: 12-03 | BB48: 12-04 | BC48: 12-07 | BD48: 12-08 | BE48: 12-09 | BF48: 12-10 | BG48: 12-11 | BH48: 12-14 | BI48: 12-15 | BJ48: 12-16 | BK48: 12-17 | BL48: 12-18 | BM48: 12-21 | BN48: 12-22 | BO48: 12-23 | BP48: 12-24 | BQ48: 12-28 | BR48: 12-29 | BS48: 12-30 | BT48: 12-31 | BU48: 01-04 | BV48: 01-05 | BW48: 01-06 | BX48: 01-07 | BY48: 01-08 | BZ48: 01-11 | CA48: 01-12 | CB48: 01-13 | CC48: 01-14 | CD48: 01-15 | CE48: 01-19 | CF48: 01-20 | CG48: 01-21 | CH48: 01-22 | CI48: 01-25 | CJ48: 01-26 | CK48: 01-27 | CL48: 01-28 | CM48: 01-29 | CN48: 02-01 | CO48: 02-02 | CP48: 02-03 | CQ48: 02-04 | CR48: 02-05 | CS48: 02-08 | CT48: 02-09 | CU48: 02-10 | CV48: 02-11 | CW48: 02-12
A49: LLM pods: cumulative average excess, bps | B49: ='Fund by trading day'!B7 -> 1.3032 | C49: ='Fund by trading day'!C7 | D49: ='Fund by trading day'!D7 | E49: ='Fund by trading day'!E7 | F49: ='Fund by trading day'!F7 | G49: ='Fund by trading day'!G7 | H49: ='Fund by trading day'!H7 | I49: ='Fund by trading day'!I7 | ... CW49: ='Fund by trading day'!CW7
A50: Random pods: cumulative average, bps | B50: ='Fund by trading day'!B8 -> 0.82685 | C50: ='Fund by trading day'!C8 | D50: ='Fund by trading day'!D8 | E50: ='Fund by trading day'!E8 | F50: ='Fund by trading day'!F8 | G50: ='Fund by trading day'!G8 | H50: ='Fund by trading day'!H8 | I50: ='Fund by trading day'!I8 | ... CW50: ='Fund by trading day'!CW8
A69: Daily average excess: LLM pods vs random (bps)
A70: line | B70: 09-22 | C70: 09-23 | D70: 09-24 | E70: 09-25 | F70: 09-28 | G70: 09-29 | H70: 09-30 | I70: 10-01 | J70: 10-02 | K70: 10-05 | L70: 10-06 | M70: 10-07 | N70: 10-08 | O70: 10-09 | P70: 10-12 | Q70: 10-13 | R70: 10-14 | S70: 10-15 | T70: 10-16 | U70: 10-19 | V70: 10-20 | W70: 10-21 | X70: 10-22 | Y70: 10-23 | Z70: 10-26 | AA70: 10-27 | AB70: 10-28 | AC70: 10-29 | AD70: 10-30 | AE70: 11-02 | AF70: 11-03 | AG70: 11-04 | AH70: 11-05 | AI70: 11-06 | AJ70: 11-09 | AK70: 11-10 | AL70: 11-11 | AM70: 11-12 | AN70: 11-13 | AO70: 11-16 | AP70: 11-17 | AQ70: 11-18 | AR70: 11-19 | AS70: 11-20 | AT70: 11-23 | AU70: 11-24 | AV70: 11-25 | AW70: 11-27 | AX70: 11-30 | AY70: 12-01 | AZ70: 12-02 | BA70: 12-03 | BB70: 12-04 | BC70: 12-07 | BD70: 12-08 | BE70: 12-09 | BF70: 12-10 | BG70: 12-11 | BH70: 12-14 | BI70: 12-15 | BJ70: 12-16 | BK70: 12-17 | BL70: 12-18 | BM70: 12-21 | BN70: 12-22 | BO70: 12-23 | BP70: 12-24 | BQ70: 12-28 | BR70: 12-29 | BS70: 12-30 | BT70: 12-31 | BU70: 01-04 | BV70: 01-05 | BW70: 01-06 | BX70: 01-07 | BY70: 01-08 | BZ70: 01-11 | CA70: 01-12 | CB70: 01-13 | CC70: 01-14 | CD70: 01-15 | CE70: 01-19 | CF70: 01-20 | CG70: 01-21 | CH70: 01-22 | CI70: 01-25 | CJ70: 01-26 | CK70: 01-27 | CL70: 01-28 | CM70: 01-29 | CN70: 02-01 | CO70: 02-02 | CP70: 02-03 | CQ70: 02-04 | CR70: 02-05 | CS70: 02-08 | CT70: 02-09 | CU70: 02-10 | CV70: 02-11 | CW70: 02-12
A71: LLM pods: average excess, bps | B71: ='Fund by trading day'!B2 -> 1.3032 | C71: ='Fund by trading day'!C2 | D71: ='Fund by trading day'!D2 | E71: ='Fund by trading day'!E2 | F71: ='Fund by trading day'!F2 | G71: ='Fund by trading day'!G2 | H71: ='Fund by trading day'!H2 | I71: ='Fund by trading day'!I2 | ... CW71: ='Fund by trading day'!CW2
A72: Random pods: average, bps | B72: ='Fund by trading day'!B5 -> 0.82685 | C72: ='Fund by trading day'!C5 | D72: ='Fund by trading day'!D5 | E72: ='Fund by trading day'!E5 | F72: ='Fund by trading day'!F5 | G72: ='Fund by trading day'!G5 | H72: ='Fund by trading day'!H5 | I72: ='Fund by trading day'!I5 | ... CW72: ='Fund by trading day'!CW5
A73: Random pods: best, bps | B73: ='Fund by trading day'!B6 -> 13.888 | C73: ='Fund by trading day'!C6 | D73: ='Fund by trading day'!D6 | E73: ='Fund by trading day'!E6 | F73: ='Fund by trading day'!F6 | G73: ='Fund by trading day'!G6 | H73: ='Fund by trading day'!H6 | I73: ='Fund by trading day'!I6 | ... CW73: ='Fund by trading day'!CW6
A92: Leaderboard: skill is t-stat >= 3 and z vs random >= 2.33
A93: pod | B93: Evaluated days | C93: Mean sector-neutral excess, bps/day | D93: Cumulative excess, bps | E93: t-stat | F93: Mean net of costs, bps/day | G93: Hit rate | H93: Mean IC | I93: Close-to-close sector-neutral excess, bps/day | J93: z-score vs random pods | K93: Days needed to reach the t threshold at this mean and sd | L93: Projected cumulative excess at horizon, bps | M93: Meets the skill bar (1 = yes)
A94: worst 100 by yesterday's close-to-close return | B94: ='Pod summary (leaderboard)'!B2 -> 1 | C94: ='Pod summary (leaderboard)'!B3 -> 13.654 | D94: ='Pod summary (leaderboard)'!B4 -> 13.654 | E94: ='Pod summary (leaderboard)'!B11 | F94: ='Pod summary (leaderboard)'!B5 -> 27.379 | G94: ='Pod summary (leaderboard)'!B6 -> 0.67 | H94: ='Pod summary (leaderboard)'!B7 -> 0.0962 | I94: ='Pod summary (leaderboard)'!B8 | J94: ='Pod summary (leaderboard)'!B13 -> 2.0238564 | K94: ='Pod summary (leaderboard)'!B14 | L94: ='Pod summary (leaderboard)'!B15 -> 1365.4 | M94: ='Pod summary (leaderboard)'!B16 -> 0
A95: lowest 100 by 60-day volatility | B95: ='Pod summary (leaderboard)'!C2 -> 1 | C95: ='Pod summary (leaderboard)'!C3 -> 12.648 | D95: ='Pod summary (leaderboard)'!C4 -> 12.648 | E95: ='Pod summary (leaderboard)'!C11 | F95: ='Pod summary (leaderboard)'!C5 -> -14.709 | G95: ='Pod summary (leaderboard)'!C6 -> 0.44 | H95: ='Pod summary (leaderboard)'!C7 -> -0.0239 | I95: ='Pod summary (leaderboard)'!C8 | J95: ='Pod summary (leaderboard)'!C13 -> 1.8651306 | K95: ='Pod summary (leaderboard)'!C14 | L95: ='Pod summary (leaderboard)'!C15 -> 1264.8 | M95: ='Pod summary (leaderboard)'!C16 -> 0
A96: largest 100 by market cap | B96: ='Pod summary (leaderboard)'!D2 -> 1 | C96: ='Pod summary (leaderboard)'!D3 -> 4.751 | D96: ='Pod summary (leaderboard)'!D4 -> 4.751 | E96: ='Pod summary (leaderboard)'!D11 | F96: ='Pod summary (leaderboard)'!D5 -> 4.964 | G96: ='Pod summary (leaderboard)'!D6 -> 0.64 | H96: ='Pod summary (leaderboard)'!D7 -> 0.0763 | I96: ='Pod summary (leaderboard)'!D8 | J96: ='Pod summary (leaderboard)'!D13 -> 0.61914893 | K96: ='Pod summary (leaderboard)'!D14 | L96: ='Pod summary (leaderboard)'!D15 -> 475.1 | M96: ='Pod summary (leaderboard)'!D16 -> 0
A97: top 100 by 12-1 month return | B97: ='Pod summary (leaderboard)'!E2 -> 1 | C97: ='Pod summary (leaderboard)'!E3 -> -23.532 | D97: ='Pod summary (leaderboard)'!E4 -> -23.532 | E97: ='Pod summary (leaderboard)'!E11 | F97: ='Pod summary (leaderboard)'!E5 -> -12.603 | G97: ='Pod summary (leaderboard)'!E6 -> 0.51 | H97: ='Pod summary (leaderboard)'!E7 -> 0.0517 | I97: ='Pod summary (leaderboard)'!E8 | J97: ='Pod summary (leaderboard)'!E13 -> -3.8433179 | K97: ='Pod summary (leaderboard)'!E14 | L97: ='Pod summary (leaderboard)'!E15 -> -2353.2 | M97: ='Pod summary (leaderboard)'!E16 -> 0
A98: best 100 by yesterday's close-to-close return | B98: ='Pod summary (leaderboard)'!F2 -> 1 | C98: ='Pod summary (leaderboard)'!F3 -> -14.463 | D98: ='Pod summary (leaderboard)'!F4 -> -14.463 | E98: ='Pod summary (leaderboard)'!F11 | F98: ='Pod summary (leaderboard)'!F5 -> -5.67 | G98: ='Pod summary (leaderboard)'!F6 -> 0.5758 | H98: ='Pod summary (leaderboard)'!F7 -> -0.0962 | I98: ='Pod summary (leaderboard)'!F8 | J98: ='Pod summary (leaderboard)'!F13 -> -2.412419 | K98: ='Pod summary (leaderboard)'!F14 | L98: ='Pod summary (leaderboard)'!F15 -> -1446.3 | M98: ='Pod summary (leaderboard)'!F16 -> 0
A99: Retail Attention Overnight | B99: ='Pod summary (leaderboard)'!G2 -> 1 | C99: ='Pod summary (leaderboard)'!G3 -> -19.56 | D99: ='Pod summary (leaderboard)'!G4 -> -19.56 | E99: ='Pod summary (leaderboard)'!G11 | F99: ='Pod summary (leaderboard)'!G5 -> -27.227 | G99: ='Pod summary (leaderboard)'!G6 -> 0.404 | H99: ='Pod summary (leaderboard)'!G7 -> -0.0688 | I99: ='Pod summary (leaderboard)'!G8 | J99: ='Pod summary (leaderboard)'!G13 -> -3.2166192 | K99: ='Pod summary (leaderboard)'!G14 | L99: ='Pod summary (leaderboard)'!G15 -> -1956 | M99: ='Pod summary (leaderboard)'!G16 -> 0
A100: Post-Earnings Drift, Overnight Leg | B100: ='Pod summary (leaderboard)'!H2 -> 1 | C100: ='Pod summary (leaderboard)'!H3 -> 11.704 | D100: ='Pod summary (leaderboard)'!H4 -> 11.704 | E100: ='Pod summary (leaderboard)'!H11 | F100: ='Pod summary (leaderboard)'!H5 -> 5.229 | G100: ='Pod summary (leaderboard)'!H6 -> 0.53 | H100: ='Pod summary (leaderboard)'!H7 -> -0.1282 | I100: ='Pod summary (leaderboard)'!H8 | J100: ='Pod summary (leaderboard)'!H13 -> 1.7161871 | K100: ='Pod summary (leaderboard)'!H14 | L100: ='Pod summary (leaderboard)'!H15 -> 1170.4 | M100: ='Pod summary (leaderboard)'!H16 -> 0
A101: Intraday-to-Overnight Reversal | B101: ='Pod summary (leaderboard)'!I2 -> 1 | C101: ='Pod summary (leaderboard)'!I3 -> 4.098 | D101: ='Pod summary (leaderboard)'!I4 -> 4.098 | E101: ='Pod summary (leaderboard)'!I11 | F101: ='Pod summary (leaderboard)'!I5 -> -7.453 | G101: ='Pod summary (leaderboard)'!I6 -> 0.53 | H101: ='Pod summary (leaderboard)'!I7 -> 0.0638 | I101: ='Pod summary (leaderboard)'!I8 | J101: ='Pod summary (leaderboard)'!I13 -> 0.51611916 | K101: ='Pod summary (leaderboard)'!I14 | L101: ='Pod summary (leaderboard)'!I15 -> 409.8 | M101: ='Pod summary (leaderboard)'!I16 -> 0
A102: Analyst Revision Momentum | B102: ='Pod summary (leaderboard)'!J2 -> 1 | C102: ='Pod summary (leaderboard)'!J3 -> -2.965 | D102: ='Pod summary (leaderboard)'!J4 -> -2.965 | E102: ='Pod summary (leaderboard)'!J11 | F102: ='Pod summary (leaderboard)'!J5 -> -16.285 | G102: ='Pod summary (leaderboard)'!J6 -> 0.49 | H102: ='Pod summary (leaderboard)'!J7 -> 0.074 | I102: ='Pod summary (leaderboard)'!J8 | J102: ='Pod summary (leaderboard)'!J13 -> -0.59827475 | K102: ='Pod summary (leaderboard)'!J14 | L102: ='Pod summary (leaderboard)'!J15 -> -296.5 | M102: ='Pod summary (leaderboard)'!J16 -> 0
A103: Clustered Insider Buying | B103: ='Pod summary (leaderboard)'!K2 -> 1 | C103: ='Pod summary (leaderboard)'!K3 -> 2.143 | D103: ='Pod summary (leaderboard)'!K4 -> 2.143 | E103: ='Pod summary (leaderboard)'!K11 | F103: ='Pod summary (leaderboard)'!K5 -> 4.195 | G103: ='Pod summary (leaderboard)'!K6 -> 0.53 | H103: ='Pod summary (leaderboard)'!K7 -> -0.0244 | I103: ='Pod summary (leaderboard)'!K8 | J103: ='Pod summary (leaderboard)'!K13 -> 0.20766099 | K103: ='Pod summary (leaderboard)'!K14 | L103: ='Pod summary (leaderboard)'!K15 -> 214.3 | M103: ='Pod summary (leaderboard)'!K16 -> 0
A104: Same-Month Seasonality | B104: ='Pod summary (leaderboard)'!L2 -> 1 | C104: ='Pod summary (leaderboard)'!L3 -> -21.574 | D104: ='Pod summary (leaderboard)'!L4 -> -21.574 | E104: ='Pod summary (leaderboard)'!L11 | F104: ='Pod summary (leaderboard)'!L5 -> -18.298 | G104: ='Pod summary (leaderboard)'!L6 -> 0.5 | H104: ='Pod summary (leaderboard)'!L7 -> 0.0123 | I104: ='Pod summary (leaderboard)'!L8 | J104: ='Pod summary (leaderboard)'!L13 -> -3.5343864 | K104: ='Pod summary (leaderboard)'!L14 | L104: ='Pod summary (leaderboard)'!L15 -> -2157.4 | M104: ='Pod summary (leaderboard)'!L16 -> 0
A105: Quality at a Reasonable Price | B105: ='Pod summary (leaderboard)'!M2 -> 1 | C105: ='Pod summary (leaderboard)'!M3 -> -0.086 | D105: ='Pod summary (leaderboard)'!M4 -> -0.086 | E105: ='Pod summary (leaderboard)'!M11 | F105: ='Pod summary (leaderboard)'!M5 -> 0.19 | G105: ='Pod summary (leaderboard)'!M6 -> 0.63 | H105: ='Pod summary (leaderboard)'!M7 -> 0.1021 | I105: ='Pod summary (leaderboard)'!M8 | J105: ='Pod summary (leaderboard)'!M13 -> -0.14402867 | K105: ='Pod summary (leaderboard)'!M14 | L105: ='Pod summary (leaderboard)'!M15 -> -8.6 | M105: ='Pod summary (leaderboard)'!M16 -> 0
A106: Residual Momentum | B106: ='Pod summary (leaderboard)'!N2 -> 1 | C106: ='Pod summary (leaderboard)'!N3 -> 13.936 | D106: ='Pod summary (leaderboard)'!N4 -> 13.936 | E106: ='Pod summary (leaderboard)'!N11 | F106: ='Pod summary (leaderboard)'!N5 -> 4.833 | G106: ='Pod summary (leaderboard)'!N6 -> 0.53 | H106: ='Pod summary (leaderboard)'!N7 -> 0.1171 | I106: ='Pod summary (leaderboard)'!N8 | J106: ='Pod summary (leaderboard)'!N13 -> 2.0683501 | K106: ='Pod summary (leaderboard)'!N14 | L106: ='Pod summary (leaderboard)'!N15 -> 1393.6 | M106: ='Pod summary (leaderboard)'!N16 -> 0
A107: Overnight Return Persistence | B107: ='Pod summary (leaderboard)'!O2 -> 1 | C107: ='Pod summary (leaderboard)'!O3 -> 8.172 | D107: ='Pod summary (leaderboard)'!O4 -> 8.172 | E107: ='Pod summary (leaderboard)'!O11 | F107: ='Pod summary (leaderboard)'!O5 -> -8.522 | G107: ='Pod summary (leaderboard)'!O6 -> 0.56 | H107: ='Pod summary (leaderboard)'!O7 -> 0.0133 | I107: ='Pod summary (leaderboard)'!O8 | J107: ='Pod summary (leaderboard)'!O13 -> 1.1589113 | K107: ='Pod summary (leaderboard)'!O14 | L107: ='Pod summary (leaderboard)'!O15 -> 817.2 | M107: ='Pod summary (leaderboard)'!O16 -> 0
A108: 52-Week-High Anchoring | B108: ='Pod summary (leaderboard)'!P2 -> 1 | C108: ='Pod summary (leaderboard)'!P3 -> 17.164 | D108: ='Pod summary (leaderboard)'!P4 -> 17.164 | E108: ='Pod summary (leaderboard)'!P11 | F108: ='Pod summary (leaderboard)'!P5 -> 29.111 | G108: ='Pod summary (leaderboard)'!P6 -> 0.78 | H108: ='Pod summary (leaderboard)'!P7 -> 0.149 | I108: ='Pod summary (leaderboard)'!P8 | J108: ='Pod summary (leaderboard)'!P13 -> 2.5776611 | K108: ='Pod summary (leaderboard)'!P14 | L108: ='Pod summary (leaderboard)'!P15 -> 1716.4 | M108: ='Pod summary (leaderboard)'!P16 -> 0
A109: Random 1 | B109: ='Pod summary (leaderboard)'!Q2 -> 1 | C109: ='Pod summary (leaderboard)'!Q3 -> -4.097 | D109: ='Pod summary (leaderboard)'!Q4 -> -4.097 | E109: ='Pod summary (leaderboard)'!Q11 | F109: ='Pod summary (leaderboard)'!Q5 -> -12.933 | G109: ='Pod summary (leaderboard)'!Q6 -> 0.48 | H109: ='Pod summary (leaderboard)'!Q7 -> 0.0364 | I109: ='Pod summary (leaderboard)'!Q8 | J109: ='Pod summary (leaderboard)'!Q13 -> -0.77688071 | K109: ='Pod summary (leaderboard)'!Q14 | L109: ='Pod summary (leaderboard)'!Q15 -> -409.7 | M109: ='Pod summary (leaderboard)'!Q16 -> 0
A110: Random 2 | B110: ='Pod summary (leaderboard)'!R2 -> 1 | C110: ='Pod summary (leaderboard)'!R3 -> 0.703 | D110: ='Pod summary (leaderboard)'!R4 -> 0.703 | E110: ='Pod summary (leaderboard)'!R11 | F110: ='Pod summary (leaderboard)'!R5 -> -12.049 | G110: ='Pod summary (leaderboard)'!R6 -> 0.49 | H110: ='Pod summary (leaderboard)'!R7 -> 0.0008 | I110: ='Pod summary (leaderboard)'!R8 | J110: ='Pod summary (leaderboard)'!R13 -> -0.019540944 | K110: ='Pod summary (leaderboard)'!R14 | L110: ='Pod summary (leaderboard)'!R15 -> 70.3 | M110: ='Pod summary (leaderboard)'!R16 -> 0
A111: Random 3 | B111: ='Pod summary (leaderboard)'!S2 -> 1 | C111: ='Pod summary (leaderboard)'!S3 -> 4.62 | D111: ='Pod summary (leaderboard)'!S4 -> 4.62 | E111: ='Pod summary (leaderboard)'!S11 | F111: ='Pod summary (leaderboard)'!S5 -> -4.1 | G111: ='Pod summary (leaderboard)'!S6 -> 0.55 | H111: ='Pod summary (leaderboard)'!S7 -> 0.0242 | I111: ='Pod summary (leaderboard)'!S8 | J111: ='Pod summary (leaderboard)'!S13 -> 0.59847986 | K111: ='Pod summary (leaderboard)'!S14 | L111: ='Pod summary (leaderboard)'!S15 -> 462 | M111: ='Pod summary (leaderboard)'!S16 -> 0
A112: Random 4 | B112: ='Pod summary (leaderboard)'!T2 -> 1 | C112: ='Pod summary (leaderboard)'!T3 -> -1.755 | D112: ='Pod summary (leaderboard)'!T4 -> -1.755 | E112: ='Pod summary (leaderboard)'!T11 | F112: ='Pod summary (leaderboard)'!T5 -> -15.497 | G112: ='Pod summary (leaderboard)'!T6 -> 0.47 | H112: ='Pod summary (leaderboard)'!T7 -> -0.0556 | I112: ='Pod summary (leaderboard)'!T8 | J112: ='Pod summary (leaderboard)'!T13 -> -0.40736202 | K112: ='Pod summary (leaderboard)'!T14 | L112: ='Pod summary (leaderboard)'!T15 -> -175.5 | M112: ='Pod summary (leaderboard)'!T16 -> 0
A113: Random 5 | B113: ='Pod summary (leaderboard)'!U2 -> 1 | C113: ='Pod summary (leaderboard)'!U3 -> 8.485 | D113: ='Pod summary (leaderboard)'!U4 -> 8.485 | E113: ='Pod summary (leaderboard)'!U11 | F113: ='Pod summary (leaderboard)'!U5 -> -7.258 | G113: ='Pod summary (leaderboard)'!U6 -> 0.45 | H113: ='Pod summary (leaderboard)'!U7 -> 0.0179 | I113: ='Pod summary (leaderboard)'!U8 | J113: ='Pod summary (leaderboard)'!U13 -> 1.2082962 | K113: ='Pod summary (leaderboard)'!U14 | L113: ='Pod summary (leaderboard)'!U15 -> 848.5 | M113: ='Pod summary (leaderboard)'!U16 -> 0
A114: Random 6 | B114: ='Pod summary (leaderboard)'!V2 -> 1 | C114: ='Pod summary (leaderboard)'!V3 -> -3.004 | D114: ='Pod summary (leaderboard)'!V4 -> -3.004 | E114: ='Pod summary (leaderboard)'!V11 | F114: ='Pod summary (leaderboard)'!V5 -> -13.953 | G114: ='Pod summary (leaderboard)'!V6 -> 0.52 | H114: ='Pod summary (leaderboard)'!V7 -> -0.0092 | I114: ='Pod summary (leaderboard)'!V8 | J114: ='Pod summary (leaderboard)'!V13 -> -0.60442813 | K114: ='Pod summary (leaderboard)'!V14 | L114: ='Pod summary (leaderboard)'!V15 -> -300.4 | M114: ='Pod summary (leaderboard)'!V16 -> 0
A115: Random 7 | B115: ='Pod summary (leaderboard)'!W2 -> 1 | C115: ='Pod summary (leaderboard)'!W3 -> -3.263 | D115: ='Pod summary (leaderboard)'!W4 -> -3.263 | E115: ='Pod summary (leaderboard)'!W11 | F115: ='Pod summary (leaderboard)'!W5 -> -9.805 | G115: ='Pod summary (leaderboard)'!W6 -> 0.52 | H115: ='Pod summary (leaderboard)'!W7 -> 0.0337 | I115: ='Pod summary (leaderboard)'!W8 | J115: ='Pod summary (leaderboard)'!W13 -> -0.64529292 | K115: ='Pod summary (leaderboard)'!W14 | L115: ='Pod summary (leaderboard)'!W15 -> -326.3 | M115: ='Pod summary (leaderboard)'!W16 -> 0
A116: Random 8 | B116: ='Pod summary (leaderboard)'!X2 -> 1 | C116: ='Pod summary (leaderboard)'!X3 -> 3.133 | D116: ='Pod summary (leaderboard)'!X4 -> 3.133 | E116: ='Pod summary (leaderboard)'!X11 | F116: ='Pod summary (leaderboard)'!X5 -> -4.538 | G116: ='Pod summary (leaderboard)'!X6 -> 0.5 | H116: ='Pod summary (leaderboard)'!X7 -> -0.021 | I116: ='Pod summary (leaderboard)'!X8 | J116: ='Pod summary (leaderboard)'!X13 -> 0.36386231 | K116: ='Pod summary (leaderboard)'!X14 | L116: ='Pod summary (leaderboard)'!X15 -> 313.3 | M116: ='Pod summary (leaderboard)'!X16 -> 0
A117: Random 9 | B117: ='Pod summary (leaderboard)'!Y2 -> 1 | C117: ='Pod summary (leaderboard)'!Y3 -> -3.328 | D117: ='Pod summary (leaderboard)'!Y4 -> -3.328 | E117: ='Pod summary (leaderboard)'!Y11 | F117: ='Pod summary (leaderboard)'!Y5 -> -10.968 | G117: ='Pod summary (leaderboard)'!Y6 -> 0.44 | H117: ='Pod summary (leaderboard)'!Y7 -> 0.057 | I117: ='Pod summary (leaderboard)'!Y8 | J117: ='Pod summary (leaderboard)'!Y13 -> -0.65554857 | K117: ='Pod summary (leaderboard)'!Y14 | L117: ='Pod summary (leaderboard)'!Y15 -> -332.8 | M117: ='Pod summary (leaderboard)'!Y16 -> 0
A118: Random 10 | B118: ='Pod summary (leaderboard)'!Z2 -> 1 | C118: ='Pod summary (leaderboard)'!Z3 -> 4.866 | D118: ='Pod summary (leaderboard)'!Z4 -> 4.866 | E118: ='Pod summary (leaderboard)'!Z11 | F118: ='Pod summary (leaderboard)'!Z5 -> -6.351 | G118: ='Pod summary (leaderboard)'!Z6 -> 0.47 | H118: ='Pod summary (leaderboard)'!Z7 -> -0.0459 | I118: ='Pod summary (leaderboard)'!Z8 | J118: ='Pod summary (leaderboard)'!Z13 -> 0.63729352 | K118: ='Pod summary (leaderboard)'!Z14 | L118: ='Pod summary (leaderboard)'!Z15 -> 486.6 | M118: ='Pod summary (leaderboard)'!Z16 -> 0
A119: Random 11 | B119: ='Pod summary (leaderboard)'!AA2 -> 1 | C119: ='Pod summary (leaderboard)'!AA3 -> 13.888 | D119: ='Pod summary (leaderboard)'!AA4 -> 13.888 | E119: ='Pod summary (leaderboard)'!AA11 | F119: ='Pod summary (leaderboard)'!AA5 -> 1.501 | G119: ='Pod summary (leaderboard)'!AA6 -> 0.56 | H119: ='Pod summary (leaderboard)'!AA7 -> 0.0314 | I119: ='Pod summary (leaderboard)'!AA8 | J119: ='Pod summary (leaderboard)'!AA13 -> 2.0607767 | K119: ='Pod summary (leaderboard)'!AA14 | L119: ='Pod summary (leaderboard)'!AA15 -> 1388.8 | M119: ='Pod summary (leaderboard)'!AA16 -> 0
A120: Random 12 | B120: ='Pod summary (leaderboard)'!AB2 -> 1 | C120: ='Pod summary (leaderboard)'!AB3 -> -0.503 | D120: ='Pod summary (leaderboard)'!AB4 -> -0.503 | E120: ='Pod summary (leaderboard)'!AB11 | F120: ='Pod summary (leaderboard)'!AB5 -> -9.263 | G120: ='Pod summary (leaderboard)'!AB6 -> 0.52 | H120: ='Pod summary (leaderboard)'!AB7 -> 0.0119 | I120: ='Pod summary (leaderboard)'!AB8 | J120: ='Pod summary (leaderboard)'!AB13 -> -0.20982256 | K120: ='Pod summary (leaderboard)'!AB14 | L120: ='Pod summary (leaderboard)'!AB15 -> -50.3 | M120: ='Pod summary (leaderboard)'!AB16 -> 0
A121: Random 13 | B121: ='Pod summary (leaderboard)'!AC2 -> 1 | C121: ='Pod summary (leaderboard)'!AC3 -> -8.316 | D121: ='Pod summary (leaderboard)'!AC4 -> -8.316 | E121: ='Pod summary (leaderboard)'!AC11 | F121: ='Pod summary (leaderboard)'!AC5 -> -13.194 | G121: ='Pod summary (leaderboard)'!AC6 -> 0.56 | H121: ='Pod summary (leaderboard)'!AC7 -> 0.026 | I121: ='Pod summary (leaderboard)'!AC8 | J121: ='Pod summary (leaderboard)'!AC13 -> -1.4425508 | K121: ='Pod summary (leaderboard)'!AC14 | L121: ='Pod summary (leaderboard)'!AC15 -> -831.6 | M121: ='Pod summary (leaderboard)'!AC16 -> 0
A122: Random 14 | B122: ='Pod summary (leaderboard)'!AD2 -> 1 | C122: ='Pod summary (leaderboard)'!AD3 -> 1.692 | D122: ='Pod summary (leaderboard)'!AD4 -> 1.692 | E122: ='Pod summary (leaderboard)'!AD11 | F122: ='Pod summary (leaderboard)'!AD5 -> -5.273 | G122: ='Pod summary (leaderboard)'!AD6 -> 0.6263 | H122: ='Pod summary (leaderboard)'!AD7 -> 0.0579 | I122: ='Pod summary (leaderboard)'!AD8 | J122: ='Pod summary (leaderboard)'!AD13 -> 0.1365026 | K122: ='Pod summary (leaderboard)'!AD14 | L122: ='Pod summary (leaderboard)'!AD15 -> 169.2 | M122: ='Pod summary (leaderboard)'!AD16 -> 0
A123: Random 15 | B123: ='Pod summary (leaderboard)'!AE2 -> 1 | C123: ='Pod summary (leaderboard)'!AE3 -> -13.795 | D123: ='Pod summary (leaderboard)'!AE4 -> -13.795 | E123: ='Pod summary (leaderboard)'!AE11 | F123: ='Pod summary (leaderboard)'!AE5 -> -21.721 | G123: ='Pod summary (leaderboard)'!AE6 -> 0.4 | H123: ='Pod summary (leaderboard)'!AE7 -> -0.0193 | I123: ='Pod summary (leaderboard)'!AE8 | J123: ='Pod summary (leaderboard)'!AE13 -> -2.3070226 | K123: ='Pod summary (leaderboard)'!AE14 | L123: ='Pod summary (leaderboard)'!AE15 -> -1379.5 | M123: ='Pod summary (leaderboard)'!AE16 -> 0
A124: Random 16 | B124: ='Pod summary (leaderboard)'!AF2 -> 1 | C124: ='Pod summary (leaderboard)'!AF3 -> -1.212 | D124: ='Pod summary (leaderboard)'!AF4 -> -1.212 | E124: ='Pod summary (leaderboard)'!AF11 | F124: ='Pod summary (leaderboard)'!AF5 -> -11.774 | G124: ='Pod summary (leaderboard)'!AF6 -> 0.52 | H124: ='Pod summary (leaderboard)'!AF7 -> -0.0384 | I124: ='Pod summary (leaderboard)'!AF8 | J124: ='Pod summary (leaderboard)'!AF13 -> -0.32168795 | K124: ='Pod summary (leaderboard)'!AF14 | L124: ='Pod summary (leaderboard)'!AF15 -> -121.2 | M124: ='Pod summary (leaderboard)'!AF16 -> 0
A125: Random 17 | B125: ='Pod summary (leaderboard)'!AG2 -> 1 | C125: ='Pod summary (leaderboard)'!AG3 -> -2.98 | D125: ='Pod summary (leaderboard)'!AG4 -> -2.98 | E125: ='Pod summary (leaderboard)'!AG11 | F125: ='Pod summary (leaderboard)'!AG5 -> -13.443 | G125: ='Pod summary (leaderboard)'!AG6 -> 0.45 | H125: ='Pod summary (leaderboard)'!AG7 -> -0.0086 | I125: ='Pod summary (leaderboard)'!AG8 | J125: ='Pod summary (leaderboard)'!AG13 -> -0.60064143 | K125: ='Pod summary (leaderboard)'!AG14 | L125: ='Pod summary (leaderboard)'!AG15 -> -298 | M125: ='Pod summary (leaderboard)'!AG16 -> 0
A126: Random 18 | B126: ='Pod summary (leaderboard)'!AH2 -> 1 | C126: ='Pod summary (leaderboard)'!AH3 -> 10.83 | D126: ='Pod summary (leaderboard)'!AH4 -> 10.83 | E126: ='Pod summary (leaderboard)'!AH11 | F126: ='Pod summary (leaderboard)'!AH5 -> -1.81 | G126: ='Pod summary (leaderboard)'!AH6 -> 0.51 | H126: ='Pod summary (leaderboard)'!AH7 -> 0.007 | I126: ='Pod summary (leaderboard)'!AH8 | J126: ='Pod summary (leaderboard)'!AH13 -> 1.5782882 | K126: ='Pod summary (leaderboard)'!AH14 | L126: ='Pod summary (leaderboard)'!AH15 -> 1083 | M126: ='Pod summary (leaderboard)'!AH16 -> 0
A127: Random 19 | B127: ='Pod summary (leaderboard)'!AI2 -> 1 | C127: ='Pod summary (leaderboard)'!AI3 -> 5.56 | D127: ='Pod summary (leaderboard)'!AI4 -> 5.56 | E127: ='Pod summary (leaderboard)'!AI11 | F127: ='Pod summary (leaderboard)'!AI5 -> -8.638 | G127: ='Pod summary (leaderboard)'!AI6 -> 0.51 | H127: ='Pod summary (leaderboard)'!AI7 -> -0.0102 | I127: ='Pod summary (leaderboard)'!AI8 | J127: ='Pod summary (leaderboard)'!AI13 -> 0.74679223 | K127: ='Pod summary (leaderboard)'!AI14 | L127: ='Pod summary (leaderboard)'!AI15 -> 556 | M127: ='Pod summary (leaderboard)'!AI16 -> 0
A128: Random 20 | B128: ='Pod summary (leaderboard)'!AJ2 -> 1 | C128: ='Pod summary (leaderboard)'!AJ3 -> 5.013 | D128: ='Pod summary (leaderboard)'!AJ4 -> 5.013 | E128: ='Pod summary (leaderboard)'!AJ11 | F128: ='Pod summary (leaderboard)'!AJ5 -> -4.861 | G128: ='Pod summary (leaderboard)'!AJ6 -> 0.45 | H128: ='Pod summary (leaderboard)'!AJ7 -> -0.0314 | I128: ='Pod summary (leaderboard)'!AJ8 | J128: ='Pod summary (leaderboard)'!AJ13 -> 0.66048705 | K128: ='Pod summary (leaderboard)'!AJ14 | L128: ='Pod summary (leaderboard)'!AJ15 -> 501.3 | M128: ='Pod summary (leaderboard)'!AJ16 -> 0
A130: Fund and null distribution
A131: line | B131: value
A132: Evaluated trading days | B132: ='Fund and null distribution'!B2 -> 1
A133: LLM pods | B133: ='Fund and null distribution'!B3 -> 10
A134: Random pods | B134: ='Fund and null distribution'!B4 -> 20
A135: LLM pods: mean excess, bps/day | B135: ='Fund and null distribution'!B5 -> 1.3032
A136: LLM pods: best mean, bps/day | B136: ='Fund and null distribution'!B6 -> 17.164
A137: LLM pods: best t-stat | B137: ='Fund and null distribution'!B7
A138: Random pods: mean, bps/day | B138: ='Fund and null distribution'!B8 -> 0.82685
A139: Random pods: mean of squared means | B139: ='Fund and null distribution'!B9 -> 40.8536
A140: Random pods: sd of means, bps/day | B140: ='Fund and null distribution'!B10 -> 6.3379743
A141: Random pods: best mean, bps/day | B141: ='Fund and null distribution'!B11 -> 13.888
A142: Random pods: best t-stat | B142: ='Fund and null distribution'!B12
A143: Naive pods: best mean, bps/day | B143: ='Fund and null distribution'!B13 -> 13.654
... A149: Sharing pods: mean, bps/day | B149: ='Fund and null distribution'!B19 -> -0.50575
A151: Every cell on this sheet refers to the statement sheets; edit inputs there (blue) and this dashboard follows.

Sheet Operations and cost
A1: Assumptions: edit prices, cost, thresholds, notional | B1: Inputs: edit the blue cells on the 'Assumptions (edit)' sheet; this table follows them.
A2: line | B2: value
A3: LLM price, $ per M input tokens | B3: ='Assumptions (edit)'!B2 -> 0.25
A4: LLM price, $ per M output tokens | B4: ='Assumptions (edit)'!B3 -> 0.69
A5: Assumed round-trip cost, bps | B5: ='Assumptions (edit)'!B4 -> 10
A6: t-stat required to call it skill | B6: ='Assumptions (edit)'!B5 -> 3
A7: Watch horizon, trading days | B7: ='Assumptions (edit)'!B6 -> 100
A8: Notional per pod, $ | B8: ='Assumptions (edit)'!B7 -> 100000
A10: Fund by month
A11: line | B11: Sep-26 | C11: Oct-26 | D11: Nov-26 | E11: Dec-26 | F11: Jan-27 | G11: Feb-27
A12: Trading days in horizon | B12: ='Fund by month'!B2 -> 7 | C12: ='Fund by month'!C2 -> 22 | D12: ='Fund by month'!D2 -> 20 | E12: ='Fund by month'!E2 -> 22 | F12: ='Fund by month'!F2 -> 19 | G12: ='Fund by month'!G2 -> 10
A13: Evaluated days | B13: ='Fund by month'!B3 -> 1 | C13: ='Fund by month'!C3 -> 0 | D13: ='Fund by month'!D3 -> 0 | E13: ='Fund by month'!E3 -> 0 | F13: ='Fund by month'!F3 -> 0 | G13: ='Fund by month'!G3 -> 0
A14: LLM pods: average excess, bps/day | B14: ='Fund by month'!B4 -> 1.3032 | C14: ='Fund by month'!C4 | D14: ='Fund by month'!D4 | E14: ='Fund by month'!E4 | F14: ='Fund by month'!F4 | G14: ='Fund by month'!G4
A15: Random pods: average, bps/day | B15: ='Fund by month'!B5 -> 0.82685 | C15: ='Fund by month'!C5 | D15: ='Fund by month'!D5 | E15: ='Fund by month'!E5 | F15: ='Fund by month'!F5 | G15: ='Fund by month'!G5
A16: LLM cost, $ | B16: ='Fund by month'!B6 -> 0.97179068 | C16: ='Fund by month'!C6 -> 0 | D16: ='Fund by month'!D6 -> 0 | E16: ='Fund by month'!E6 -> 0 | F16: ='Fund by month'!F6 -> 0 | G16: ='Fund by month'!G6 -> 0
A17: FMP calls | B17: ='Fund by month'!B7 -> 16847 | C17: ='Fund by month'!C7 -> 0 | D17: ='Fund by month'!D7 -> 0 | E17: ='Fund by month'!E7 -> 0 | F17: ='Fund by month'!F7 -> 0 | G17: ='Fund by month'!G7 -> 0
A19: LLM cost per trading day ($)
A20: line | B20: 09-22 | C20: 09-23 | D20: 09-24 | E20: 09-25 | F20: 09-28 | G20: 09-29 | H20: 09-30 | I20: 10-01 | J20: 10-02 | K20: 10-05 | L20: 10-06 | M20: 10-07 | N20: 10-08 | O20: 10-09 | P20: 10-12 | Q20: 10-13 | R20: 10-14 | S20: 10-15 | T20: 10-16 | U20: 10-19 | V20: 10-20 | W20: 10-21 | X20: 10-22 | Y20: 10-23 | Z20: 10-26 | AA20: 10-27 | AB20: 10-28 | AC20: 10-29 | AD20: 10-30 | AE20: 11-02 | AF20: 11-03 | AG20: 11-04 | AH20: 11-05 | AI20: 11-06 | AJ20: 11-09 | AK20: 11-10 | AL20: 11-11 | AM20: 11-12 | AN20: 11-13 | AO20: 11-16 | AP20: 11-17 | AQ20: 11-18 | AR20: 11-19 | AS20: 11-20 | AT20: 11-23 | AU20: 11-24 | AV20: 11-25 | AW20: 11-27 | AX20: 11-30 | AY20: 12-01 | AZ20: 12-02 | BA20: 12-03 | BB20: 12-04 | BC20: 12-07 | BD20: 12-08 | BE20: 12-09 | BF20: 12-10 | BG20: 12-11 | BH20: 12-14 | BI20: 12-15 | BJ20: 12-16 | BK20: 12-17 | BL20: 12-18 | BM20: 12-21 | BN20: 12-22 | BO20: 12-23 | BP20: 12-24 | BQ20: 12-28 | BR20: 12-29 | BS20: 12-30 | BT20: 12-31 | BU20: 01-04 | BV20: 01-05 | BW20: 01-06 | BX20: 01-07 | BY20: 01-08 | BZ20: 01-11 | CA20: 01-12 | CB20: 01-13 | CC20: 01-14 | CD20: 01-15 | CE20: 01-19 | CF20: 01-20 | CG20: 01-21 | CH20: 01-22 | CI20: 01-25 | CJ20: 01-26 | CK20: 01-27 | CL20: 01-28 | CM20: 01-29 | CN20: 02-01 | CO20: 02-02 | CP20: 02-03 | CQ20: 02-04 | CR20: 02-05 | CS20: 02-08 | CT20: 02-09 | CU20: 02-10 | CV20: 02-11 | CW20: 02-12
A21: LLM cost, $ | B21: ='Fund by trading day'!B13 -> 0.53601575 | C21: ='Fund by trading day'!C13 -> 0.43577493 | D21: ='Fund by trading day'!D13 -> 0 | E21: ='Fund by trading day'!E13 -> 0 | F21: ='Fund by trading day'!F13 -> 0 | G21: ='Fund by trading day'!G13 -> 0 | H21: ='Fund by trading day'!H13 -> 0 | I21: ='Fund by trading day'!I13 -> 0 | ... CW21: ='Fund by trading day'!CW13 -> 0
A40: External API calls per day
A41: line | B41: 09-22 | C41: 09-23 | D41: 09-24 | E41: 09-25 | F41: 09-28 | G41: 09-29 | H41: 09-30 | I41: 10-01 | J41: 10-02 | K41: 10-05 | L41: 10-06 | M41: 10-07 | N41: 10-08 | O41: 10-09 | P41: 10-12 | Q41: 10-13 | R41: 10-14 | S41: 10-15 | T41: 10-16 | U41: 10-19 | V41: 10-20 | W41: 10-21 | X41: 10-22 | Y41: 10-23 | Z41: 10-26 | AA41: 10-27 | AB41: 10-28 | AC41: 10-29 | AD41: 10-30 | AE41: 11-02 | AF41: 11-03 | AG41: 11-04 | AH41: 11-05 | AI41: 11-06 | AJ41: 11-09 | AK41: 11-10 | AL41: 11-11 | AM41: 11-12 | AN41: 11-13 | AO41: 11-16 | AP41: 11-17 | AQ41: 11-18 | AR41: 11-19 | AS41: 11-20 | AT41: 11-23 | AU41: 11-24 | AV41: 11-25 | AW41: 11-27 | AX41: 11-30 | AY41: 12-01 | AZ41: 12-02 | BA41: 12-03 | BB41: 12-04 | BC41: 12-07 | BD41: 12-08 | BE41: 12-09 | BF41: 12-10 | BG41: 12-11 | BH41: 12-14 | BI41: 12-15 | BJ41: 12-16 | BK41: 12-17 | BL41: 12-18 | BM41: 12-21 | BN41: 12-22 | BO41: 12-23 | BP41: 12-24 | BQ41: 12-28 | BR41: 12-29 | BS41: 12-30 | BT41: 12-31 | BU41: 01-04 | BV41: 01-05 | BW41: 01-06 | BX41: 01-07 | BY41: 01-08 | BZ41: 01-11 | CA41: 01-12 | CB41: 01-13 | CC41: 01-14 | CD41: 01-15 | CE41: 01-19 | CF41: 01-20 | CG41: 01-21 | CH41: 01-22 | CI41: 01-25 | CJ41: 01-26 | CK41: 01-27 | CL41: 01-28 | CM41: 01-29 | CN41: 02-01 | CO41: 02-02 | CP41: 02-03 | CQ41: 02-04 | CR41: 02-05 | CS41: 02-08 | CT41: 02-09 | CU41: 02-10 | CV41: 02-11 | CW41: 02-12
A42: FMP calls | B42: ='Fund by trading day'!B15 -> 15355 | C42: ='Fund by trading day'!C15 -> 1492 | D42: ='Fund by trading day'!D15 -> 0 | E42: ='Fund by trading day'!E15 -> 0 | F42: ='Fund by trading day'!F15 -> 0 | G42: ='Fund by trading day'!G15 -> 0 | H42: ='Fund by trading day'!H15 -> 0 | I42: ='Fund by trading day'!I15 -> 0 | ... CW42: ='Fund by trading day'!CW15 -> 0
A43: SerpAPI calls | B43: ='Fund by trading day'!B16 -> 0 | C43: ='Fund by trading day'!C16 -> 0 | D43: ='Fund by trading day'!D16 -> 0 | E43: ='Fund by trading day'!E16 -> 0 | F43: ='Fund by trading day'!F16 -> 0 | G43: ='Fund by trading day'!G16 -> 0 | H43: ='Fund by trading day'!H16 -> 0 | I43: ='Fund by trading day'!I16 -> 0 | ... CW43: ='Fund by trading day'!CW16 -> 0
A62: LLM pods submitting and average tool calls
A63: line | B63: 09-22 | C63: 09-23 | D63: 09-24 | E63: 09-25 | F63: 09-28 | G63: 09-29 | H63: 09-30 | I63: 10-01 | J63: 10-02 | K63: 10-05 | L63: 10-06 | M63: 10-07 | N63: 10-08 | O63: 10-09 | P63: 10-12 | Q63: 10-13 | R63: 10-14 | S63: 10-15 | T63: 10-16 | U63: 10-19 | V63: 10-20 | W63: 10-21 | X63: 10-22 | Y63: 10-23 | Z63: 10-26 | AA63: 10-27 | AB63: 10-28 | AC63: 10-29 | AD63: 10-30 | AE63: 11-02 | AF63: 11-03 | AG63: 11-04 | AH63: 11-05 | AI63: 11-06 | AJ63: 11-09 | AK63: 11-10 | AL63: 11-11 | AM63: 11-12 | AN63: 11-13 | AO63: 11-16 | AP63: 11-17 | AQ63: 11-18 | AR63: 11-19 | AS63: 11-20 | AT63: 11-23 | AU63: 11-24 | AV63: 11-25 | AW63: 11-27 | AX63: 11-30 | AY63: 12-01 | AZ63: 12-02 | BA63: 12-03 | BB63: 12-04 | BC63: 12-07 | BD63: 12-08 | BE63: 12-09 | BF63: 12-10 | BG63: 12-11 | BH63: 12-14 | BI63: 12-15 | BJ63: 12-16 | BK63: 12-17 | BL63: 12-18 | BM63: 12-21 | BN63: 12-22 | BO63: 12-23 | BP63: 12-24 | BQ63: 12-28 | BR63: 12-29 | BS63: 12-30 | BT63: 12-31 | BU63: 01-04 | BV63: 01-05 | BW63: 01-06 | BX63: 01-07 | BY63: 01-08 | BZ63: 01-11 | CA63: 01-12 | CB63: 01-13 | CC63: 01-14 | CD63: 01-15 | CE63: 01-19 | CF63: 01-20 | CG63: 01-21 | CH63: 01-22 | CI63: 01-25 | CJ63: 01-26 | CK63: 01-27 | CL63: 01-28 | CM63: 01-29 | CN63: 02-01 | CO63: 02-02 | CP63: 02-03 | CQ63: 02-04 | CR63: 02-05 | CS63: 02-08 | CT63: 02-09 | CU63: 02-10 | CV63: 02-11 | CW63: 02-12
A64: LLM pods that submitted | B64: ='Fund by trading day'!B9 -> 10 | C64: ='Fund by trading day'!C9 -> 10 | D64: ='Fund by trading day'!D9 -> 0 | E64: ='Fund by trading day'!E9 -> 0 | F64: ='Fund by trading day'!F9 -> 0 | G64: ='Fund by trading day'!G9 -> 0 | H64: ='Fund by trading day'!H9 -> 0 | I64: ='Fund by trading day'!I9 -> 0 | ... CW64: ='Fund by trading day'!CW9 -> 0
A65: Average agent tool calls | B65: ='Fund by trading day'!B10 -> 13.8 | C65: ='Fund by trading day'!C10 -> 8.2 | D65: ='Fund by trading day'!D10 | E65: ='Fund by trading day'!E10 | F65: ='Fund by trading day'!F10 | G65: ='Fund by trading day'!G10 | H65: ='Fund by trading day'!H10 | I65: ='Fund by trading day'!I10 | ... CW65: ='Fund by trading day'!CW10
A84: Cumulative net P&L per pod on the notional ($)
A85: pod | B85: 09-22 | C85: 09-23 | D85: 09-24 | E85: 09-25 | F85: 09-28 | G85: 09-29 | H85: 09-30 | I85: 10-01 | J85: 10-02 | K85: 10-05 | L85: 10-06 | M85: 10-07 | N85: 10-08 | O85: 10-09 | P85: 10-12 | Q85: 10-13 | R85: 10-14 | S85: 10-15 | T85: 10-16 | U85: 10-19 | V85: 10-20 | W85: 10-21 | X85: 10-22 | Y85: 10-23 | Z85: 10-26 | AA85: 10-27 | AB85: 10-28 | AC85: 10-29 | AD85: 10-30 | AE85: 11-02 | AF85: 11-03 | AG85: 11-04 | AH85: 11-05 | AI85: 11-06 | AJ85: 11-09 | AK85: 11-10 | AL85: 11-11 | AM85: 11-12 | AN85: 11-13 | AO85: 11-16 | AP85: 11-17 | AQ85: 11-18 | AR85: 11-19 | AS85: 11-20 | AT85: 11-23 | AU85: 11-24 | AV85: 11-25 | AW85: 11-27 | AX85: 11-30 | AY85: 12-01 | AZ85: 12-02 | BA85: 12-03 | BB85: 12-04 | BC85: 12-07 | BD85: 12-08 | BE85: 12-09 | BF85: 12-10 | BG85: 12-11 | BH85: 12-14 | BI85: 12-15 | BJ85: 12-16 | BK85: 12-17 | BL85: 12-18 | BM85: 12-21 | BN85: 12-22 | BO85: 12-23 | BP85: 12-24 | BQ85: 12-28 | BR85: 12-29 | BS85: 12-30 | BT85: 12-31 | BU85: 01-04 | BV85: 01-05 | BW85: 01-06 | BX85: 01-07 | BY85: 01-08 | BZ85: 01-11 | CA85: 01-12 | CB85: 01-13 | CC85: 01-14 | CD85: 01-15 | CE85: 01-19 | CF85: 01-20 | CG85: 01-21 | CH85: 01-22 | CI85: 01-25 | CJ85: 01-26 | CK85: 01-27 | CL85: 01-28 | CM85: 01-29 | CN85: 02-01 | CO85: 02-02 | CP85: 02-03 | CQ85: 02-04 | CR85: 02-05 | CS85: 02-08 | CT85: 02-09 | CU85: 02-10 | CV85: 02-11 | CW85: 02-12
A86: Retail Attention Overnight | B86: ='Pod by trading day'!C462 -> -272.27 | C86: ='Pod by trading day'!D462 | D86: ='Pod by trading day'!E462 | E86: ='Pod by trading day'!F462 | F86: ='Pod by trading day'!G462 | G86: ='Pod by trading day'!H462 | H86: ='Pod by trading day'!I462 | I86: ='Pod by trading day'!J462 | ... CW86: ='Pod by trading day'!CX462
A87: Post-Earnings Drift, Overnight Leg | B87: ='Pod by trading day'!C463 -> 52.29 | C87: ='Pod by trading day'!D463 | D87: ='Pod by trading day'!E463 | E87: ='Pod by trading day'!F463 | F87: ='Pod by trading day'!G463 | G87: ='Pod by trading day'!H463 | H87: ='Pod by trading day'!I463 | I87: ='Pod by trading day'!J463 | ... CW87: ='Pod by trading day'!CX463
A88: Intraday-to-Overnight Reversal | B88: ='Pod by trading day'!C464 -> -74.53 | C88: ='Pod by trading day'!D464 | D88: ='Pod by trading day'!E464 | E88: ='Pod by trading day'!F464 | F88: ='Pod by trading day'!G464 | G88: ='Pod by trading day'!H464 | H88: ='Pod by trading day'!I464 | I88: ='Pod by trading day'!J464 | ... CW88: ='Pod by trading day'!CX464
A89: Analyst Revision Momentum | B89: ='Pod by trading day'!C465 -> -162.85 | C89: ='Pod by trading day'!D465 | D89: ='Pod by trading day'!E465 | E89: ='Pod by trading day'!F465 | F89: ='Pod by trading day'!G465 | G89: ='Pod by trading day'!H465 | H89: ='Pod by trading day'!I465 | I89: ='Pod by trading day'!J465 | ... CW89: ='Pod by trading day'!CX465
A90: Clustered Insider Buying | B90: ='Pod by trading day'!C466 -> 41.95 | C90: ='Pod by trading day'!D466 | D90: ='Pod by trading day'!E466 | E90: ='Pod by trading day'!F466 | F90: ='Pod by trading day'!G466 | G90: ='Pod by trading day'!H466 | H90: ='Pod by trading day'!I466 | I90: ='Pod by trading day'!J466 | ... CW90: ='Pod by trading day'!CX466
A91: Same-Month Seasonality | B91: ='Pod by trading day'!C467 -> -182.98 | C91: ='Pod by trading day'!D467 | D91: ='Pod by trading day'!E467 | E91: ='Pod by trading day'!F467 | F91: ='Pod by trading day'!G467 | G91: ='Pod by trading day'!H467 | H91: ='Pod by trading day'!I467 | I91: ='Pod by trading day'!J467 | ... CW91: ='Pod by trading day'!CX467
A92: Quality at a Reasonable Price | B92: ='Pod by trading day'!C468 -> 1.9 | C92: ='Pod by trading day'!D468 | D92: ='Pod by trading day'!E468 | E92: ='Pod by trading day'!F468 | F92: ='Pod by trading day'!G468 | G92: ='Pod by trading day'!H468 | H92: ='Pod by trading day'!I468 | I92: ='Pod by trading day'!J468 | ... CW92: ='Pod by trading day'!CX468
A93: Residual Momentum | B93: ='Pod by trading day'!C469 -> 48.33 | C93: ='Pod by trading day'!D469 | D93: ='Pod by trading day'!E469 | E93: ='Pod by trading day'!F469 | F93: ='Pod by trading day'!G469 | G93: ='Pod by trading day'!H469 | H93: ='Pod by trading day'!I469 | I93: ='Pod by trading day'!J469 | ... CW93: ='Pod by trading day'!CX469
A94: Overnight Return Persistence | B94: ='Pod by trading day'!C470 -> -85.22 | C94: ='Pod by trading day'!D470 | D94: ='Pod by trading day'!E470 | E94: ='Pod by trading day'!F470 | F94: ='Pod by trading day'!G470 | G94: ='Pod by trading day'!H470 | H94: ='Pod by trading day'!I470 | I94: ='Pod by trading day'!J470 | ... CW94: ='Pod by trading day'!CX470
A95: 52-Week-High Anchoring | B95: ='Pod by trading day'!C471 -> 291.11 | C95: ='Pod by trading day'!D471 | D95: ='Pod by trading day'!E471 | E95: ='Pod by trading day'!F471 | F95: ='Pod by trading day'!G471 | G95: ='Pod by trading day'!H471 | H95: ='Pod by trading day'!I471 | I95: ='Pod by trading day'!J471 | ... CW95: ='Pod by trading day'!CX471
A114: Every cell on this sheet refers to the statement sheets; edit inputs there (blue) and this dashboard follows.

Sheet Pods and positioning
A1: Sector mix of the 100 picks per LLM pod (2026-09-23)
A2: sector | B2: Retail Attention Overnight | C2: Post-Earnings Drift, Overnight Leg | D2: Intraday-to-Overnight Reversal | E2: Analyst Revision Momentum | F2: Clustered Insider Buying | G2: Same-Month Seasonality | H2: Quality at a Reasonable Price | I2: Residual Momentum | J2: Overnight Return Persistence | K2: 52-Week-High Anchoring
A3: Basic Materials | B3: ='Sector mix of picks (2026-09-23'!C7 -> #N/A | C3: ='Sector mix of picks (2026-09-23'!C8 -> #N/A | D3: ='Sector mix of picks (2026-09-23'!C9 -> #N/A | E3: ='Sector mix of picks (2026-09-23'!C10 -> #N/A | F3: ='Sector mix of picks (2026-09-23'!C11 -> #N/A | G3: ='Sector mix of picks (2026-09-23'!C12 -> #N/A | H3: ='Sector mix of picks (2026-09-23'!C13 -> #N/A | I3: ='Sector mix of picks (2026-09-23'!C14 -> #N/A | J3: ='Sector mix of picks (2026-09-23'!C15 -> #N/A | K3: ='Sector mix of picks (2026-09-23'!C16 -> #N/A
A4: Communication Services | B4: ='Sector mix of picks (2026-09-23'!D7 -> #N/A | C4: ='Sector mix of picks (2026-09-23'!D8 -> #N/A | D4: ='Sector mix of picks (2026-09-23'!D9 -> #N/A | E4: ='Sector mix of picks (2026-09-23'!D10 -> #N/A | F4: ='Sector mix of picks (2026-09-23'!D11 -> #N/A | G4: ='Sector mix of picks (2026-09-23'!D12 -> #N/A | H4: ='Sector mix of picks (2026-09-23'!D13 -> #N/A | I4: ='Sector mix of picks (2026-09-23'!D14 -> #N/A | J4: ='Sector mix of picks (2026-09-23'!D15 -> #N/A | K4: ='Sector mix of picks (2026-09-23'!D16 -> #N/A
A5: Consumer Cyclical | B5: ='Sector mix of picks (2026-09-23'!E7 -> #N/A | C5: ='Sector mix of picks (2026-09-23'!E8 -> #N/A | D5: ='Sector mix of picks (2026-09-23'!E9 -> #N/A | E5: ='Sector mix of picks (2026-09-23'!E10 -> #N/A | F5: ='Sector mix of picks (2026-09-23'!E11 -> #N/A | G5: ='Sector mix of picks (2026-09-23'!E12 -> #N/A | H5: ='Sector mix of picks (2026-09-23'!E13 -> #N/A | I5: ='Sector mix of picks (2026-09-23'!E14 -> #N/A | J5: ='Sector mix of picks (2026-09-23'!E15 -> #N/A | K5: ='Sector mix of picks (2026-09-23'!E16 -> #N/A
A6: Consumer Defensive | B6: ='Sector mix of picks (2026-09-23'!F7 -> #N/A | C6: ='Sector mix of picks (2026-09-23'!F8 -> #N/A | D6: ='Sector mix of picks (2026-09-23'!F9 -> #N/A | E6: ='Sector mix of picks (2026-09-23'!F10 -> #N/A | F6: ='Sector mix of picks (2026-09-23'!F11 -> #N/A | G6: ='Sector mix of picks (2026-09-23'!F12 -> #N/A | H6: ='Sector mix of picks (2026-09-23'!F13 -> #N/A | I6: ='Sector mix of picks (2026-09-23'!F14 -> #N/A | J6: ='Sector mix of picks (2026-09-23'!F15 -> #N/A | K6: ='Sector mix of picks (2026-09-23'!F16 -> #N/A
A7: Energy | B7: ='Sector mix of picks (2026-09-23'!G7 -> #N/A | C7: ='Sector mix of picks (2026-09-23'!G8 -> #N/A | D7: ='Sector mix of picks (2026-09-23'!G9 -> #N/A | E7: ='Sector mix of picks (2026-09-23'!G10 -> #N/A | F7: ='Sector mix of picks (2026-09-23'!G11 -> #N/A | G7: ='Sector mix of picks (2026-09-23'!G12 -> #N/A | H7: ='Sector mix of picks (2026-09-23'!G13 -> #N/A | I7: ='Sector mix of picks (2026-09-23'!G14 -> #N/A | J7: ='Sector mix of picks (2026-09-23'!G15 -> #N/A | K7: ='Sector mix of picks (2026-09-23'!G16 -> #N/A
A8: Financial Services | B8: ='Sector mix of picks (2026-09-23'!H7 -> #N/A | C8: ='Sector mix of picks (2026-09-23'!H8 -> #N/A | D8: ='Sector mix of picks (2026-09-23'!H9 -> #N/A | E8: ='Sector mix of picks (2026-09-23'!H10 -> #N/A | F8: ='Sector mix of picks (2026-09-23'!H11 -> #N/A | G8: ='Sector mix of picks (2026-09-23'!H12 -> #N/A | H8: ='Sector mix of picks (2026-09-23'!H13 -> #N/A | I8: ='Sector mix of picks (2026-09-23'!H14 -> #N/A | J8: ='Sector mix of picks (2026-09-23'!H15 -> #N/A | K8: ='Sector mix of picks (2026-09-23'!H16 -> #N/A
A9: Healthcare | B9: ='Sector mix of picks (2026-09-23'!I7 -> #N/A | C9: ='Sector mix of picks (2026-09-23'!I8 -> #N/A | D9: ='Sector mix of picks (2026-09-23'!I9 -> #N/A | E9: ='Sector mix of picks (2026-09-23'!I10 -> #N/A | F9: ='Sector mix of picks (2026-09-23'!I11 -> #N/A | G9: ='Sector mix of picks (2026-09-23'!I12 -> #N/A | H9: ='Sector mix of picks (2026-09-23'!I13 -> #N/A | I9: ='Sector mix of picks (2026-09-23'!I14 -> #N/A | J9: ='Sector mix of picks (2026-09-23'!I15 -> #N/A | K9: ='Sector mix of picks (2026-09-23'!I16 -> #N/A
A10: Industrials | B10: ='Sector mix of picks (2026-09-23'!J7 -> #N/A | C10: ='Sector mix of picks (2026-09-23'!J8 -> #N/A | D10: ='Sector mix of picks (2026-09-23'!J9 -> #N/A | E10: ='Sector mix of picks (2026-09-23'!J10 -> #N/A | F10: ='Sector mix of picks (2026-09-23'!J11 -> #N/A | G10: ='Sector mix of picks (2026-09-23'!J12 -> #N/A | H10: ='Sector mix of picks (2026-09-23'!J13 -> #N/A | I10: ='Sector mix of picks (2026-09-23'!J14 -> #N/A | J10: ='Sector mix of picks (2026-09-23'!J15 -> #N/A | K10: ='Sector mix of picks (2026-09-23'!J16 -> #N/A
A11: Real Estate | B11: ='Sector mix of picks (2026-09-23'!K7 -> #N/A | C11: ='Sector mix of picks (2026-09-23'!K8 -> #N/A | D11: ='Sector mix of picks (2026-09-23'!K9 -> #N/A | E11: ='Sector mix of picks (2026-09-23'!K10 -> #N/A | F11: ='Sector mix of picks (2026-09-23'!K11 -> #N/A | G11: ='Sector mix of picks (2026-09-23'!K12 -> #N/A | H11: ='Sector mix of picks (2026-09-23'!K13 -> #N/A | I11: ='Sector mix of picks (2026-09-23'!K14 -> #N/A | J11: ='Sector mix of picks (2026-09-23'!K15 -> #N/A | K11: ='Sector mix of picks (2026-09-23'!K16 -> #N/A
A12: Technology | B12: ='Sector mix of picks (2026-09-23'!L7 -> #N/A | C12: ='Sector mix of picks (2026-09-23'!L8 -> #N/A | D12: ='Sector mix of picks (2026-09-23'!L9 -> #N/A | E12: ='Sector mix of picks (2026-09-23'!L10 -> #N/A | F12: ='Sector mix of picks (2026-09-23'!L11 -> #N/A | G12: ='Sector mix of picks (2026-09-23'!L12 -> #N/A | H12: ='Sector mix of picks (2026-09-23'!L13 -> #N/A | I12: ='Sector mix of picks (2026-09-23'!L14 -> #N/A | J12: ='Sector mix of picks (2026-09-23'!L15 -> #N/A | K12: ='Sector mix of picks (2026-09-23'!L16 -> #N/A
A13: Utilities | B13: ='Sector mix of picks (2026-09-23'!M7 -> #N/A | C13: ='Sector mix of picks (2026-09-23'!M8 -> #N/A | D13: ='Sector mix of picks (2026-09-23'!M9 -> #N/A | E13: ='Sector mix of picks (2026-09-23'!M10 -> #N/A | F13: ='Sector mix of picks (2026-09-23'!M11 -> #N/A | G13: ='Sector mix of picks (2026-09-23'!M12 -> #N/A | H13: ='Sector mix of picks (2026-09-23'!M13 -> #N/A | I13: ='Sector mix of picks (2026-09-23'!M14 -> #N/A | J13: ='Sector mix of picks (2026-09-23'!M15 -> #N/A | K13: ='Sector mix of picks (2026-09-23'!M16 -> #N/A
A32: Shared picks between LLM pods (100 = identical books; ~7 = chance)
A33: pod_a | B33: Retail Attention Overnight | C33: Post-Earnings Drift, Overnight Leg | D33: Intraday-to-Overnight Reversal | E33: Analyst Revision Momentum | F33: Clustered Insider Buying | G33: Same-Month Seasonality | H33: Quality at a Reasonable Price | I33: Residual Momentum | J33: Overnight Return Persistence | K33: 52-Week-High Anchoring
A34: Retail Attention Overnight | B34: ='Pick overlap between LLM pods ('!C2 -> 100 | C34: ='Pick overlap between LLM pods ('!D2 -> 6 | D34: ='Pick overlap between LLM pods ('!E2 -> 23 | E34: ='Pick overlap between LLM pods ('!F2 -> 9 | F34: ='Pick overlap between LLM pods ('!G2 -> 6 | G34: ='Pick overlap between LLM pods ('!H2 -> 10 | H34: ='Pick overlap between LLM pods ('!I2 -> 8 | I34: ='Pick overlap between LLM pods ('!J2 -> 8 | ... K34: ='Pick overlap between LLM pods ('!L2 -> 13
A35: Post-Earnings Drift, Overnight Leg | B35: ='Pick overlap between LLM pods ('!C3 -> 6 | C35: ='Pick overlap between LLM pods ('!D3 -> 100 | D35: ='Pick overlap between LLM pods ('!E3 -> 5 | E35: ='Pick overlap between LLM pods ('!F3 -> 6 | F35: ='Pick overlap between LLM pods ('!G3 -> 12 | G35: ='Pick overlap between LLM pods ('!H3 -> 7 | H35: ='Pick overlap between LLM pods ('!I3 -> 4 | I35: ='Pick overlap between LLM pods ('!J3 -> 3 | ... K35: ='Pick overlap between LLM pods ('!L3 -> 8
A36: Intraday-to-Overnight Reversal | B36: ='Pick overlap between LLM pods ('!C4 -> 23 | C36: ='Pick overlap between LLM pods ('!D4 -> 5 | D36: ='Pick overlap between LLM pods ('!E4 -> 100 | E36: ='Pick overlap between LLM pods ('!F4 -> 4 | F36: ='Pick overlap between LLM pods ('!G4 -> 8 | G36: ='Pick overlap between LLM pods ('!H4 -> 12 | H36: ='Pick overlap between LLM pods ('!I4 -> 14 | I36: ='Pick overlap between LLM pods ('!J4 -> 18 | ... K36: ='Pick overlap between LLM pods ('!L4 -> 4
A37: Analyst Revision Momentum | B37: ='Pick overlap between LLM pods ('!C5 -> 9 | C37: ='Pick overlap between LLM pods ('!D5 -> 6 | D37: ='Pick overlap between LLM pods ('!E5 -> 4 | E37: ='Pick overlap between LLM pods ('!F5 -> 100 | F37: ='Pick overlap between LLM pods ('!G5 -> 7 | G37: ='Pick overlap between LLM pods ('!H5 -> 11 | H37: ='Pick overlap between LLM pods ('!I5 -> 6 | I37: ='Pick overlap between LLM pods ('!J5 -> 2 | ... K37: ='Pick overlap between LLM pods ('!L5 -> 13
A38: Clustered Insider Buying | B38: ='Pick overlap between LLM pods ('!C6 -> 6 | C38: ='Pick overlap between LLM pods ('!D6 -> 12 | D38: ='Pick overlap between LLM pods ('!E6 -> 8 | E38: ='Pick overlap between LLM pods ('!F6 -> 7 | F38: ='Pick overlap between LLM pods ('!G6 -> 100 | G38: ='Pick overlap between LLM pods ('!H6 -> 5 | H38: ='Pick overlap between LLM pods ('!I6 -> 7 | I38: ='Pick overlap between LLM pods ('!J6 -> 10 | ... K38: ='Pick overlap between LLM pods ('!L6 -> 10
A39: Same-Month Seasonality | B39: ='Pick overlap between LLM pods ('!C7 -> 10 | C39: ='Pick overlap between LLM pods ('!D7 -> 7 | D39: ='Pick overlap between LLM pods ('!E7 -> 12 | E39: ='Pick overlap between LLM pods ('!F7 -> 11 | F39: ='Pick overlap between LLM pods ('!G7 -> 5 | G39: ='Pick overlap between LLM pods ('!H7 -> 100 | H39: ='Pick overlap between LLM pods ('!I7 -> 4 | I39: ='Pick overlap between LLM pods ('!J7 -> 3 | ... K39: ='Pick overlap between LLM pods ('!L7 -> 3
A40: Quality at a Reasonable Price | B40: ='Pick overlap between LLM pods ('!C8 -> 8 | C40: ='Pick overlap between LLM pods ('!D8 -> 4 | D40: ='Pick overlap between LLM pods ('!E8 -> 14 | E40: ='Pick overlap between LLM pods ('!F8 -> 6 | F40: ='Pick overlap between LLM pods ('!G8 -> 7 | G40: ='Pick overlap between LLM pods ('!H8 -> 4 | H40: ='Pick overlap between LLM pods ('!I8 -> 100 | I40: ='Pick overlap between LLM pods ('!J8 -> 12 | ... K40: ='Pick overlap between LLM pods ('!L8 -> 5
A41: Residual Momentum | B41: ='Pick overlap between LLM pods ('!C9 -> 8 | C41: ='Pick overlap between LLM pods ('!D9 -> 3 | D41: ='Pick overlap between LLM pods ('!E9 -> 18 | E41: ='Pick overlap between LLM pods ('!F9 -> 2 | F41: ='Pick overlap between LLM pods ('!G9 -> 10 | G41: ='Pick overlap between LLM pods ('!H9 -> 3 | H41: ='Pick overlap between LLM pods ('!I9 -> 12 | I41: ='Pick overlap between LLM pods ('!J9 -> 100 | ... K41: ='Pick overlap between LLM pods ('!L9 -> 0
A42: Overnight Return Persistence | B42: ='Pick overlap between LLM pods ('!C10 -> 2 | C42: ='Pick overlap between LLM pods ('!D10 -> 9 | D42: ='Pick overlap between LLM pods ('!E10 -> 11 | E42: ='Pick overlap between LLM pods ('!F10 -> 13 | F42: ='Pick overlap between LLM pods ('!G10 -> 10 | G42: ='Pick overlap between LLM pods ('!H10 -> 11 | H42: ='Pick overlap between LLM pods ('!I10 -> 2 | I42: ='Pick overlap between LLM pods ('!J10 -> 9 | ... K42: ='Pick overlap between LLM pods ('!L10 -> 10
A43: 52-Week-High Anchoring | B43: ='Pick overlap between LLM pods ('!C11 -> 13 | C43: ='Pick overlap between LLM pods ('!D11 -> 8 | D43: ='Pick overlap between LLM pods ('!E11 -> 4 | E43: ='Pick overlap between LLM pods ('!F11 -> 13 | F43: ='Pick overlap between LLM pods ('!G11 -> 10 | G43: ='Pick overlap between LLM pods ('!H11 -> 3 | H43: ='Pick overlap between LLM pods ('!I11 -> 5 | I43: ='Pick overlap between LLM pods ('!J11 -> 0 | ... K43: ='Pick overlap between LLM pods ('!L11 -> 100
A45: Running t-stat by LLM pod
A46: pod | B46: 09-22 | C46: 09-23 | D46: 09-24 | E46: 09-25 | F46: 09-28 | G46: 09-29 | H46: 09-30 | I46: 10-01 | J46: 10-02 | K46: 10-05 | L46: 10-06 | M46: 10-07 | N46: 10-08 | O46: 10-09 | P46: 10-12 | Q46: 10-13 | R46: 10-14 | S46: 10-15 | T46: 10-16 | U46: 10-19 | V46: 10-20 | W46: 10-21 | X46: 10-22 | Y46: 10-23 | Z46: 10-26 | AA46: 10-27 | AB46: 10-28 | AC46: 10-29 | AD46: 10-30 | AE46: 11-02 | AF46: 11-03 | AG46: 11-04 | AH46: 11-05 | AI46: 11-06 | AJ46: 11-09 | AK46: 11-10 | AL46: 11-11 | AM46: 11-12 | AN46: 11-13 | AO46: 11-16 | AP46: 11-17 | AQ46: 11-18 | AR46: 11-19 | AS46: 11-20 | AT46: 11-23 | AU46: 11-24 | AV46: 11-25 | AW46: 11-27 | AX46: 11-30 | AY46: 12-01 | AZ46: 12-02 | BA46: 12-03 | BB46: 12-04 | BC46: 12-07 | BD46: 12-08 | BE46: 12-09 | BF46: 12-10 | BG46: 12-11 | BH46: 12-14 | BI46: 12-15 | BJ46: 12-16 | BK46: 12-17 | BL46: 12-18 | BM46: 12-21 | BN46: 12-22 | BO46: 12-23 | BP46: 12-24 | BQ46: 12-28 | BR46: 12-29 | BS46: 12-30 | BT46: 12-31 | BU46: 01-04 | BV46: 01-05 | BW46: 01-06 | BX46: 01-07 | BY46: 01-08 | BZ46: 01-11 | CA46: 01-12 | CB46: 01-13 | CC46: 01-14 | CD46: 01-15 | CE46: 01-19 | CF46: 01-20 | CG46: 01-21 | CH46: 01-22 | CI46: 01-25 | CJ46: 01-26 | CK46: 01-27 | CL46: 01-28 | CM46: 01-29 | CN46: 02-01 | CO46: 02-02 | CP46: 02-03 | CQ46: 02-04 | CR46: 02-05 | CS46: 02-08 | CT46: 02-09 | CU46: 02-10 | CV46: 02-11 | CW46: 02-12
A47: Retail Attention Overnight | B47: ='Pod by trading day'!C392 | C47: ='Pod by trading day'!D392 | D47: ='Pod by trading day'!E392 | E47: ='Pod by trading day'!F392 | F47: ='Pod by trading day'!G392 | G47: ='Pod by trading day'!H392 | H47: ='Pod by trading day'!I392 | I47: ='Pod by trading day'!J392 | ... CW47: ='Pod by trading day'!CX392
A48: Post-Earnings Drift, Overnight Leg | B48: ='Pod by trading day'!C393 | C48: ='Pod by trading day'!D393 | D48: ='Pod by trading day'!E393 | E48: ='Pod by trading day'!F393 | F48: ='Pod by trading day'!G393 | G48: ='Pod by trading day'!H393 | H48: ='Pod by trading day'!I393 | I48: ='Pod by trading day'!J393 | ... CW48: ='Pod by trading day'!CX393
A49: Intraday-to-Overnight Reversal | B49: ='Pod by trading day'!C394 | C49: ='Pod by trading day'!D394 | D49: ='Pod by trading day'!E394 | E49: ='Pod by trading day'!F394 | F49: ='Pod by trading day'!G394 | G49: ='Pod by trading day'!H394 | H49: ='Pod by trading day'!I394 | I49: ='Pod by trading day'!J394 | ... CW49: ='Pod by trading day'!CX394
A50: Analyst Revision Momentum | B50: ='Pod by trading day'!C395 | C50: ='Pod by trading day'!D395 | D50: ='Pod by trading day'!E395 | E50: ='Pod by trading day'!F395 | F50: ='Pod by trading day'!G395 | G50: ='Pod by trading day'!H395 | H50: ='Pod by trading day'!I395 | I50: ='Pod by trading day'!J395 | ... CW50: ='Pod by trading day'!CX395
A51: Clustered Insider Buying | B51: ='Pod by trading day'!C396 | C51: ='Pod by trading day'!D396 | D51: ='Pod by trading day'!E396 | E51: ='Pod by trading day'!F396 | F51: ='Pod by trading day'!G396 | G51: ='Pod by trading day'!H396 | H51: ='Pod by trading day'!I396 | I51: ='Pod by trading day'!J396 | ... CW51: ='Pod by trading day'!CX396
A52: Same-Month Seasonality | B52: ='Pod by trading day'!C397 | C52: ='Pod by trading day'!D397 | D52: ='Pod by trading day'!E397 | E52: ='Pod by trading day'!F397 | F52: ='Pod by trading day'!G397 | G52: ='Pod by trading day'!H397 | H52: ='Pod by trading day'!I397 | I52: ='Pod by trading day'!J397 | ... CW52: ='Pod by trading day'!CX397
A53: Quality at a Reasonable Price | B53: ='Pod by trading day'!C398 | C53: ='Pod by trading day'!D398 | D53: ='Pod by trading day'!E398 | E53: ='Pod by trading day'!F398 | F53: ='Pod by trading day'!G398 | G53: ='Pod by trading day'!H398 | H53: ='Pod by trading day'!I398 | I53: ='Pod by trading day'!J398 | ... CW53: ='Pod by trading day'!CX398
A54: Residual Momentum | B54: ='Pod by trading day'!C399 | C54: ='Pod by trading day'!D399 | D54: ='Pod by trading day'!E399 | E54: ='Pod by trading day'!F399 | F54: ='Pod by trading day'!G399 | G54: ='Pod by trading day'!H399 | H54: ='Pod by trading day'!I399 | I54: ='Pod by trading day'!J399 | ... CW54: ='Pod by trading day'!CX399
A55: Overnight Return Persistence | B55: ='Pod by trading day'!C400 | C55: ='Pod by trading day'!D400 | D55: ='Pod by trading day'!E400 | E55: ='Pod by trading day'!F400 | F55: ='Pod by trading day'!G400 | G55: ='Pod by trading day'!H400 | H55: ='Pod by trading day'!I400 | I55: ='Pod by trading day'!J400 | ... CW55: ='Pod by trading day'!CX400
A56: 52-Week-High Anchoring | B56: ='Pod by trading day'!C401 | C56: ='Pod by trading day'!D401 | D56: ='Pod by trading day'!E401 | E56: ='Pod by trading day'!F401 | F56: ='Pod by trading day'!G401 | G56: ='Pod by trading day'!H401 | H56: ='Pod by trading day'!I401 | I56: ='Pod by trading day'!J401 | ... CW56: ='Pod by trading day'!CX401
A75: Cumulative excess, realized then projected at the running mean (bps)
A76: pod | B76: 09-22 | C76: 09-23 | D76: 09-24 | E76: 09-25 | F76: 09-28 | G76: 09-29 | H76: 09-30 | I76: 10-01 | J76: 10-02 | K76: 10-05 | L76: 10-06 | M76: 10-07 | N76: 10-08 | O76: 10-09 | P76: 10-12 | Q76: 10-13 | R76: 10-14 | S76: 10-15 | T76: 10-16 | U76: 10-19 | V76: 10-20 | W76: 10-21 | X76: 10-22 | Y76: 10-23 | Z76: 10-26 | AA76: 10-27 | AB76: 10-28 | AC76: 10-29 | AD76: 10-30 | AE76: 11-02 | AF76: 11-03 | AG76: 11-04 | AH76: 11-05 | AI76: 11-06 | AJ76: 11-09 | AK76: 11-10 | AL76: 11-11 | AM76: 11-12 | AN76: 11-13 | AO76: 11-16 | AP76: 11-17 | AQ76: 11-18 | AR76: 11-19 | AS76: 11-20 | AT76: 11-23 | AU76: 11-24 | AV76: 11-25 | AW76: 11-27 | AX76: 11-30 | AY76: 12-01 | AZ76: 12-02 | BA76: 12-03 | BB76: 12-04 | BC76: 12-07 | BD76: 12-08 | BE76: 12-09 | BF76: 12-10 | BG76: 12-11 | BH76: 12-14 | BI76: 12-15 | BJ76: 12-16 | BK76: 12-17 | BL76: 12-18 | BM76: 12-21 | BN76: 12-22 | BO76: 12-23 | BP76: 12-24 | BQ76: 12-28 | BR76: 12-29 | BS76: 12-30 | BT76: 12-31 | BU76: 01-04 | BV76: 01-05 | BW76: 01-06 | BX76: 01-07 | BY76: 01-08 | BZ76: 01-11 | CA76: 01-12 | CB76: 01-13 | CC76: 01-14 | CD76: 01-15 | CE76: 01-19 | CF76: 01-20 | CG76: 01-21 | CH76: 01-22 | CI76: 01-25 | CJ76: 01-26 | CK76: 01-27 | CL76: 01-28 | CM76: 01-29 | CN76: 02-01 | CO76: 02-02 | CP76: 02-03 | CQ76: 02-04 | CR76: 02-05 | CS76: 02-08 | CT76: 02-09 | CU76: 02-10 | CV76: 02-11 | CW76: 02-12
A77: Retail Attention Overnight | B77: ='Pod by trading day'!C497 -> -19.56 | C77: ='Pod by trading day'!D497 -> -39.12 | D77: ='Pod by trading day'!E497 -> -58.68 | E77: ='Pod by trading day'!F497 -> -78.24 | F77: ='Pod by trading day'!G497 -> -97.8 | G77: ='Pod by trading day'!H497 -> -117.36 | H77: ='Pod by trading day'!I497 -> -136.92 | I77: ='Pod by trading day'!J497 -> -156.48 | ... CW77: ='Pod by trading day'!CX497 -> -1956
A78: Post-Earnings Drift, Overnight Leg | B78: ='Pod by trading day'!C498 -> 11.704 | C78: ='Pod by trading day'!D498 -> 23.408 | D78: ='Pod by trading day'!E498 -> 35.112 | E78: ='Pod by trading day'!F498 -> 46.816 | F78: ='Pod by trading day'!G498 -> 58.52 | G78: ='Pod by trading day'!H498 -> 70.224 | H78: ='Pod by trading day'!I498 -> 81.928 | I78: ='Pod by trading day'!J498 -> 93.632 | ... CW78: ='Pod by trading day'!CX498 -> 1170.4
A79: Intraday-to-Overnight Reversal | B79: ='Pod by trading day'!C499 -> 4.098 | C79: ='Pod by trading day'!D499 -> 8.196 | D79: ='Pod by trading day'!E499 -> 12.294 | E79: ='Pod by trading day'!F499 -> 16.392 | F79: ='Pod by trading day'!G499 -> 20.49 | G79: ='Pod by trading day'!H499 -> 24.588 | H79: ='Pod by trading day'!I499 -> 28.686 | I79: ='Pod by trading day'!J499 -> 32.784 | ... CW79: ='Pod by trading day'!CX499 -> 409.8
A80: Analyst Revision Momentum | B80: ='Pod by trading day'!C500 -> -2.965 | C80: ='Pod by trading day'!D500 -> -5.93 | D80: ='Pod by trading day'!E500 -> -8.895 | E80: ='Pod by trading day'!F500 -> -11.86 | F80: ='Pod by trading day'!G500 -> -14.825 | G80: ='Pod by trading day'!H500 -> -17.79 | H80: ='Pod by trading day'!I500 -> -20.755 | I80: ='Pod by trading day'!J500 -> -23.72 | ... CW80: ='Pod by trading day'!CX500 -> -296.5
A81: Clustered Insider Buying | B81: ='Pod by trading day'!C501 -> 2.143 | C81: ='Pod by trading day'!D501 -> 4.286 | D81: ='Pod by trading day'!E501 -> 6.429 | E81: ='Pod by trading day'!F501 -> 8.572 | F81: ='Pod by trading day'!G501 -> 10.715 | G81: ='Pod by trading day'!H501 -> 12.858 | H81: ='Pod by trading day'!I501 -> 15.001 | I81: ='Pod by trading day'!J501 -> 17.144 | ... CW81: ='Pod by trading day'!CX501 -> 214.3
A82: Same-Month Seasonality | B82: ='Pod by trading day'!C502 -> -21.574 | C82: ='Pod by trading day'!D502 -> -43.148 | D82: ='Pod by trading day'!E502 -> -64.722 | E82: ='Pod by trading day'!F502 -> -86.296 | F82: ='Pod by trading day'!G502 -> -107.87 | G82: ='Pod by trading day'!H502 -> -129.444 | H82: ='Pod by trading day'!I502 -> -151.018 | I82: ='Pod by trading day'!J502 -> -172.592 | ... CW82: ='Pod by trading day'!CX502 -> -2157.4
A83: Quality at a Reasonable Price | B83: ='Pod by trading day'!C503 -> -0.086 | C83: ='Pod by trading day'!D503 -> -0.172 | D83: ='Pod by trading day'!E503 -> -0.258 | E83: ='Pod by trading day'!F503 -> -0.344 | F83: ='Pod by trading day'!G503 -> -0.43 | G83: ='Pod by trading day'!H503 -> -0.516 | H83: ='Pod by trading day'!I503 -> -0.602 | I83: ='Pod by trading day'!J503 -> -0.688 | ... CW83: ='Pod by trading day'!CX503 -> -8.6
A84: Residual Momentum | B84: ='Pod by trading day'!C504 -> 13.936 | C84: ='Pod by trading day'!D504 -> 27.872 | D84: ='Pod by trading day'!E504 -> 41.808 | E84: ='Pod by trading day'!F504 -> 55.744 | F84: ='Pod by trading day'!G504 -> 69.68 | G84: ='Pod by trading day'!H504 -> 83.616 | H84: ='Pod by trading day'!I504 -> 97.552 | I84: ='Pod by trading day'!J504 -> 111.488 | ... CW84: ='Pod by trading day'!CX504 -> 1393.6
A85: Overnight Return Persistence | B85: ='Pod by trading day'!C505 -> 8.172 | C85: ='Pod by trading day'!D505 -> 16.344 | D85: ='Pod by trading day'!E505 -> 24.516 | E85: ='Pod by trading day'!F505 -> 32.688 | F85: ='Pod by trading day'!G505 -> 40.86 | G85: ='Pod by trading day'!H505 -> 49.032 | H85: ='Pod by trading day'!I505 -> 57.204 | I85: ='Pod by trading day'!J505 -> 65.376 | ... CW85: ='Pod by trading day'!CX505 -> 817.2
A86: 52-Week-High Anchoring | B86: ='Pod by trading day'!C506 -> 17.164 | C86: ='Pod by trading day'!D506 -> 34.328 | D86: ='Pod by trading day'!E506 -> 51.492 | E86: ='Pod by trading day'!F506 -> 68.656 | F86: ='Pod by trading day'!G506 -> 85.82 | G86: ='Pod by trading day'!H506 -> 102.984 | H86: ='Pod by trading day'!I506 -> 120.148 | I86: ='Pod by trading day'!J506 -> 137.312 | ... CW86: ='Pod by trading day'!CX506 -> 1716.4
A105: Research process per pod
A106: pod | B106: Submissions | C106: Thesis-compliant submissions | D106: Names scored per day | E106: Input tokens | F106: Output tokens | G106: LLM cost, $
A107: Retail Attention Overnight | B107: ='Pod summary (leaderboard)'!G20 -> 2 | C107: ='Pod summary (leaderboard)'!G21 -> 1 | D107: ='Pod summary (leaderboard)'!G22 -> 1489 | E107: ='Pod summary (leaderboard)'!G17 -> 700587 | F107: ='Pod summary (leaderboard)'!G18 -> 44676 | G107: ='Pod summary (leaderboard)'!G19 -> 0.20597319
A108: Post-Earnings Drift, Overnight Leg | B108: ='Pod summary (leaderboard)'!H20 -> 2 | C108: ='Pod summary (leaderboard)'!H21 -> 1 | D108: ='Pod summary (leaderboard)'!H22 -> 1489 | E108: ='Pod summary (leaderboard)'!H17 -> 218657 | F108: ='Pod summary (leaderboard)'!H18 -> 21148 | G108: ='Pod summary (leaderboard)'!H19 -> 0.06925637
A109: Intraday-to-Overnight Reversal | B109: ='Pod summary (leaderboard)'!I20 -> 2 | C109: ='Pod summary (leaderboard)'!I21 -> 1 | D109: ='Pod summary (leaderboard)'!I22 -> 1489 | E109: ='Pod summary (leaderboard)'!I17 -> 40739 | F109: ='Pod summary (leaderboard)'!I18 -> 8581 | G109: ='Pod summary (leaderboard)'!I19 -> 0.01610564
A110: Analyst Revision Momentum | B110: ='Pod summary (leaderboard)'!J20 -> 2 | C110: ='Pod summary (leaderboard)'!J21 -> 1 | D110: ='Pod summary (leaderboard)'!J22 -> 1489 | E110: ='Pod summary (leaderboard)'!J17 -> 123403 | F110: ='Pod summary (leaderboard)'!J18 -> 12472 | G110: ='Pod summary (leaderboard)'!J19 -> 0.03945643
A111: Clustered Insider Buying | B111: ='Pod summary (leaderboard)'!K20 -> 2 | C111: ='Pod summary (leaderboard)'!K21 -> 1 | D111: ='Pod summary (leaderboard)'!K22 -> 1489 | E111: ='Pod summary (leaderboard)'!K17 -> 1625546 | F111: ='Pod summary (leaderboard)'!K18 -> 84835 | G111: ='Pod summary (leaderboard)'!K19 -> 0.46492265
A112: Same-Month Seasonality | B112: ='Pod summary (leaderboard)'!L20 -> 2 | C112: ='Pod summary (leaderboard)'!L21 -> 1 | D112: ='Pod summary (leaderboard)'!L22 -> 1463 | E112: ='Pod summary (leaderboard)'!L17 -> 87641 | F112: ='Pod summary (leaderboard)'!L18 -> 13195 | G112: ='Pod summary (leaderboard)'!L19 -> 0.0310148
A113: Quality at a Reasonable Price | B113: ='Pod summary (leaderboard)'!M20 -> 2 | C113: ='Pod summary (leaderboard)'!M21 -> 1 | D113: ='Pod summary (leaderboard)'!M22 -> 1485 | E113: ='Pod summary (leaderboard)'!M17 -> 195149 | F113: ='Pod summary (leaderboard)'!M18 -> 10226 | G113: ='Pod summary (leaderboard)'!M19 -> 0.05584319
A114: Residual Momentum | B114: ='Pod summary (leaderboard)'!N20 -> 2 | C114: ='Pod summary (leaderboard)'!N21 -> 1 | D114: ='Pod summary (leaderboard)'!N22 -> 1465.5 | E114: ='Pod summary (leaderboard)'!N17 -> 70769 | F114: ='Pod summary (leaderboard)'!N18 -> 11557 | G114: ='Pod summary (leaderboard)'!N19 -> 0.02566658
A115: Overnight Return Persistence | B115: ='Pod summary (leaderboard)'!O20 -> 2 | C115: ='Pod summary (leaderboard)'!O21 -> 1 | D115: ='Pod summary (leaderboard)'!O22 -> 1488.5 | E115: ='Pod summary (leaderboard)'!O17 -> 78647 | F115: ='Pod summary (leaderboard)'!O18 -> 9689 | G115: ='Pod summary (leaderboard)'!O19 -> 0.02634716
A116: 52-Week-High Anchoring | B116: ='Pod summary (leaderboard)'!P20 -> 2 | C116: ='Pod summary (leaderboard)'!P21 -> 1 | D116: ='Pod summary (leaderboard)'!P22 -> 1489 | E116: ='Pod summary (leaderboard)'!P17 -> 113993 | F116: ='Pod summary (leaderboard)'!P18 -> 12618 | G116: ='Pod summary (leaderboard)'!P19 -> 0.03720467
A118: Every cell on this sheet refers to the statement sheets; edit inputs there (blue) and this dashboard follows.

Sheet Assumptions (edit)
A1: line | B1: value
A2: LLM price, $ per M input tokens | B2: 0.25
A3: LLM price, $ per M output tokens | B3: 0.69
A4: Assumed round-trip cost, bps | B4: 10
A5: t-stat required to call it skill | B5: 3
A6: Watch horizon, trading days | B6: 100
A7: Notional per pod, $ | B7: 100000

Sheet Pod by trading day
A1: line | B1: pod | C1: 09-22 | D1: 09-23 | E1: 09-24 | F1: 09-25 | G1: 09-28 | H1: 09-29 | I1: 09-30 | J1: 10-01 | K1: 10-02 | L1: 10-05 | M1: 10-06 | N1: 10-07 | O1: 10-08 | P1: 10-09 | Q1: 10-12 | R1: 10-13 | S1: 10-14 | T1: 10-15 | U1: 10-16 | V1: 10-19 | W1: 10-20 | X1: 10-21 | Y1: 10-22 | Z1: 10-23 | AA1: 10-26 | AB1: 10-27 | AC1: 10-28 | AD1: 10-29 | AE1: 10-30 | AF1: 11-02 | AG1: 11-03 | AH1: 11-04 | AI1: 11-05 | AJ1: 11-06 | AK1: 11-09 | AL1: 11-10 | AM1: 11-11 | AN1: 11-12 | AO1: 11-13 | AP1: 11-16 | AQ1: 11-17 | AR1: 11-18 | AS1: 11-19 | AT1: 11-20 | AU1: 11-23 | AV1: 11-24 | AW1: 11-25 | AX1: 11-27 | AY1: 11-30 | AZ1: 12-01 | BA1: 12-02 | BB1: 12-03 | BC1: 12-04 | BD1: 12-07 | BE1: 12-08 | BF1: 12-09 | BG1: 12-10 | BH1: 12-11 | BI1: 12-14 | BJ1: 12-15 | BK1: 12-16 | BL1: 12-17 | BM1: 12-18 | BN1: 12-21 | BO1: 12-22 | BP1: 12-23 | BQ1: 12-24 | BR1: 12-28 | BS1: 12-29 | BT1: 12-30 | BU1: 12-31 | BV1: 01-04 | BW1: 01-05 | BX1: 01-06 | BY1: 01-07 | BZ1: 01-08 | CA1: 01-11 | CB1: 01-12 | CC1: 01-13 | CD1: 01-14 | CE1: 01-15 | CF1: 01-19 | CG1: 01-20 | CH1: 01-21 | CI1: 01-22 | CJ1: 01-25 | CK1: 01-26 | CL1: 01-27 | CM1: 01-28 | CN1: 01-29 | CO1: 02-01 | CP1: 02-02 | CQ1: 02-03 | CR1: 02-04 | CS1: 02-05 | CT1: 02-08 | CU1: 02-09 | CV1: 02-10 | CW1: 02-11 | CX1: 02-12
A2: Sector-neutral overnight excess, bps | B2: worst 100 by yesterday's close-to-close return | C2: =IF((1=1),SUMIFS('Daily evaluations'!$D$2:$D$36,'Daily evaluations'!$B$2:$B$36,"=naive_loser1d",'Daily evaluations'!$C$2:$C$36,"=d20260922"),"") -> 13.654 | D2: =IF((0=1),SUMIFS('Daily evaluations'!$D$2:$D$36,'Daily evaluations'!$B$2:$B$36,"=naive_loser1d",'Daily evaluations'!$C$2:$C$36,"=d20260923"),"") | E2: =IF((0=1),SUMIFS('Daily evaluations'!$D$2:$D$36,'Daily evaluations'!$B$2:$B$36,"=naive_loser1d",'Daily evaluations'!$C$2:$C$36,"=d20260924"),"") | F2: =IF((0=1),SUMIFS('Daily evaluations'!$D$2:$D$36,'Daily evaluations'!$B$2:$B$36,"=naive_loser1d",'Daily evaluations'!$C$2:$C$36,"=d20260925"),"") | G2: =IF((0=1),SUMIFS('Daily evaluations'!$D$2:$D$36,'Daily evaluations'!$B$2:$B$36,"=naive_loser1d",'Daily evaluations'!$C$2:$C$36,"=d20260928"),"") | H2: =IF((0=1),SUMIFS('Daily evaluations'!$D$2:$D$36,'Daily evaluations'!$B$2:$B$36,"=naive_loser1d",'Daily evaluations'!$C$2:$C$36,"=d20260929"),"") | I2: =IF((0=1),SUMIFS('Daily evaluations'!$D$2:$D$36,'Daily evaluations'!$B$2:$B$36,"=naive_loser1d",'Daily evaluations'!$C$2:$C$36,"=d20260930"),"") | J2: =IF((0=1),SUMIFS('Daily evaluations'!$D$2:$D$36,'Daily evaluations'!$B$2:$B$36,"=naive_loser1d",'Daily evaluations'!$C$2:$C$36,"=d20261001"),"") | K2: =IF((0=1),SUMIFS('Daily evaluations'!$D$2:$D$36,'Daily evaluations'!$B$2:$B$36,"=naive_loser1d",'Daily evaluations'!$C$2:$C$36,"=d20261002"),"") | L2: =IF((0=1),SUMIFS('Daily evaluations'!$D$2:$D$36,'Daily evaluations'!$B$2:$B$36,"=naive_loser1d",'Daily evaluations'!$C$2:$C$36,"=d20261005"),"") | M2: =IF((0=1),SUMIFS('Daily evaluations'!$D$2:$D$36,'Daily evaluations'!$B$2:$B$36,"=naive_loser1d",'Daily evaluations'!$C$2:$C$36,"=d20261006"),"") | N2: =IF((0=1),SUMIFS('Daily evaluations'!$D$2:$D$36,'Daily evaluations'!$B$2:$B$36,"=naive_loser1d",'Daily evaluations'!$C$2:$C$36,"=d20261007"),"") | O2: =IF((0=1),SUMIFS('Daily evaluations'!$D$2:$D$36,'Daily evaluations'!$B$2:$B$36,"=naive_loser1d",'Daily evaluations'!$C$2:$C$36,"=d20261008"),"") | P2: =IF((0=1),SUMIFS('Daily evaluations'!$D$2:$D$36,'Daily evaluations'!$B$2:$B$36,"=naive_loser1d",'Daily evaluations'!$C$2:$C$36,"=d20261009"),"") | Q2: =IF((0=1),SUMIFS('Daily evaluations'!$D$2:$D$36,'Daily evaluations'!$B$2:$B$36,"=naive_loser1d",'Daily evaluations'!$C$2:$C$36,"=d20261012"),"") | R2: =IF((0=1),SUMIFS('Daily evaluations'!$D$2:$D$36,'Daily evaluations'!$B$2:$B$36,"=naive_loser1d",'Daily evaluations'!$C$2:$C$36,"=d20261013"),"") | S2: =IF((0=1),SUMIFS('Daily evaluations'!$D$2:$D$36,'Daily evaluations'!$B$2:$B$36,"=naive_loser1d",'Daily evaluations'!$C$2:$C$36,"=d20261014"),"") | T2: =IF((0=1),SUMIFS('Daily evaluations'!$D$2:$D$36,'Daily evaluations'!$B$2:$B$36,"=naive_loser1d",'Daily evaluations'!$C$2:$C$36,"=d20261015"),"") | U2: =IF((0=1),SUMIFS('Daily evaluations'!$D$2:$D$36,'Daily evaluations'!$B$2:$B$36,"=naive_loser1d",'Daily evaluations'!$C$2:$C$36,"=d20261016"),"") | V2: =IF((0=1),SUMIFS('Daily evaluations'!$D$2:$D$36,'Daily evaluations'!$B$2:$B$36,"=naive_loser1d",'Daily evaluations'!$C$2:$C$36,"=d20261019"),"") | W2: =IF((0=1),SUMIFS('Daily evaluations'!$D$2:$D$36,'Daily evaluations'!$B$2:$B$36,"=naive_loser1d",'Daily evaluations'!$C$2:$C$36,"=d20261020"),"") | X2: =IF((0=1),SUMIFS('Daily evaluations'!$D$2:$D$36,'Daily evaluations'!$B$2:$B$36,"=naive_loser1d",'Daily evaluations'!$C$2:$C$36,"=d20261021"),"") | Y2: =IF((0=1),SUMIFS('Daily evaluations'!$D$2:$D$36,'Daily evaluations'!$B$2:$B$36,"=naive_loser1d",'Daily evaluations'!$C$2:$C$36,"=d20261022"),"") | Z2: =IF((0=1),SUMIFS('Daily evaluations'!$D$2:$D$36,'Daily evaluations'!$B$2:$B$36,"=naive_loser1d",'Daily evaluations'!$C$2:$C$36,"=d20261023"),"") | AA2: =IF((0=1),SUMIFS('Daily evaluations'!$D$2:$D$36,'Daily evaluations'!$B$2:$B$36,"=naive_loser1d",'Daily evaluations'!$C$2:$C$36,"=d20261026"),"") | AB2: =IF((0=1),SUMIFS('Daily evaluations'!$D$2:$D$36,'Daily evaluations'!$B$2:$B$36,"=naive_loser1d",'Daily evaluations'!$C$2:$C$36,"=d20261027"),"") | AC2: =IF((0=1),SUMIFS('Daily evaluations'!$D$2:$D$36,'Daily evaluations'!$B$2:$B$36,"=naive_loser1d",'Daily evaluations'!$C$2:$C$36,"=d20261028"),"") | AD2: =IF((0=1),SUMIFS('Daily evaluations'!$D$2:$D$36,'Daily evaluations'!$B$2:$B$36,"=naive_loser1d",'Daily evaluations'!$C$2:$C$36,"=d20261029"),"") | AE2: =IF((0=1),SUMIFS('Daily evaluations'!$D$2:$D$36,'Daily evaluations'!$B$2:$B$36,"=naive_loser1d",'Daily evaluations'!$C$2:$C$36,"=d20261030"),"") | AF2: =IF((0=1),SUMIFS('Daily evaluations'!$D$2:$D$36,'Daily evaluations'!$B$2:$B$36,"=naive_loser1d",'Daily evaluations'!$C$2:$C$36,"=d20261102"),"") | AG2: =IF((0=1),SUMIFS('Daily evaluations'!$D$2:$D$36,'Daily evaluations'!$B$2:$B$36,"=naive_loser1d",'Daily evaluations'!$C$2:$C$36,"=d20261103"),"") | AH2: =IF((0=1),SUMIFS('Daily evaluations'!$D$2:$D$36,'Daily evaluations'!$B$2:$B$36,"=naive_loser1d",'Daily evaluations'!$C$2:$C$36,"=d20261104"),"") | AI2: =IF((0=1),SUMIFS('Daily evaluations'!$D$2:$D$36,'Daily evaluations'!$B$2:$B$36,"=naive_loser1d",'Daily evaluations'!$C$2:$C$36,"=d20261105"),"") | AJ2: =IF((0=1),SUMIFS('Daily evaluations'!$D$2:$D$36,'Daily evaluations'!$B$2:$B$36,"=naive_loser1d",'Daily evaluations'!$C$2:$C$36,"=d20261106"),"") | AK2: =IF((0=1),SUMIFS('Daily evaluations'!$D$2:$D$36,'Daily evaluations'!$B$2:$B$36,"=naive_loser1d",'Daily evaluations'!$C$2:$C$36,"=d20261109"),"") | AL2: =IF((0=1),SUMIFS('Daily evaluations'!$D$2:$D$36,'Daily evaluations'!$B$2:$B$36,"=naive_loser1d",'Daily evaluations'!$C$2:$C$36,"=d20261110"),"") | AM2: =IF((0=1),SUMIFS('Daily evaluations'!$D$2:$D$36,'Daily evaluations'!$B$2:$B$36,"=naive_loser1d",'Daily evaluations'!$C$2:$C$36,"=d20261111"),"") | AN2: =IF((0=1),SUMIFS('Daily evaluations'!$D$2:$D$36,'Daily evaluations'!$B$2:$B$36,"=naive_loser1d",'Daily evaluations'!$C$2:$C$36,"=d20261112"),"") | AO2: =IF((0=1),SUMIFS('Daily evaluations'!$D$2:$D$36,'Daily evaluations'!$B$2:$B$36,"=naive_loser1d",'Daily evaluations'!$C$2:$C$36,"=d20261113"),"") | AP2: =IF((0=1),SUMIFS('Daily evaluations'!$D$2:$D$36,'Daily evaluations'!$B$2:$B$36,"=naive_loser1d",'Daily evaluations'!$C$2:$C$36,"=d20261116"),"") | AQ2: =IF((0=1),SUMIFS('Daily evaluations'!$D$2:$D$36,'Daily evaluations'!$B$2:$B$36,"=naive_loser1d",'Daily evaluations'!$C$2:$C$36,"=d20261117"),"") | AR2: =IF((0=1),SUMIFS('Daily evaluations'!$D$2:$D$36,'Daily evaluations'!$B$2:$B$36,"=naive_loser1d",'Daily evaluations'!$C$2:$C$36,"=d20261118"),"") | AS2: =IF((0=1),SUMIFS('Daily evaluations'!$D$2:$D$36,'Daily evaluations'!$B$2:$B$36,"=naive_loser1d",'Daily evaluations'!$C$2:$C$36,"=d20261119"),"") | AT2: =IF((0=1),SUMIFS('Daily evaluations'!$D$2:$D$36,'Daily evaluations'!$B$2:$B$36,"=naive_loser1d",'Daily evaluations'!$C$2:$C$36,"=d20261120"),"") | AU2: =IF((0=1),SUMIFS('Daily evaluations'!$D$2:$D$36,'Daily evaluations'!$B$2:$B$36,"=naive_loser1d",'Daily evaluations'!$C$2:$C$36,"=d20261123"),"") | AV2: =IF((0=1),SUMIFS('Daily evaluations'!$D$2:$D$36,'Daily evaluations'!$B$2:$B$36,"=naive_loser1d",'Daily evaluations'!$C$2:$C$36,"=d20261124"),"") | AW2: =IF((0=1),SUMIFS('Daily evaluations'!$D$2:$D$36,'Daily evaluations'!$B$2:$B$36,"=naive_loser1d",'Daily evaluations'!$C$2:$C$36,"=d20261125"),"") | AX2: =IF((0=1),SUMIFS('Daily evaluations'!$D$2:$D$36,'Daily evaluations'!$B$2:$B$36,"=naive_loser1d",'Daily evaluations'!$C$2:$C$36,"=d20261127"),"") | AY2: =IF((0=1),SUMIFS('Daily evaluations'!$D$2:$D$36,'Daily evaluations'!$B$2:$B$36,"=naive_loser1d",'Daily evaluations'!$C$2:$C$36,"=d20261130"),"") | AZ2: =IF((0=1),SUMIFS('Daily evaluations'!$D$2:$D$36,'Daily evaluations'!$B$2:$B$36,"=naive_loser1d",'Daily evaluations'!$C$2:$C$36,"=d20261201"),"") | BA2: =IF((0=1),SUMIFS('Daily evaluations'!$D$2:$D$36,'Daily evaluations'!$B$2:$B$36,"=naive_loser1d",'Daily evaluations'!$C$2:$C$36,"=d20261202"),"") | BB2: =IF((0=1),SUMIFS('Daily evaluations'!$D$2:$D$36,'Daily evaluations'!$B$2:$B$36,"=naive_loser1d",'Daily evaluations'!$C$2:$C$36,"=d20261203"),"") | BC2: =IF((0=1),SUMIFS('Daily evaluations'!$D$2:$D$36,'Daily evaluations'!$B$2:$B$36,"=naive_loser1d",'Daily evaluations'!$C$2:$C$36,"=d20261204"),"") | BD2: =IF((0=1),SUMIFS('Daily evaluations'!$D$2:$D$36,'Daily evaluations'!$B$2:$B$36,"=naive_loser1d",'Daily evaluations'!$C$2:$C$36,"=d20261207"),"") | BE2: =IF((0=1),SUMIFS('Daily evaluations'!$D$2:$D$36,'Daily evaluations'!$B$2:$B$36,"=naive_loser1d",'Daily evaluations'!$C$2:$C$36,"=d20261208"),"") | BF2: =IF((0=1),SUMIFS('Daily evaluations'!$D$2:$D$36,'Daily evaluations'!$B$2:$B$36,"=naive_loser1d",'Daily evaluations'!$C$2:$C$36,"=d20261209"),"") | BG2: =IF((0=1),SUMIFS('Daily evaluations'!$D$2:$D$36,'Daily evaluations'!$B$2:$B$36,"=naive_loser1d",'Daily evaluations'!$C$2:$C$36,"=d20261210"),"") | BH2: =IF((0=1),SUMIFS('Daily evaluations'!$D$2:$D$36,'Daily evaluations'!$B$2:$B$36,"=naive_loser1d",'Daily evaluations'!$C$2:$C$36,"=d20261211"),"") | BI2: =IF((0=1),SUMIFS('Daily evaluations'!$D$2:$D$36,'Daily evaluations'!$B$2:$B$36,"=naive_loser1d",'Daily evaluations'!$C$2:$C$36,"=d20261214"),"") | BJ2: =IF((0=1),SUMIFS('Daily evaluations'!$D$2:$D$36,'Daily evaluations'!$B$2:$B$36,"=naive_loser1d",'Daily evaluations'!$C$2:$C$36,"=d20261215"),"") | BK2: =IF((0=1),SUMIFS('Daily evaluations'!$D$2:$D$36,'Daily evaluations'!$B$2:$B$36,"=naive_loser1d",'Daily evaluations'!$C$2:$C$36,"=d20261216"),"") | BL2: =IF((0=1),SUMIFS('Daily evaluations'!$D$2:$D$36,'Daily evaluations'!$B$2:$B$36,"=naive_loser1d",'Daily evaluations'!$C$2:$C$36,"=d20261217"),"") | BM2: =IF((0=1),SUMIFS('Daily evaluations'!$D$2:$D$36,'Daily evaluations'!$B$2:$B$36,"=naive_loser1d",'Daily evaluations'!$C$2:$C$36,"=d20261218"),"") | BN2: =IF((0=1),SUMIFS('Daily evaluations'!$D$2:$D$36,'Daily evaluations'!$B$2:$B$36,"=naive_loser1d",'Daily evaluations'!$C$2:$C$36,"=d20261221"),"") | BO2: =IF((0=1),SUMIFS('Daily evaluations'!$D$2:$D$36,'Daily evaluations'!$B$2:$B$36,"=naive_loser1d",'Daily evaluations'!$C$2:$C$36,"=d20261222"),"") | BP2: =IF((0=1),SUMIFS('Daily evaluations'!$D$2:$D$36,'Daily evaluations'!$B$2:$B$36,"=naive_loser1d",'Daily evaluations'!$C$2:$C$36,"=d20261223"),"") | BQ2: =IF((0=1),SUMIFS('Daily evaluations'!$D$2:$D$36,'Daily evaluations'!$B$2:$B$36,"=naive_loser1d",'Daily evaluations'!$C$2:$C$36,"=d20261224"),"") | BR2: =IF((0=1),SUMIFS('Daily evaluations'!$D$2:$D$36,'Daily evaluations'!$B$2:$B$36,"=naive_loser1d",'Daily evaluations'!$C$2:$C$36,"=d20261228"),"") | BS2: =IF((0=1),SUMIFS('Daily evaluations'!$D$2:$D$36,'Daily evaluations'!$B$2:$B$36,"=naive_loser1d",'Daily evaluations'!$C$2:$C$36,"=d20261229"),"") | BT2: =IF((0=1),SUMIFS('Daily evaluations'!$D$2:$D$36,'Daily evaluations'!$B$2:$B$36,"=naive_loser1d",'Daily evaluations'!$C$2:$C$36,"=d20261230"),"") | BU2: =IF((0=1),SUMIFS('Daily evaluations'!$D$2:$D$36,'Daily evaluations'!$B$2:$B$36,"=naive_loser1d",'Daily evaluations'!$C$2:$C$36,"=d20261231"),"") | BV2: =IF((0=1),SUMIFS('Daily evaluations'!$D$2:$D$36,'Daily evaluations'!$B$2:$B$36,"=naive_loser1d",'Daily evaluations'!$C$2:$C$36,"=d20270104"),"") | BW2: =IF((0=1),SUMIFS('Daily evaluations'!$D$2:$D$36,'Daily evaluations'!$B$2:$B$36,"=naive_loser1d",'Daily evaluations'!$C$2:$C$36,"=d20270105"),"") | BX2: =IF((0=1),SUMIFS('Daily evaluations'!$D$2:$D$36,'Daily evaluations'!$B$2:$B$36,"=naive_loser1d",'Daily evaluations'!$C$2:$C$36,"=d20270106"),"") | BY2: =IF((0=1),SUMIFS('Daily evaluations'!$D$2:$D$36,'Daily evaluations'!$B$2:$B$36,"=naive_loser1d",'Daily evaluations'!$C$2:$C$36,"=d20270107"),"") | BZ2: =IF((0=1),SUMIFS('Daily evaluations'!$D$2:$D$36,'Daily evaluations'!$B$2:$B$36,"=naive_loser1d",'Daily evaluations'!$C$2:$C$36,"=d20270108"),"") | CA2: =IF((0=1),SUMIFS('Daily evaluations'!$D$2:$D$36,'Daily evaluations'!$B$2:$B$36,"=naive_loser1d",'Daily evaluations'!$C$2:$C$36,"=d20270111"),"") | CB2: =IF((0=1),SUMIFS('Daily evaluations'!$D$2:$D$36,'Daily evaluations'!$B$2:$B$36,"=naive_loser1d",'Daily evaluations'!$C$2:$C$36,"=d20270112"),"") | CC2: =IF((0=1),SUMIFS('Daily evaluations'!$D$2:$D$36,'Daily evaluations'!$B$2:$B$36,"=naive_loser1d",'Daily evaluations'!$C$2:$C$36,"=d20270113"),"") | CD2: =IF((0=1),SUMIFS('Daily evaluations'!$D$2:$D$36,'Daily evaluations'!$B$2:$B$36,"=naive_loser1d",'Daily evaluations'!$C$2:$C$36,"=d20270114"),"") | CE2: =IF((0=1),SUMIFS('Daily evaluations'!$D$2:$D$36,'Daily evaluations'!$B$2:$B$36,"=naive_loser1d",'Daily evaluations'!$C$2:$C$36,"=d20270115"),"") | CF2: =IF((0=1),SUMIFS('Daily evaluations'!$D$2:$D$36,'Daily evaluations'!$B$2:$B$36,"=naive_loser1d",'Daily evaluations'!$C$2:$C$36,"=d20270119"),"") | CG2: =IF((0=1),SUMIFS('Daily evaluations'!$D$2:$D$36,'Daily evaluations'!$B$2:$B$36,"=naive_loser1d",'Daily evaluations'!$C$2:$C$36,"=d20270120"),"") | CH2: =IF((0=1),SUMIFS('Daily evaluations'!$D$2:$D$36,'Daily evaluations'!$B$2:$B$36,"=naive_loser1d",'Daily evaluations'!$C$2:$C$36,"=d20270121"),"") | CI2: =IF((0=1),SUMIFS('Daily evaluations'!$D$2:$D$36,'Daily evaluations'!$B$2:$B$36,"=naive_loser1d",'Daily evaluations'!$C$2:$C$36,"=d20270122"),"") | CJ2: =IF((0=1),SUMIFS('Daily evaluations'!$D$2:$D$36,'Daily evaluations'!$B$2:$B$36,"=naive_loser1d",'Daily evaluations'!$C$2:$C$36,"=d20270125"),"") | CK2: =IF((0=1),SUMIFS('Daily evaluations'!$D$2:$D$36,'Daily evaluations'!$B$2:$B$36,"=naive_loser1d",'Daily evaluations'!$C$2:$C$36,"=d20270126"),"") | CL2: =IF((0=1),SUMIFS('Daily evaluations'!$D$2:$D$36,'Daily evaluations'!$B$2:$B$36,"=naive_loser1d",'Daily evaluations'!$C$2:$C$36,"=d20270127"),"") | CM2: =IF((0=1),SUMIFS('Daily evaluations'!$D$2:$D$36,'Daily evaluations'!$B$2:$B$36,"=naive_loser1d",'Daily evaluations'!$C$2:$C$36,"=d20270128"),"") | CN2: =IF((0=1),SUMIFS('Daily evaluations'!$D$2:$D$36,'Daily evaluations'!$B$2:$B$36,"=naive_loser1d",'Daily evaluations'!$C$2:$C$36,"=d20270129"),"") | CO2: =IF((0=1),SUMIFS('Daily evaluations'!$D$2:$D$36,'Daily evaluations'!$B$2:$B$36,"=naive_loser1d",'Daily evaluations'!$C$2:$C$36,"=d20270201"),"") | CP2: =IF((0=1),SUMIFS('Daily evaluations'!$D$2:$D$36,'Daily evaluations'!$B$2:$B$36,"=naive_loser1d",'Daily evaluations'!$C$2:$C$36,"=d20270202"),"") | CQ2: =IF((0=1),SUMIFS('Daily evaluations'!$D$2:$D$36,'Daily evaluations'!$B$2:$B$36,"=naive_loser1d",'Daily evaluations'!$C$2:$C$36,"=d20270203"),"") | CR2: =IF((0=1),SUMIFS('Daily evaluations'!$D$2:$D$36,'Daily evaluations'!$B$2:$B$36,"=naive_loser1d",'Daily evaluations'!$C$2:$C$36,"=d20270204"),"") | CS2: =IF((0=1),SUMIFS('Daily evaluations'!$D$2:$D$36,'Daily evaluations'!$B$2:$B$36,"=naive_loser1d",'Daily evaluations'!$C$2:$C$36,"=d20270205"),"") | CT2: =IF((0=1),SUMIFS('Daily evaluations'!$D$2:$D$36,'Daily evaluations'!$B$2:$B$36,"=naive_loser1d",'Daily evaluations'!$C$2:$C$36,"=d20270208"),"") | CU2: =IF((0=1),SUMIFS('Daily evaluations'!$D$2:$D$36,'Daily evaluations'!$B$2:$B$36,"=naive_loser1d",'Daily evaluations'!$C$2:$C$36,"=d20270209"),"") | CV2: =IF((0=1),SUMIFS('Daily evaluations'!$D$2:$D$36,'Daily evaluations'!$B$2:$B$36,"=naive_loser1d",'Daily evaluations'!$C$2:$C$36,"=d20270210"),"") | CW2: =IF((0=1),SUMIFS('Daily evaluations'!$D$2:$D$36,'Daily evaluations'!$B$2:$B$36,"=naive_loser1d",'Daily evaluations'!$C$2:$C$36,"=d20270211"),"") | CX2: =IF((0=1),SUMIFS('Daily evaluations'!$D$2:$D$36,'Daily evaluations'!$B$2:$B$36,"=naive_loser1d",'Daily evaluations'!$C$2:$C$36,"=d20270212"),"")
A3: Sector-neutral overnight excess, bps | B3: lowest 100 by 60-day volatility | C3: =IF((1=1),SUMIFS('Daily evaluations'!$D$2:$D$36,'Daily evaluations'!$B$2:$B$36,"=naive_lowvol",'Daily evaluations'!$C$2:$C$36,"=d20260922"),"") -> 12.648 | D3: =IF((0=1),SUMIFS('Daily evaluations'!$D$2:$D$36,'Daily evaluations'!$B$2:$B$36,"=naive_lowvol",'Daily evaluations'!$C$2:$C$36,"=d20260923"),"") | E3: =IF((0=1),SUMIFS('Daily evaluations'!$D$2:$D$36,'Daily evaluations'!$B$2:$B$36,"=naive_lowvol",'Daily evaluations'!$C$2:$C$36,"=d20260924"),"") | F3: =IF((0=1),SUMIFS('Daily evaluations'!$D$2:$D$36,'Daily evaluations'!$B$2:$B$36,"=naive_lowvol",'Daily evaluations'!$C$2:$C$36,"=d20260925"),"") | G3: =IF((0=1),SUMIFS('Daily evaluations'!$D$2:$D$36,'Daily evaluations'!$B$2:$B$36,"=naive_lowvol",'Daily evaluations'!$C$2:$C$36,"=d20260928"),"") | H3: =IF((0=1),SUMIFS('Daily evaluations'!$D$2:$D$36,'Daily evaluations'!$B$2:$B$36,"=naive_lowvol",'Daily evaluations'!$C$2:$C$36,"=d20260929"),"") | I3: =IF((0=1),SUMIFS('Daily evaluations'!$D$2:$D$36,'Daily evaluations'!$B$2:$B$36,"=naive_lowvol",'Daily evaluations'!$C$2:$C$36,"=d20260930"),"") | J3: =IF((0=1),SUMIFS('Daily evaluations'!$D$2:$D$36,'Daily evaluations'!$B$2:$B$36,"=naive_lowvol",'Daily evaluations'!$C$2:$C$36,"=d20261001"),"") | K3: =IF((0=1),SUMIFS('Daily evaluations'!$D$2:$D$36,'Daily evaluations'!$B$2:$B$36,"=naive_lowvol",'Daily evaluations'!$C$2:$C$36,"=d20261002"),"") | L3: =IF((0=1),SUMIFS('Daily evaluations'!$D$2:$D$36,'Daily evaluations'!$B$2:$B$36,"=naive_lowvol",'Daily evaluations'!$C$2:$C$36,"=d20261005"),"") | M3: =IF((0=1),SUMIFS('Daily evaluations'!$D$2:$D$36,'Daily evaluations'!$B$2:$B$36,"=naive_lowvol",'Daily evaluations'!$C$2:$C$36,"=d20261006"),"") | N3: =IF((0=1),SUMIFS('Daily evaluations'!$D$2:$D$36,'Daily evaluations'!$B$2:$B$36,"=naive_lowvol",'Daily evaluations'!$C$2:$C$36,"=d20261007"),"") | O3: =IF((0=1),SUMIFS('Daily evaluations'!$D$2:$D$36,'Daily evaluations'!$B$2:$B$36,"=naive_lowvol",'Daily evaluations'!$C$2:$C$36,"=d20261008"),"") | P3: =IF((0=1),SUMIFS('Daily evaluations'!$D$2:$D$36,'Daily evaluations'!$B$2:$B$36,"=naive_lowvol",'Daily evaluations'!$C$2:$C$36,"=d20261009"),"") | Q3: =IF((0=1),SUMIFS('Daily evaluations'!$D$2:$D$36,'Daily evaluations'!$B$2:$B$36,"=naive_lowvol",'Daily evaluations'!$C$2:$C$36,"=d20261012"),"") | R3: =IF((0=1),SUMIFS('Daily evaluations'!$D$2:$D$36,'Daily evaluations'!$B$2:$B$36,"=naive_lowvol",'Daily evaluations'!$C$2:$C$36,"=d20261013"),"") | S3: =IF((0=1),SUMIFS('Daily evaluations'!$D$2:$D$36,'Daily evaluations'!$B$2:$B$36,"=naive_lowvol",'Daily evaluations'!$C$2:$C$36,"=d20261014"),"") | T3: =IF((0=1),SUMIFS('Daily evaluations'!$D$2:$D$36,'Daily evaluations'!$B$2:$B$36,"=naive_lowvol",'Daily evaluations'!$C$2:$C$36,"=d20261015"),"") | U3: =IF((0=1),SUMIFS('Daily evaluations'!$D$2:$D$36,'Daily evaluations'!$B$2:$B$36,"=naive_lowvol",'Daily evaluations'!$C$2:$C$36,"=d20261016"),"") | V3: =IF((0=1),SUMIFS('Daily evaluations'!$D$2:$D$36,'Daily evaluations'!$B$2:$B$36,"=naive_lowvol",'Daily evaluations'!$C$2:$C$36,"=d20261019"),"") | W3: =IF((0=1),SUMIFS('Daily evaluations'!$D$2:$D$36,'Daily evaluations'!$B$2:$B$36,"=naive_lowvol",'Daily evaluations'!$C$2:$C$36,"=d20261020"),"") | X3: =IF((0=1),SUMIFS('Daily evaluations'!$D$2:$D$36,'Daily evaluations'!$B$2:$B$36,"=naive_lowvol",'Daily evaluations'!$C$2:$C$36,"=d20261021"),"") | Y3: =IF((0=1),SUMIFS('Daily evaluations'!$D$2:$D$36,'Daily evaluations'!$B$2:$B$36,"=naive_lowvol",'Daily evaluations'!$C$2:$C$36,"=d20261022"),"") | Z3: =IF((0=1),SUMIFS('Daily evaluations'!$D$2:$D$36,'Daily evaluations'!$B$2:$B$36,"=naive_lowvol",'Daily evaluations'!$C$2:$C$36,"=d20261023"),"") | AA3: =IF((0=1),SUMIFS('Daily evaluations'!$D$2:$D$36,'Daily evaluations'!$B$2:$B$36,"=naive_lowvol",'Daily evaluations'!$C$2:$C$36,"=d20261026"),"") | AB3: =IF((0=1),SUMIFS('Daily evaluations'!$D$2:$D$36,'Daily evaluations'!$B$2:$B$36,"=naive_lowvol",'Daily evaluations'!$C$2:$C$36,"=d20261027"),"") | AC3: =IF((0=1),SUMIFS('Daily evaluations'!$D$2:$D$36,'Daily evaluations'!$B$2:$B$36,"=naive_lowvol",'Daily evaluations'!$C$2:$C$36,"=d20261028"),"") | AD3: =IF((0=1),SUMIFS('Daily evaluations'!$D$2:$D$36,'Daily evaluations'!$B$2:$B$36,"=naive_lowvol",'Daily evaluations'!$C$2:$C$36,"=d20261029"),"") | AE3: =IF((0=1),SUMIFS('Daily evaluations'!$D$2:$D$36,'Daily evaluations'!$B$2:$B$36,"=naive_lowvol",'Daily evaluations'!$C$2:$C$36,"=d20261030"),"") | AF3: =IF((0=1),SUMIFS('Daily evaluations'!$D$2:$D$36,'Daily evaluations'!$B$2:$B$36,"=naive_lowvol",'Daily evaluations'!$C$2:$C$36,"=d20261102"),"") | AG3: =IF((0=1),SUMIFS('Daily evaluations'!$D$2:$D$36,'Daily evaluations'!$B$2:$B$36,"=naive_lowvol",'Daily evaluations'!$C$2:$C$36,"=d20261103"),"") | AH3: =IF((0=1),SUMIFS('Daily evaluations'!$D$2:$D$36,'Daily evaluations'!$B$2:$B$36,"=naive_lowvol",'Daily evaluations'!$C$2:$C$36,"=d20261104"),"") | AI3: =IF((0=1),SUMIFS('Daily evaluations'!$D$2:$D$36,'Daily evaluations'!$B$2:$B$36,"=naive_lowvol",'Daily evaluations'!$C$2:$C$36,"=d20261105"),"") | AJ3: =IF((0=1),SUMIFS('Daily evaluations'!$D$2:$D$36,'Daily evaluations'!$B$2:$B$36,"=naive_lowvol",'Daily evaluations'!$C$2:$C$36,"=d20261106"),"") | AK3: =IF((0=1),SUMIFS('Daily evaluations'!$D$2:$D$36,'Daily evaluations'!$B$2:$B$36,"=naive_lowvol",'Daily evaluations'!$C$2:$C$36,"=d20261109"),"") | AL3: =IF((0=1),SUMIFS('Daily evaluations'!$D$2:$D$36,'Daily evaluations'!$B$2:$B$36,"=naive_lowvol",'Daily evaluations'!$C$2:$C$36,"=d20261110"),"") | AM3: =IF((0=1),SUMIFS('Daily evaluations'!$D$2:$D$36,'Daily evaluations'!$B$2:$B$36,"=naive_lowvol",'Daily evaluations'!$C$2:$C$36,"=d20261111"),"") | AN3: =IF((0=1),SUMIFS('Daily evaluations'!$D$2:$D$36,'Daily evaluations'!$B$2:$B$36,"=naive_lowvol",'Daily evaluations'!$C$2:$C$36,"=d20261112"),"") | AO3: =IF((0=1),SUMIFS('Daily evaluations'!$D$2:$D$36,'Daily evaluations'!$B$2:$B$36,"=naive_lowvol",'Daily evaluations'!$C$2:$C$36,"=d20261113"),"") | AP3: =IF((0=1),SUMIFS('Daily evaluations'!$D$2:$D$36,'Daily evaluations'!$B$2:$B$36,"=naive_lowvol",'Daily evaluations'!$C$2:$C$36,"=d20261116"),"") | AQ3: =IF((0=1),SUMIFS('Daily evaluations'!$D$2:$D$36,'Daily evaluations'!$B$2:$B$36,"=naive_lowvol",'Daily evaluations'!$C$2:$C$36,"=d20261117"),"") | AR3: =IF((0=1),SUMIFS('Daily evaluations'!$D$2:$D$36,'Daily evaluations'!$B$2:$B$36,"=naive_lowvol",'Daily evaluations'!$C$2:$C$36,"=d20261118"),"") | AS3: =IF((0=1),SUMIFS('Daily evaluations'!$D$2:$D$36,'Daily evaluations'!$B$2:$B$36,"=naive_lowvol",'Daily evaluations'!$C$2:$C$36,"=d20261119"),"") | AT3: =IF((0=1),SUMIFS('Daily evaluations'!$D$2:$D$36,'Daily evaluations'!$B$2:$B$36,"=naive_lowvol",'Daily evaluations'!$C$2:$C$36,"=d20261120"),"") | AU3: =IF((0=1),SUMIFS('Daily evaluations'!$D$2:$D$36,'Daily evaluations'!$B$2:$B$36,"=naive_lowvol",'Daily evaluations'!$C$2:$C$36,"=d20261123"),"") | AV3: =IF((0=1),SUMIFS('Daily evaluations'!$D$2:$D$36,'Daily evaluations'!$B$2:$B$36,"=naive_lowvol",'Daily evaluations'!$C$2:$C$36,"=d20261124"),"") | AW3: =IF((0=1),SUMIFS('Daily evaluations'!$D$2:$D$36,'Daily evaluations'!$B$2:$B$36,"=naive_lowvol",'Daily evaluations'!$C$2:$C$36,"=d20261125"),"") | AX3: =IF((0=1),SUMIFS('Daily evaluations'!$D$2:$D$36,'Daily evaluations'!$B$2:$B$36,"=naive_lowvol",'Daily evaluations'!$C$2:$C$36,"=d20261127"),"") | AY3: =IF((0=1),SUMIFS('Daily evaluations'!$D$2:$D$36,'Daily evaluations'!$B$2:$B$36,"=naive_lowvol",'Daily evaluations'!$C$2:$C$36,"=d20261130"),"") | AZ3: =IF((0=1),SUMIFS('Daily evaluations'!$D$2:$D$36,'Daily evaluations'!$B$2:$B$36,"=naive_lowvol",'Daily evaluations'!$C$2:$C$36,"=d20261201"),"") | BA3: =IF((0=1),SUMIFS('Daily evaluations'!$D$2:$D$36,'Daily evaluations'!$B$2:$B$36,"=naive_lowvol",'Daily evaluations'!$C$2:$C$36,"=d20261202"),"") | BB3: =IF((0=1),SUMIFS('Daily evaluations'!$D$2:$D$36,'Daily evaluations'!$B$2:$B$36,"=naive_lowvol",'Daily evaluations'!$C$2:$C$36,"=d20261203"),"") | BC3: =IF((0=1),SUMIFS('Daily evaluations'!$D$2:$D$36,'Daily evaluations'!$B$2:$B$36,"=naive_lowvol",'Daily evaluations'!$C$2:$C$36,"=d20261204"),"") | BD3: =IF((0=1),SUMIFS('Daily evaluations'!$D$2:$D$36,'Daily evaluations'!$B$2:$B$36,"=naive_lowvol",'Daily evaluations'!$C$2:$C$36,"=d20261207"),"") | BE3: =IF((0=1),SUMIFS('Daily evaluations'!$D$2:$D$36,'Daily evaluations'!$B$2:$B$36,"=naive_lowvol",'Daily evaluations'!$C$2:$C$36,"=d20261208"),"") | BF3: =IF((0=1),SUMIFS('Daily evaluations'!$D$2:$D$36,'Daily evaluations'!$B$2:$B$36,"=naive_lowvol",'Daily evaluations'!$C$2:$C$36,"=d20261209"),"") | BG3: =IF((0=1),SUMIFS('Daily evaluations'!$D$2:$D$36,'Daily evaluations'!$B$2:$B$36,"=naive_lowvol",'Daily evaluations'!$C$2:$C$36,"=d20261210"),"") | BH3: =IF((0=1),SUMIFS('Daily evaluations'!$D$2:$D$36,'Daily evaluations'!$B$2:$B$36,"=naive_lowvol",'Daily evaluations'!$C$2:$C$36,"=d20261211"),"") | BI3: =IF((0=1),SUMIFS('Daily evaluations'!$D$2:$D$36,'Daily evaluations'!$B$2:$B$36,"=naive_lowvol",'Daily evaluations'!$C$2:$C$36,"=d20261214"),"") | BJ3: =IF((0=1),SUMIFS('Daily evaluations'!$D$2:$D$36,'Daily evaluations'!$B$2:$B$36,"=naive_lowvol",'Daily evaluations'!$C$2:$C$36,"=d20261215"),"") | BK3: =IF((0=1),SUMIFS('Daily evaluations'!$D$2:$D$36,'Daily evaluations'!$B$2:$B$36,"=naive_lowvol",'Daily evaluations'!$C$2:$C$36,"=d20261216"),"") | BL3: =IF((0=1),SUMIFS('Daily evaluations'!$D$2:$D$36,'Daily evaluations'!$B$2:$B$36,"=naive_lowvol",'Daily evaluations'!$C$2:$C$36,"=d20261217"),"") | BM3: =IF((0=1),SUMIFS('Daily evaluations'!$D$2:$D$36,'Daily evaluations'!$B$2:$B$36,"=naive_lowvol",'Daily evaluations'!$C$2:$C$36,"=d20261218"),"") | BN3: =IF((0=1),SUMIFS('Daily evaluations'!$D$2:$D$36,'Daily evaluations'!$B$2:$B$36,"=naive_lowvol",'Daily evaluations'!$C$2:$C$36,"=d20261221"),"") | BO3: =IF((0=1),SUMIFS('Daily evaluations'!$D$2:$D$36,'Daily evaluations'!$B$2:$B$36,"=naive_lowvol",'Daily evaluations'!$C$2:$C$36,"=d20261222"),"") | BP3: =IF((0=1),SUMIFS('Daily evaluations'!$D$2:$D$36,'Daily evaluations'!$B$2:$B$36,"=naive_lowvol",'Daily evaluations'!$C$2:$C$36,"=d20261223"),"") | BQ3: =IF((0=1),SUMIFS('Daily evaluations'!$D$2:$D$36,'Daily evaluations'!$B$2:$B$36,"=naive_lowvol",'Daily evaluations'!$C$2:$C$36,"=d20261224"),"") | BR3: =IF((0=1),SUMIFS('Daily evaluations'!$D$2:$D$36,'Daily evaluations'!$B$2:$B$36,"=naive_lowvol",'Daily evaluations'!$C$2:$C$36,"=d20261228"),"") | BS3: =IF((0=1),SUMIFS('Daily evaluations'!$D$2:$D$36,'Daily evaluations'!$B$2:$B$36,"=naive_lowvol",'Daily evaluations'!$C$2:$C$36,"=d20261229"),"") | BT3: =IF((0=1),SUMIFS('Daily evaluations'!$D$2:$D$36,'Daily evaluations'!$B$2:$B$36,"=naive_lowvol",'Daily evaluations'!$C$2:$C$36,"=d20261230"),"") | BU3: =IF((0=1),SUMIFS('Daily evaluations'!$D$2:$D$36,'Daily evaluations'!$B$2:$B$36,"=naive_lowvol",'Daily evaluations'!$C$2:$C$36,"=d20261231"),"") | BV3: =IF((0=1),SUMIFS('Daily evaluations'!$D$2:$D$36,'Daily evaluations'!$B$2:$B$36,"=naive_lowvol",'Daily evaluations'!$C$2:$C$36,"=d20270104"),"") | BW3: =IF((0=1),SUMIFS('Daily evaluations'!$D$2:$D$36,'Daily evaluations'!$B$2:$B$36,"=naive_lowvol",'Daily evaluations'!$C$2:$C$36,"=d20270105"),"") | BX3: =IF((0=1),SUMIFS('Daily evaluations'!$D$2:$D$36,'Daily evaluations'!$B$2:$B$36,"=naive_lowvol",'Daily evaluations'!$C$2:$C$36,"=d20270106"),"") | BY3: =IF((0=1),SUMIFS('Daily evaluations'!$D$2:$D$36,'Daily evaluations'!$B$2:$B$36,"=naive_lowvol",'Daily evaluations'!$C$2:$C$36,"=d20270107"),"") | BZ3: =IF((0=1),SUMIFS('Daily evaluations'!$D$2:$D$36,'Daily evaluations'!$B$2:$B$36,"=naive_lowvol",'Daily evaluations'!$C$2:$C$36,"=d20270108"),"") | CA3: =IF((0=1),SUMIFS('Daily evaluations'!$D$2:$D$36,'Daily evaluations'!$B$2:$B$36,"=naive_lowvol",'Daily evaluations'!$C$2:$C$36,"=d20270111"),"") | CB3: =IF((0=1),SUMIFS('Daily evaluations'!$D$2:$D$36,'Daily evaluations'!$B$2:$B$36,"=naive_lowvol",'Daily evaluations'!$C$2:$C$36,"=d20270112"),"") | CC3: =IF((0=1),SUMIFS('Daily evaluations'!$D$2:$D$36,'Daily evaluations'!$B$2:$B$36,"=naive_lowvol",'Daily evaluations'!$C$2:$C$36,"=d20270113"),"") | CD3: =IF((0=1),SUMIFS('Daily evaluations'!$D$2:$D$36,'Daily evaluations'!$B$2:$B$36,"=naive_lowvol",'Daily evaluations'!$C$2:$C$36,"=d20270114"),"") | CE3: =IF((0=1),SUMIFS('Daily evaluations'!$D$2:$D$36,'Daily evaluations'!$B$2:$B$36,"=naive_lowvol",'Daily evaluations'!$C$2:$C$36,"=d20270115"),"") | CF3: =IF((0=1),SUMIFS('Daily evaluations'!$D$2:$D$36,'Daily evaluations'!$B$2:$B$36,"=naive_lowvol",'Daily evaluations'!$C$2:$C$36,"=d20270119"),"") | CG3: =IF((0=1),SUMIFS('Daily evaluations'!$D$2:$D$36,'Daily evaluations'!$B$2:$B$36,"=naive_lowvol",'Daily evaluations'!$C$2:$C$36,"=d20270120"),"") | CH3: =IF((0=1),SUMIFS('Daily evaluations'!$D$2:$D$36,'Daily evaluations'!$B$2:$B$36,"=naive_lowvol",'Daily evaluations'!$C$2:$C$36,"=d20270121"),"") | CI3: =IF((0=1),SUMIFS('Daily evaluations'!$D$2:$D$36,'Daily evaluations'!$B$2:$B$36,"=naive_lowvol",'Daily evaluations'!$C$2:$C$36,"=d20270122"),"") | CJ3: =IF((0=1),SUMIFS('Daily evaluations'!$D$2:$D$36,'Daily evaluations'!$B$2:$B$36,"=naive_lowvol",'Daily evaluations'!$C$2:$C$36,"=d20270125"),"") | CK3: =IF((0=1),SUMIFS('Daily evaluations'!$D$2:$D$36,'Daily evaluations'!$B$2:$B$36,"=naive_lowvol",'Daily evaluations'!$C$2:$C$36,"=d20270126"),"") | CL3: =IF((0=1),SUMIFS('Daily evaluations'!$D$2:$D$36,'Daily evaluations'!$B$2:$B$36,"=naive_lowvol",'Daily evaluations'!$C$2:$C$36,"=d20270127"),"") | CM3: =IF((0=1),SUMIFS('Daily evaluations'!$D$2:$D$36,'Daily evaluations'!$B$2:$B$36,"=naive_lowvol",'Daily evaluations'!$C$2:$C$36,"=d20270128"),"") | CN3: =IF((0=1),SUMIFS('Daily evaluations'!$D$2:$D$36,'Daily evaluations'!$B$2:$B$36,"=naive_lowvol",'Daily evaluations'!$C$2:$C$36,"=d20270129"),"") | CO3: =IF((0=1),SUMIFS('Daily evaluations'!$D$2:$D$36,'Daily evaluations'!$B$2:$B$36,"=naive_lowvol",'Daily evaluations'!$C$2:$C$36,"=d20270201"),"") | CP3: =IF((0=1),SUMIFS('Daily evaluations'!$D$2:$D$36,'Daily evaluations'!$B$2:$B$36,"=naive_lowvol",'Daily evaluations'!$C$2:$C$36,"=d20270202"),"") | CQ3: =IF((0=1),SUMIFS('Daily evaluations'!$D$2:$D$36,'Daily evaluations'!$B$2:$B$36,"=naive_lowvol",'Daily evaluations'!$C$2:$C$36,"=d20270203"),"") | CR3: =IF((0=1),SUMIFS('Daily evaluations'!$D$2:$D$36,'Daily evaluations'!$B$2:$B$36,"=naive_lowvol",'Daily evaluations'!$C$2:$C$36,"=d20270204"),"") | CS3: =IF((0=1),SUMIFS('Daily evaluations'!$D$2:$D$36,'Daily evaluations'!$B$2:$B$36,"=naive_lowvol",'Daily evaluations'!$C$2:$C$36,"=d20270205"),"") | CT3: =IF((0=1),SUMIFS('Daily evaluations'!$D$2:$D$36,'Daily evaluations'!$B$2:$B$36,"=naive_lowvol",'Daily evaluations'!$C$2:$C$36,"=d20270208"),"") | CU3: =IF((0=1),SUMIFS('Daily evaluations'!$D$2:$D$36,'Daily evaluations'!$B$2:$B$36,"=naive_lowvol",'Daily evaluations'!$C$2:$C$36,"=d20270209"),"") | CV3: =IF((0=1),SUMIFS('Daily evaluations'!$D$2:$D$36,'Daily evaluations'!$B$2:$B$36,"=naive_lowvol",'Daily evaluations'!$C$2:$C$36,"=d20270210"),"") | CW3: =IF((0=1),SUMIFS('Daily evaluations'!$D$2:$D$36,'Daily evaluations'!$B$2:$B$36,"=naive_lowvol",'Daily evaluations'!$C$2:$C$36,"=d20270211"),"") | CX3: =IF((0=1),SUMIFS('Daily evaluations'!$D$2:$D$36,'Daily evaluations'!$B$2:$B$36,"=naive_lowvol",'Daily evaluations'!$C$2:$C$36,"=d20270212"),"")
A4: Sector-neutral overnight excess, bps | B4: largest 100 by market cap | C4: =IF((1=1),SUMIFS('Daily evaluations'!$D$2:$D$36,'Daily evaluations'!$B$2:$B$36,"=naive_mcap",'Daily evaluations'!$C$2:$C$36,"=d20260922"),"") -> 4.751 | D4: =IF((0=1),SUMIFS('Daily evaluations'!$D$2:$D$36,'Daily evaluations'!$B$2:$B$36,"=naive_mcap",'Daily evaluations'!$C$2:$C$36,"=d20260923"),"") | E4: =IF((0=1),SUMIFS('Daily evaluations'!$D$2:$D$36,'Daily evaluations'!$B$2:$B$36,"=naive_mcap",'Daily evaluations'!$C$2:$C$36,"=d20260924"),"") | F4: =IF((0=1),SUMIFS('Daily evaluations'!$D$2:$D$36,'Daily evaluations'!$B$2:$B$36,"=naive_mcap",'Daily evaluations'!$C$2:$C$36,"=d20260925"),"") | G4: =IF((0=1),SUMIFS('Daily evaluations'!$D$2:$D$36,'Daily evaluations'!$B$2:$B$36,"=naive_mcap",'Daily evaluations'!$C$2:$C$36,"=d20260928"),"") | H4: =IF((0=1),SUMIFS('Daily evaluations'!$D$2:$D$36,'Daily evaluations'!$B$2:$B$36,"=naive_mcap",'Daily evaluations'!$C$2:$C$36,"=d20260929"),"") | I4: =IF((0=1),SUMIFS('Daily evaluations'!$D$2:$D$36,'Daily evaluations'!$B$2:$B$36,"=naive_mcap",'Daily evaluations'!$C$2:$C$36,"=d20260930"),"") | J4: =IF((0=1),SUMIFS('Daily evaluations'!$D$2:$D$36,'Daily evaluations'!$B$2:$B$36,"=naive_mcap",'Daily evaluations'!$C$2:$C$36,"=d20261001"),"") | K4: =IF((0=1),SUMIFS('Daily evaluations'!$D$2:$D$36,'Daily evaluations'!$B$2:$B$36,"=naive_mcap",'Daily evaluations'!$C$2:$C$36,"=d20261002"),"") | L4: =IF((0=1),SUMIFS('Daily evaluations'!$D$2:$D$36,'Daily evaluations'!$B$2:$B$36,"=naive_mcap",'Daily evaluations'!$C$2:$C$36,"=d20261005"),"") | M4: =IF((0=1),SUMIFS('Daily evaluations'!$D$2:$D$36,'Daily evaluations'!$B$2:$B$36,"=naive_mcap",'Daily evaluations'!$C$2:$C$36,"=d20261006"),"") | N4: =IF((0=1),SUMIFS('Daily evaluations'!$D$2:$D$36,'Daily evaluations'!$B$2:$B$36,"=naive_mcap",'Daily evaluations'!$C$2:$C$36,"=d20261007"),"") | O4: =IF((0=1),SUMIFS('Daily evaluations'!$D$2:$D$36,'Daily evaluations'!$B$2:$B$36,"=naive_mcap",'Daily evaluations'!$C$2:$C$36,"=d20261008"),"") | P4: =IF((0=1),SUMIFS('Daily evaluations'!$D$2:$D$36,'Daily evaluations'!$B$2:$B$36,"=naive_mcap",'Daily evaluations'!$C$2:$C$36,"=d20261009"),"") | Q4: =IF((0=1),SUMIFS('Daily evaluations'!$D$2:$D$36,'Daily evaluations'!$B$2:$B$36,"=naive_mcap",'Daily evaluations'!$C$2:$C$36,"=d20261012"),"") | R4: =IF((0=1),SUMIFS('Daily evaluations'!$D$2:$D$36,'Daily evaluations'!$B$2:$B$36,"=naive_mcap",'Daily evaluations'!$C$2:$C$36,"=d20261013"),"") | S4: =IF((0=1),SUMIFS('Daily evaluations'!$D$2:$D$36,'Daily evaluations'!$B$2:$B$36,"=naive_mcap",'Daily evaluations'!$C$2:$C$36,"=d20261014"),"") | T4: =IF((0=1),SUMIFS('Daily evaluations'!$D$2:$D$36,'Daily evaluations'!$B$2:$B$36,"=naive_mcap",'Daily evaluations'!$C$2:$C$36,"=d20261015"),"") | U4: =IF((0=1),SUMIFS('Daily evaluations'!$D$2:$D$36,'Daily evaluations'!$B$2:$B$36,"=naive_mcap",'Daily evaluations'!$C$2:$C$36,"=d20261016"),"") | V4: =IF((0=1),SUMIFS('Daily evaluations'!$D$2:$D$36,'Daily evaluations'!$B$2:$B$36,"=naive_mcap",'Daily evaluations'!$C$2:$C$36,"=d20261019"),"") | W4: =IF((0=1),SUMIFS('Daily evaluations'!$D$2:$D$36,'Daily evaluations'!$B$2:$B$36,"=naive_mcap",'Daily evaluations'!$C$2:$C$36,"=d20261020"),"") | X4: =IF((0=1),SUMIFS('Daily evaluations'!$D$2:$D$36,'Daily evaluations'!$B$2:$B$36,"=naive_mcap",'Daily evaluations'!$C$2:$C$36,"=d20261021"),"") | Y4: =IF((0=1),SUMIFS('Daily evaluations'!$D$2:$D$36,'Daily evaluations'!$B$2:$B$36,"=naive_mcap",'Daily evaluations'!$C$2:$C$36,"=d20261022"),"") | Z4: =IF((0=1),SUMIFS('Daily evaluations'!$D$2:$D$36,'Daily evaluations'!$B$2:$B$36,"=naive_mcap",'Daily evaluations'!$C$2:$C$36,"=d20261023"),"") | AA4: =IF((0=1),SUMIFS('Daily evaluations'!$D$2:$D$36,'Daily evaluations'!$B$2:$B$36,"=naive_mcap",'Daily evaluations'!$C$2:$C$36,"=d20261026"),"") | AB4: =IF((0=1),SUMIFS('Daily evaluations'!$D$2:$D$36,'Daily evaluations'!$B$2:$B$36,"=naive_mcap",'Daily evaluations'!$C$2:$C$36,"=d20261027"),"") | AC4: =IF((0=1),SUMIFS('Daily evaluations'!$D$2:$D$36,'Daily evaluations'!$B$2:$B$36,"=naive_mcap",'Daily evaluations'!$C$2:$C$36,"=d20261028"),"") | AD4: =IF((0=1),SUMIFS('Daily evaluations'!$D$2:$D$36,'Daily evaluations'!$B$2:$B$36,"=naive_mcap",'Daily evaluations'!$C$2:$C$36,"=d20261029"),"") | AE4: =IF((0=1),SUMIFS('Daily evaluations'!$D$2:$D$36,'Daily evaluations'!$B$2:$B$36,"=naive_mcap",'Daily evaluations'!$C$2:$C$36,"=d20261030"),"") | AF4: =IF((0=1),SUMIFS('Daily evaluations'!$D$2:$D$36,'Daily evaluations'!$B$2:$B$36,"=naive_mcap",'Daily evaluations'!$C$2:$C$36,"=d20261102"),"") | AG4: =IF((0=1),SUMIFS('Daily evaluations'!$D$2:$D$36,'Daily evaluations'!$B$2:$B$36,"=naive_mcap",'Daily evaluations'!$C$2:$C$36,"=d20261103"),"") | AH4: =IF((0=1),SUMIFS('Daily evaluations'!$D$2:$D$36,'Daily evaluations'!$B$2:$B$36,"=naive_mcap",'Daily evaluations'!$C$2:$C$36,"=d20261104"),"") | AI4: =IF((0=1),SUMIFS('Daily evaluations'!$D$2:$D$36,'Daily evaluations'!$B$2:$B$36,"=naive_mcap",'Daily evaluations'!$C$2:$C$36,"=d20261105"),"") | AJ4: =IF((0=1),SUMIFS('Daily evaluations'!$D$2:$D$36,'Daily evaluations'!$B$2:$B$36,"=naive_mcap",'Daily evaluations'!$C$2:$C$36,"=d20261106"),"") | AK4: =IF((0=1),SUMIFS('Daily evaluations'!$D$2:$D$36,'Daily evaluations'!$B$2:$B$36,"=naive_mcap",'Daily evaluations'!$C$2:$C$36,"=d20261109"),"") | AL4: =IF((0=1),SUMIFS('Daily evaluations'!$D$2:$D$36,'Daily evaluations'!$B$2:$B$36,"=naive_mcap",'Daily evaluations'!$C$2:$C$36,"=d20261110"),"") | AM4: =IF((0=1),SUMIFS('Daily evaluations'!$D$2:$D$36,'Daily evaluations'!$B$2:$B$36,"=naive_mcap",'Daily evaluations'!$C$2:$C$36,"=d20261111"),"") | AN4: =IF((0=1),SUMIFS('Daily evaluations'!$D$2:$D$36,'Daily evaluations'!$B$2:$B$36,"=naive_mcap",'Daily evaluations'!$C$2:$C$36,"=d20261112"),"") | AO4: =IF((0=1),SUMIFS('Daily evaluations'!$D$2:$D$36,'Daily evaluations'!$B$2:$B$36,"=naive_mcap",'Daily evaluations'!$C$2:$C$36,"=d20261113"),"") | AP4: =IF((0=1),SUMIFS('Daily evaluations'!$D$2:$D$36,'Daily evaluations'!$B$2:$B$36,"=naive_mcap",'Daily evaluations'!$C$2:$C$36,"=d20261116"),"") | AQ4: =IF((0=1),SUMIFS('Daily evaluations'!$D$2:$D$36,'Daily evaluations'!$B$2:$B$36,"=naive_mcap",'Daily evaluations'!$C$2:$C$36,"=d20261117"),"") | AR4: =IF((0=1),SUMIFS('Daily evaluations'!$D$2:$D$36,'Daily evaluations'!$B$2:$B$36,"=naive_mcap",'Daily evaluations'!$C$2:$C$36,"=d20261118"),"") | AS4: =IF((0=1),SUMIFS('Daily evaluations'!$D$2:$D$36,'Daily evaluations'!$B$2:$B$36,"=naive_mcap",'Daily evaluations'!$C$2:$C$36,"=d20261119"),"") | AT4: =IF((0=1),SUMIFS('Daily evaluations'!$D$2:$D$36,'Daily evaluations'!$B$2:$B$36,"=naive_mcap",'Daily evaluations'!$C$2:$C$36,"=d20261120"),"") | AU4: =IF((0=1),SUMIFS('Daily evaluations'!$D$2:$D$36,'Daily evaluations'!$B$2:$B$36,"=naive_mcap",'Daily evaluations'!$C$2:$C$36,"=d20261123"),"") | AV4: =IF((0=1),SUMIFS('Daily evaluations'!$D$2:$D$36,'Daily evaluations'!$B$2:$B$36,"=naive_mcap",'Daily evaluations'!$C$2:$C$36,"=d20261124"),"") | AW4: =IF((0=1),SUMIFS('Daily evaluations'!$D$2:$D$36,'Daily evaluations'!$B$2:$B$36,"=naive_mcap",'Daily evaluations'!$C$2:$C$36,"=d20261125"),"") | AX4: =IF((0=1),SUMIFS('Daily evaluations'!$D$2:$D$36,'Daily evaluations'!$B$2:$B$36,"=naive_mcap",'Daily evaluations'!$C$2:$C$36,"=d20261127"),"") | AY4: =IF((0=1),SUMIFS('Daily evaluations'!$D$2:$D$36,'Daily evaluations'!$B$2:$B$36,"=naive_mcap",'Daily evaluations'!$C$2:$C$36,"=d20261130"),"") | AZ4: =IF((0=1),SUMIFS('Daily evaluations'!$D$2:$D$36,'Daily evaluations'!$B$2:$B$36,"=naive_mcap",'Daily evaluations'!$C$2:$C$36,"=d20261201"),"") | BA4: =IF((0=1),SUMIFS('Daily evaluations'!$D$2:$D$36,'Daily evaluations'!$B$2:$B$36,"=naive_mcap",'Daily evaluations'!$C$2:$C$36,"=d20261202"),"") | BB4: =IF((0=1),SUMIFS('Daily evaluations'!$D$2:$D$36,'Daily evaluations'!$B$2:$B$36,"=naive_mcap",'Daily evaluations'!$C$2:$C$36,"=d20261203"),"") | BC4: =IF((0=1),SUMIFS('Daily evaluations'!$D$2:$D$36,'Daily evaluations'!$B$2:$B$36,"=naive_mcap",'Daily evaluations'!$C$2:$C$36,"=d20261204"),"") | BD4: =IF((0=1),SUMIFS('Daily evaluations'!$D$2:$D$36,'Daily evaluations'!$B$2:$B$36,"=naive_mcap",'Daily evaluations'!$C$2:$C$36,"=d20261207"),"") | BE4: =IF((0=1),SUMIFS('Daily evaluations'!$D$2:$D$36,'Daily evaluations'!$B$2:$B$36,"=naive_mcap",'Daily evaluations'!$C$2:$C$36,"=d20261208"),"") | BF4: =IF((0=1),SUMIFS('Daily evaluations'!$D$2:$D$36,'Daily evaluations'!$B$2:$B$36,"=naive_mcap",'Daily evaluations'!$C$2:$C$36,"=d20261209"),"") | BG4: =IF((0=1),SUMIFS('Daily evaluations'!$D$2:$D$36,'Daily evaluations'!$B$2:$B$36,"=naive_mcap",'Daily evaluations'!$C$2:$C$36,"=d20261210"),"") | BH4: =IF((0=1),SUMIFS('Daily evaluations'!$D$2:$D$36,'Daily evaluations'!$B$2:$B$36,"=naive_mcap",'Daily evaluations'!$C$2:$C$36,"=d20261211"),"") | BI4: =IF((0=1),SUMIFS('Daily evaluations'!$D$2:$D$36,'Daily evaluations'!$B$2:$B$36,"=naive_mcap",'Daily evaluations'!$C$2:$C$36,"=d20261214"),"") | BJ4: =IF((0=1),SUMIFS('Daily evaluations'!$D$2:$D$36,'Daily evaluations'!$B$2:$B$36,"=naive_mcap",'Daily evaluations'!$C$2:$C$36,"=d20261215"),"") | BK4: =IF((0=1),SUMIFS('Daily evaluations'!$D$2:$D$36,'Daily evaluations'!$B$2:$B$36,"=naive_mcap",'Daily evaluations'!$C$2:$C$36,"=d20261216"),"") | BL4: =IF((0=1),SUMIFS('Daily evaluations'!$D$2:$D$36,'Daily evaluations'!$B$2:$B$36,"=naive_mcap",'Daily evaluations'!$C$2:$C$36,"=d20261217"),"") | BM4: =IF((0=1),SUMIFS('Daily evaluations'!$D$2:$D$36,'Daily evaluations'!$B$2:$B$36,"=naive_mcap",'Daily evaluations'!$C$2:$C$36,"=d20261218"),"") | BN4: =IF((0=1),SUMIFS('Daily evaluations'!$D$2:$D$36,'Daily evaluations'!$B$2:$B$36,"=naive_mcap",'Daily evaluations'!$C$2:$C$36,"=d20261221"),"") | BO4: =IF((0=1),SUMIFS('Daily evaluations'!$D$2:$D$36,'Daily evaluations'!$B$2:$B$36,"=naive_mcap",'Daily evaluations'!$C$2:$C$36,"=d20261222"),"") | BP4: =IF((0=1),SUMIFS('Daily evaluations'!$D$2:$D$36,'Daily evaluations'!$B$2:$B$36,"=naive_mcap",'Daily evaluations'!$C$2:$C$36,"=d20261223"),"") | BQ4: =IF((0=1),SUMIFS('Daily evaluations'!$D$2:$D$36,'Daily evaluations'!$B$2:$B$36,"=naive_mcap",'Daily evaluations'!$C$2:$C$36,"=d20261224"),"") | BR4: =IF((0=1),SUMIFS('Daily evaluations'!$D$2:$D$36,'Daily evaluations'!$B$2:$B$36,"=naive_mcap",'Daily evaluations'!$C$2:$C$36,"=d20261228"),"") | BS4: =IF((0=1),SUMIFS('Daily evaluations'!$D$2:$D$36,'Daily evaluations'!$B$2:$B$36,"=naive_mcap",'Daily evaluations'!$C$2:$C$36,"=d20261229"),"") | BT4: =IF((0=1),SUMIFS('Daily evaluations'!$D$2:$D$36,'Daily evaluations'!$B$2:$B$36,"=naive_mcap",'Daily evaluations'!$C$2:$C$36,"=d20261230"),"") | BU4: =IF((0=1),SUMIFS('Daily evaluations'!$D$2:$D$36,'Daily evaluations'!$B$2:$B$36,"=naive_mcap",'Daily evaluations'!$C$2:$C$36,"=d20261231"),"") | BV4: =IF((0=1),SUMIFS('Daily evaluations'!$D$2:$D$36,'Daily evaluations'!$B$2:$B$36,"=naive_mcap",'Daily evaluations'!$C$2:$C$36,"=d20270104"),"") | BW4: =IF((0=1),SUMIFS('Daily evaluations'!$D$2:$D$36,'Daily evaluations'!$B$2:$B$36,"=naive_mcap",'Daily evaluations'!$C$2:$C$36,"=d20270105"),"") | BX4: =IF((0=1),SUMIFS('Daily evaluations'!$D$2:$D$36,'Daily evaluations'!$B$2:$B$36,"=naive_mcap",'Daily evaluations'!$C$2:$C$36,"=d20270106"),"") | BY4: =IF((0=1),SUMIFS('Daily evaluations'!$D$2:$D$36,'Daily evaluations'!$B$2:$B$36,"=naive_mcap",'Daily evaluations'!$C$2:$C$36,"=d20270107"),"") | BZ4: =IF((0=1),SUMIFS('Daily evaluations'!$D$2:$D$36,'Daily evaluations'!$B$2:$B$36,"=naive_mcap",'Daily evaluations'!$C$2:$C$36,"=d20270108"),"") | CA4: =IF((0=1),SUMIFS('Daily evaluations'!$D$2:$D$36,'Daily evaluations'!$B$2:$B$36,"=naive_mcap",'Daily evaluations'!$C$2:$C$36,"=d20270111"),"") | CB4: =IF((0=1),SUMIFS('Daily evaluations'!$D$2:$D$36,'Daily evaluations'!$B$2:$B$36,"=naive_mcap",'Daily evaluations'!$C$2:$C$36,"=d20270112"),"") | CC4: =IF((0=1),SUMIFS('Daily evaluations'!$D$2:$D$36,'Daily evaluations'!$B$2:$B$36,"=naive_mcap",'Daily evaluations'!$C$2:$C$36,"=d20270113"),"") | CD4: =IF((0=1),SUMIFS('Daily evaluations'!$D$2:$D$36,'Daily evaluations'!$B$2:$B$36,"=naive_mcap",'Daily evaluations'!$C$2:$C$36,"=d20270114"),"") | CE4: =IF((0=1),SUMIFS('Daily evaluations'!$D$2:$D$36,'Daily evaluations'!$B$2:$B$36,"=naive_mcap",'Daily evaluations'!$C$2:$C$36,"=d20270115"),"") | CF4: =IF((0=1),SUMIFS('Daily evaluations'!$D$2:$D$36,'Daily evaluations'!$B$2:$B$36,"=naive_mcap",'Daily evaluations'!$C$2:$C$36,"=d20270119"),"") | CG4: =IF((0=1),SUMIFS('Daily evaluations'!$D$2:$D$36,'Daily evaluations'!$B$2:$B$36,"=naive_mcap",'Daily evaluations'!$C$2:$C$36,"=d20270120"),"") | CH4: =IF((0=1),SUMIFS('Daily evaluations'!$D$2:$D$36,'Daily evaluations'!$B$2:$B$36,"=naive_mcap",'Daily evaluations'!$C$2:$C$36,"=d20270121"),"") | CI4: =IF((0=1),SUMIFS('Daily evaluations'!$D$2:$D$36,'Daily evaluations'!$B$2:$B$36,"=naive_mcap",'Daily evaluations'!$C$2:$C$36,"=d20270122"),"") | CJ4: =IF((0=1),SUMIFS('Daily evaluations'!$D$2:$D$36,'Daily evaluations'!$B$2:$B$36,"=naive_mcap",'Daily evaluations'!$C$2:$C$36,"=d20270125"),"") | CK4: =IF((0=1),SUMIFS('Daily evaluations'!$D$2:$D$36,'Daily evaluations'!$B$2:$B$36,"=naive_mcap",'Daily evaluations'!$C$2:$C$36,"=d20270126"),"") | CL4: =IF((0=1),SUMIFS('Daily evaluations'!$D$2:$D$36,'Daily evaluations'!$B$2:$B$36,"=naive_mcap",'Daily evaluations'!$C$2:$C$36,"=d20270127"),"") | CM4: =IF((0=1),SUMIFS('Daily evaluations'!$D$2:$D$36,'Daily evaluations'!$B$2:$B$36,"=naive_mcap",'Daily evaluations'!$C$2:$C$36,"=d20270128"),"") | CN4: =IF((0=1),SUMIFS('Daily evaluations'!$D$2:$D$36,'Daily evaluations'!$B$2:$B$36,"=naive_mcap",'Daily evaluations'!$C$2:$C$36,"=d20270129"),"") | CO4: =IF((0=1),SUMIFS('Daily evaluations'!$D$2:$D$36,'Daily evaluations'!$B$2:$B$36,"=naive_mcap",'Daily evaluations'!$C$2:$C$36,"=d20270201"),"") | CP4: =IF((0=1),SUMIFS('Daily evaluations'!$D$2:$D$36,'Daily evaluations'!$B$2:$B$36,"=naive_mcap",'Daily evaluations'!$C$2:$C$36,"=d20270202"),"") | CQ4: =IF((0=1),SUMIFS('Daily evaluations'!$D$2:$D$36,'Daily evaluations'!$B$2:$B$36,"=naive_mcap",'Daily evaluations'!$C$2:$C$36,"=d20270203"),"") | CR4: =IF((0=1),SUMIFS('Daily evaluations'!$D$2:$D$36,'Daily evaluations'!$B$2:$B$36,"=naive_mcap",'Daily evaluations'!$C$2:$C$36,"=d20270204"),"") | CS4: =IF((0=1),SUMIFS('Daily evaluations'!$D$2:$D$36,'Daily evaluations'!$B$2:$B$36,"=naive_mcap",'Daily evaluations'!$C$2:$C$36,"=d20270205"),"") | CT4: =IF((0=1),SUMIFS('Daily evaluations'!$D$2:$D$36,'Daily evaluations'!$B$2:$B$36,"=naive_mcap",'Daily evaluations'!$C$2:$C$36,"=d20270208"),"") | CU4: =IF((0=1),SUMIFS('Daily evaluations'!$D$2:$D$36,'Daily evaluations'!$B$2:$B$36,"=naive_mcap",'Daily evaluations'!$C$2:$C$36,"=d20270209"),"") | CV4: =IF((0=1),SUMIFS('Daily evaluations'!$D$2:$D$36,'Daily evaluations'!$B$2:$B$36,"=naive_mcap",'Daily evaluations'!$C$2:$C$36,"=d20270210"),"") | CW4: =IF((0=1),SUMIFS('Daily evaluations'!$D$2:$D$36,'Daily evaluations'!$B$2:$B$36,"=naive_mcap",'Daily evaluations'!$C$2:$C$36,"=d20270211"),"") | CX4: =IF((0=1),SUMIFS('Daily evaluations'!$D$2:$D$36,'Daily evaluations'!$B$2:$B$36,"=naive_mcap",'Daily evaluations'!$C$2:$C$36,"=d20270212"),"")
A5: Sector-neutral overnight excess, bps | B5: top 100 by 12-1 month return | C5: =IF((1=1),SUMIFS('Daily evaluations'!$D$2:$D$36,'Daily evaluations'!$B$2:$B$36,"=naive_mom",'Daily evaluations'!$C$2:$C$36,"=d20260922"),"") -> -23.532 | D5: =IF((0=1),SUMIFS('Daily evaluations'!$D$2:$D$36,'Daily evaluations'!$B$2:$B$36,"=naive_mom",'Daily evaluations'!$C$2:$C$36,"=d20260923"),"") | E5: =IF((0=1),SUMIFS('Daily evaluations'!$D$2:$D$36,'Daily evaluations'!$B$2:$B$36,"=naive_mom",'Daily evaluations'!$C$2:$C$36,"=d20260924"),"") | F5: =IF((0=1),SUMIFS('Daily evaluations'!$D$2:$D$36,'Daily evaluations'!$B$2:$B$36,"=naive_mom",'Daily evaluations'!$C$2:$C$36,"=d20260925"),"") | G5: =IF((0=1),SUMIFS('Daily evaluations'!$D$2:$D$36,'Daily evaluations'!$B$2:$B$36,"=naive_mom",'Daily evaluations'!$C$2:$C$36,"=d20260928"),"") | H5: =IF((0=1),SUMIFS('Daily evaluations'!$D$2:$D$36,'Daily evaluations'!$B$2:$B$36,"=naive_mom",'Daily evaluations'!$C$2:$C$36,"=d20260929"),"") | I5: =IF((0=1),SUMIFS('Daily evaluations'!$D$2:$D$36,'Daily evaluations'!$B$2:$B$36,"=naive_mom",'Daily evaluations'!$C$2:$C$36,"=d20260930"),"") | J5: =IF((0=1),SUMIFS('Daily evaluations'!$D$2:$D$36,'Daily evaluations'!$B$2:$B$36,"=naive_mom",'Daily evaluations'!$C$2:$C$36,"=d20261001"),"") | K5: =IF((0=1),SUMIFS('Daily evaluations'!$D$2:$D$36,'Daily evaluations'!$B$2:$B$36,"=naive_mom",'Daily evaluations'!$C$2:$C$36,"=d20261002"),"") | L5: =IF((0=1),SUMIFS('Daily evaluations'!$D$2:$D$36,'Daily evaluations'!$B$2:$B$36,"=naive_mom",'Daily evaluations'!$C$2:$C$36,"=d20261005"),"") | M5: =IF((0=1),SUMIFS('Daily evaluations'!$D$2:$D$36,'Daily evaluations'!$B$2:$B$36,"=naive_mom",'Daily evaluations'!$C$2:$C$36,"=d20261006"),"") | N5: =IF((0=1),SUMIFS('Daily evaluations'!$D$2:$D$36,'Daily evaluations'!$B$2:$B$36,"=naive_mom",'Daily evaluations'!$C$2:$C$36,"=d20261007"),"") | O5: =IF((0=1),SUMIFS('Daily evaluations'!$D$2:$D$36,'Daily evaluations'!$B$2:$B$36,"=naive_mom",'Daily evaluations'!$C$2:$C$36,"=d20261008"),"") | P5: =IF((0=1),SUMIFS('Daily evaluations'!$D$2:$D$36,'Daily evaluations'!$B$2:$B$36,"=naive_mom",'Daily evaluations'!$C$2:$C$36,"=d20261009"),"") | Q5: =IF((0=1),SUMIFS('Daily evaluations'!$D$2:$D$36,'Daily evaluations'!$B$2:$B$36,"=naive_mom",'Daily evaluations'!$C$2:$C$36,"=d20261012"),"") | R5: =IF((0=1),SUMIFS('Daily evaluations'!$D$2:$D$36,'Daily evaluations'!$B$2:$B$36,"=naive_mom",'Daily evaluations'!$C$2:$C$36,"=d20261013"),"") | S5: =IF((0=1),SUMIFS('Daily evaluations'!$D$2:$D$36,'Daily evaluations'!$B$2:$B$36,"=naive_mom",'Daily evaluations'!$C$2:$C$36,"=d20261014"),"") | T5: =IF((0=1),SUMIFS('Daily evaluations'!$D$2:$D$36,'Daily evaluations'!$B$2:$B$36,"=naive_mom",'Daily evaluations'!$C$2:$C$36,"=d20261015"),"") | U5: =IF((0=1),SUMIFS('Daily evaluations'!$D$2:$D$36,'Daily evaluations'!$B$2:$B$36,"=naive_mom",'Daily evaluations'!$C$2:$C$36,"=d20261016"),"") | V5: =IF((0=1),SUMIFS('Daily evaluations'!$D$2:$D$36,'Daily evaluations'!$B$2:$B$36,"=naive_mom",'Daily evaluations'!$C$2:$C$36,"=d20261019"),"") | W5: =IF((0=1),SUMIFS('Daily evaluations'!$D$2:$D$36,'Daily evaluations'!$B$2:$B$36,"=naive_mom",'Daily evaluations'!$C$2:$C$36,"=d20261020"),"") | X5: =IF((0=1),SUMIFS('Daily evaluations'!$D$2:$D$36,'Daily evaluations'!$B$2:$B$36,"=naive_mom",'Daily evaluations'!$C$2:$C$36,"=d20261021"),"") | Y5: =IF((0=1),SUMIFS('Daily evaluations'!$D$2:$D$36,'Daily evaluations'!$B$2:$B$36,"=naive_mom",'Daily evaluations'!$C$2:$C$36,"=d20261022"),"") | Z5: =IF((0=1),SUMIFS('Daily evaluations'!$D$2:$D$36,'Daily evaluations'!$B$2:$B$36,"=naive_mom",'Daily evaluations'!$C$2:$C$36,"=d20261023"),"") | AA5: =IF((0=1),SUMIFS('Daily evaluations'!$D$2:$D$36,'Daily evaluations'!$B$2:$B$36,"=naive_mom",'Daily evaluations'!$C$2:$C$36,"=d20261026"),"") | AB5: =IF((0=1),SUMIFS('Daily evaluations'!$D$2:$D$36,'Daily evaluations'!$B$2:$B$36,"=naive_mom",'Daily evaluations'!$C$2:$C$36,"=d20261027"),"") | AC5: =IF((0=1),SUMIFS('Daily evaluations'!$D$2:$D$36,'Daily evaluations'!$B$2:$B$36,"=naive_mom",'Daily evaluations'!$C$2:$C$36,"=d20261028"),"") | AD5: =IF((0=1),SUMIFS('Daily evaluations'!$D$2:$D$36,'Daily evaluations'!$B$2:$B$36,"=naive_mom",'Daily evaluations'!$C$2:$C$36,"=d20261029"),"") | AE5: =IF((0=1),SUMIFS('Daily evaluations'!$D$2:$D$36,'Daily evaluations'!$B$2:$B$36,"=naive_mom",'Daily evaluations'!$C$2:$C$36,"=d20261030"),"") | AF5: =IF((0=1),SUMIFS('Daily evaluations'!$D$2:$D$36,'Daily evaluations'!$B$2:$B$36,"=naive_mom",'Daily evaluations'!$C$2:$C$36,"=d20261102"),"") | AG5: =IF((0=1),SUMIFS('Daily evaluations'!$D$2:$D$36,'Daily evaluations'!$B$2:$B$36,"=naive_mom",'Daily evaluations'!$C$2:$C$36,"=d20261103"),"") | AH5: =IF((0=1),SUMIFS('Daily evaluations'!$D$2:$D$36,'Daily evaluations'!$B$2:$B$36,"=naive_mom",'Daily evaluations'!$C$2:$C$36,"=d20261104"),"") | AI5: =IF((0=1),SUMIFS('Daily evaluations'!$D$2:$D$36,'Daily evaluations'!$B$2:$B$36,"=naive_mom",'Daily evaluations'!$C$2:$C$36,"=d20261105"),"") | AJ5: =IF((0=1),SUMIFS('Daily evaluations'!$D$2:$D$36,'Daily evaluations'!$B$2:$B$36,"=naive_mom",'Daily evaluations'!$C$2:$C$36,"=d20261106"),"") | AK5: =IF((0=1),SUMIFS('Daily evaluations'!$D$2:$D$36,'Daily evaluations'!$B$2:$B$36,"=naive_mom",'Daily evaluations'!$C$2:$C$36,"=d20261109"),"") | AL5: =IF((0=1),SUMIFS('Daily evaluations'!$D$2:$D$36,'Daily evaluations'!$B$2:$B$36,"=naive_mom",'Daily evaluations'!$C$2:$C$36,"=d20261110"),"") | AM5: =IF((0=1),SUMIFS('Daily evaluations'!$D$2:$D$36,'Daily evaluations'!$B$2:$B$36,"=naive_mom",'Daily evaluations'!$C$2:$C$36,"=d20261111"),"") | AN5: =IF((0=1),SUMIFS('Daily evaluations'!$D$2:$D$36,'Daily evaluations'!$B$2:$B$36,"=naive_mom",'Daily evaluations'!$C$2:$C$36,"=d20261112"),"") | AO5: =IF((0=1),SUMIFS('Daily evaluations'!$D$2:$D$36,'Daily evaluations'!$B$2:$B$36,"=naive_mom",'Daily evaluations'!$C$2:$C$36,"=d20261113"),"") | AP5: =IF((0=1),SUMIFS('Daily evaluations'!$D$2:$D$36,'Daily evaluations'!$B$2:$B$36,"=naive_mom",'Daily evaluations'!$C$2:$C$36,"=d20261116"),"") | AQ5: =IF((0=1),SUMIFS('Daily evaluations'!$D$2:$D$36,'Daily evaluations'!$B$2:$B$36,"=naive_mom",'Daily evaluations'!$C$2:$C$36,"=d20261117"),"") | AR5: =IF((0=1),SUMIFS('Daily evaluations'!$D$2:$D$36,'Daily evaluations'!$B$2:$B$36,"=naive_mom",'Daily evaluations'!$C$2:$C$36,"=d20261118"),"") | AS5: =IF((0=1),SUMIFS('Daily evaluations'!$D$2:$D$36,'Daily evaluations'!$B$2:$B$36,"=naive_mom",'Daily evaluations'!$C$2:$C$36,"=d20261119"),"") | AT5: =IF((0=1),SUMIFS('Daily evaluations'!$D$2:$D$36,'Daily evaluations'!$B$2:$B$36,"=naive_mom",'Daily evaluations'!$C$2:$C$36,"=d20261120"),"") | AU5: =IF((0=1),SUMIFS('Daily evaluations'!$D$2:$D$36,'Daily evaluations'!$B$2:$B$36,"=naive_mom",'Daily evaluations'!$C$2:$C$36,"=d20261123"),"") | AV5: =IF((0=1),SUMIFS('Daily evaluations'!$D$2:$D$36,'Daily evaluations'!$B$2:$B$36,"=naive_mom",'Daily evaluations'!$C$2:$C$36,"=d20261124"),"") | AW5: =IF((0=1),SUMIFS('Daily evaluations'!$D$2:$D$36,'Daily evaluations'!$B$2:$B$36,"=naive_mom",'Daily evaluations'!$C$2:$C$36,"=d20261125"),"") | AX5: =IF((0=1),SUMIFS('Daily evaluations'!$D$2:$D$36,'Daily evaluations'!$B$2:$B$36,"=naive_mom",'Daily evaluations'!$C$2:$C$36,"=d20261127"),"") | AY5: =IF((0=1),SUMIFS('Daily evaluations'!$D$2:$D$36,'Daily evaluations'!$B$2:$B$36,"=naive_mom",'Daily evaluations'!$C$2:$C$36,"=d20261130"),"") | AZ5: =IF((0=1),SUMIFS('Daily evaluations'!$D$2:$D$36,'Daily evaluations'!$B$2:$B$36,"=naive_mom",'Daily evaluations'!$C$2:$C$36,"=d20261201"),"") | BA5: =IF((0=1),SUMIFS('Daily evaluations'!$D$2:$D$36,'Daily evaluations'!$B$2:$B$36,"=naive_mom",'Daily evaluations'!$C$2:$C$36,"=d20261202"),"") | BB5: =IF((0=1),SUMIFS('Daily evaluations'!$D$2:$D$36,'Daily evaluations'!$B$2:$B$36,"=naive_mom",'Daily evaluations'!$C$2:$C$36,"=d20261203"),"") | BC5: =IF((0=1),SUMIFS('Daily evaluations'!$D$2:$D$36,'Daily evaluations'!$B$2:$B$36,"=naive_mom",'Daily evaluations'!$C$2:$C$36,"=d20261204"),"") | BD5: =IF((0=1),SUMIFS('Daily evaluations'!$D$2:$D$36,'Daily evaluations'!$B$2:$B$36,"=naive_mom",'Daily evaluations'!$C$2:$C$36,"=d20261207"),"") | BE5: =IF((0=1),SUMIFS('Daily evaluations'!$D$2:$D$36,'Daily evaluations'!$B$2:$B$36,"=naive_mom",'Daily evaluations'!$C$2:$C$36,"=d20261208"),"") | BF5: =IF((0=1),SUMIFS('Daily evaluations'!$D$2:$D$36,'Daily evaluations'!$B$2:$B$36,"=naive_mom",'Daily evaluations'!$C$2:$C$36,"=d20261209"),"") | BG5: =IF((0=1),SUMIFS('Daily evaluations'!$D$2:$D$36,'Daily evaluations'!$B$2:$B$36,"=naive_mom",'Daily evaluations'!$C$2:$C$36,"=d20261210"),"") | BH5: =IF((0=1),SUMIFS('Daily evaluations'!$D$2:$D$36,'Daily evaluations'!$B$2:$B$36,"=naive_mom",'Daily evaluations'!$C$2:$C$36,"=d20261211"),"") | BI5: =IF((0=1),SUMIFS('Daily evaluations'!$D$2:$D$36,'Daily evaluations'!$B$2:$B$36,"=naive_mom",'Daily evaluations'!$C$2:$C$36,"=d20261214"),"") | BJ5: =IF((0=1),SUMIFS('Daily evaluations'!$D$2:$D$36,'Daily evaluations'!$B$2:$B$36,"=naive_mom",'Daily evaluations'!$C$2:$C$36,"=d20261215"),"") | BK5: =IF((0=1),SUMIFS('Daily evaluations'!$D$2:$D$36,'Daily evaluations'!$B$2:$B$36,"=naive_mom",'Daily evaluations'!$C$2:$C$36,"=d20261216"),"") | BL5: =IF((0=1),SUMIFS('Daily evaluations'!$D$2:$D$36,'Daily evaluations'!$B$2:$B$36,"=naive_mom",'Daily evaluations'!$C$2:$C$36,"=d20261217"),"") | BM5: =IF((0=1),SUMIFS('Daily evaluations'!$D$2:$D$36,'Daily evaluations'!$B$2:$B$36,"=naive_mom",'Daily evaluations'!$C$2:$C$36,"=d20261218"),"") | BN5: =IF((0=1),SUMIFS('Daily evaluations'!$D$2:$D$36,'Daily evaluations'!$B$2:$B$36,"=naive_mom",'Daily evaluations'!$C$2:$C$36,"=d20261221"),"") | BO5: =IF((0=1),SUMIFS('Daily evaluations'!$D$2:$D$36,'Daily evaluations'!$B$2:$B$36,"=naive_mom",'Daily evaluations'!$C$2:$C$36,"=d20261222"),"") | BP5: =IF((0=1),SUMIFS('Daily evaluations'!$D$2:$D$36,'Daily evaluations'!$B$2:$B$36,"=naive_mom",'Daily evaluations'!$C$2:$C$36,"=d20261223"),"") | BQ5: =IF((0=1),SUMIFS('Daily evaluations'!$D$2:$D$36,'Daily evaluations'!$B$2:$B$36,"=naive_mom",'Daily evaluations'!$C$2:$C$36,"=d20261224"),"") | BR5: =IF((0=1),SUMIFS('Daily evaluations'!$D$2:$D$36,'Daily evaluations'!$B$2:$B$36,"=naive_mom",'Daily evaluations'!$C$2:$C$36,"=d20261228"),"") | BS5: =IF((0=1),SUMIFS('Daily evaluations'!$D$2:$D$36,'Daily evaluations'!$B$2:$B$36,"=naive_mom",'Daily evaluations'!$C$2:$C$36,"=d20261229"),"") | BT5: =IF((0=1),SUMIFS('Daily evaluations'!$D$2:$D$36,'Daily evaluations'!$B$2:$B$36,"=naive_mom",'Daily evaluations'!$C$2:$C$36,"=d20261230"),"") | BU5: =IF((0=1),SUMIFS('Daily evaluations'!$D$2:$D$36,'Daily evaluations'!$B$2:$B$36,"=naive_mom",'Daily evaluations'!$C$2:$C$36,"=d20261231"),"") | BV5: =IF((0=1),SUMIFS('Daily evaluations'!$D$2:$D$36,'Daily evaluations'!$B$2:$B$36,"=naive_mom",'Daily evaluations'!$C$2:$C$36,"=d20270104"),"") | BW5: =IF((0=1),SUMIFS('Daily evaluations'!$D$2:$D$36,'Daily evaluations'!$B$2:$B$36,"=naive_mom",'Daily evaluations'!$C$2:$C$36,"=d20270105"),"") | BX5: =IF((0=1),SUMIFS('Daily evaluations'!$D$2:$D$36,'Daily evaluations'!$B$2:$B$36,"=naive_mom",'Daily evaluations'!$C$2:$C$36,"=d20270106"),"") | BY5: =IF((0=1),SUMIFS('Daily evaluations'!$D$2:$D$36,'Daily evaluations'!$B$2:$B$36,"=naive_mom",'Daily evaluations'!$C$2:$C$36,"=d20270107"),"") | BZ5: =IF((0=1),SUMIFS('Daily evaluations'!$D$2:$D$36,'Daily evaluations'!$B$2:$B$36,"=naive_mom",'Daily evaluations'!$C$2:$C$36,"=d20270108"),"") | CA5: =IF((0=1),SUMIFS('Daily evaluations'!$D$2:$D$36,'Daily evaluations'!$B$2:$B$36,"=naive_mom",'Daily evaluations'!$C$2:$C$36,"=d20270111"),"") | CB5: =IF((0=1),SUMIFS('Daily evaluations'!$D$2:$D$36,'Daily evaluations'!$B$2:$B$36,"=naive_mom",'Daily evaluations'!$C$2:$C$36,"=d20270112"),"") | CC5: =IF((0=1),SUMIFS('Daily evaluations'!$D$2:$D$36,'Daily evaluations'!$B$2:$B$36,"=naive_mom",'Daily evaluations'!$C$2:$C$36,"=d20270113"),"") | CD5: =IF((0=1),SUMIFS('Daily evaluations'!$D$2:$D$36,'Daily evaluations'!$B$2:$B$36,"=naive_mom",'Daily evaluations'!$C$2:$C$36,"=d20270114"),"") | CE5: =IF((0=1),SUMIFS('Daily evaluations'!$D$2:$D$36,'Daily evaluations'!$B$2:$B$36,"=naive_mom",'Daily evaluations'!$C$2:$C$36,"=d20270115"),"") | CF5: =IF((0=1),SUMIFS('Daily evaluations'!$D$2:$D$36,'Daily evaluations'!$B$2:$B$36,"=naive_mom",'Daily evaluations'!$C$2:$C$36,"=d20270119"),"") | CG5: =IF((0=1),SUMIFS('Daily evaluations'!$D$2:$D$36,'Daily evaluations'!$B$2:$B$36,"=naive_mom",'Daily evaluations'!$C$2:$C$36,"=d20270120"),"") | CH5: =IF((0=1),SUMIFS('Daily evaluations'!$D$2:$D$36,'Daily evaluations'!$B$2:$B$36,"=naive_mom",'Daily evaluations'!$C$2:$C$36,"=d20270121"),"") | CI5: =IF((0=1),SUMIFS('Daily evaluations'!$D$2:$D$36,'Daily evaluations'!$B$2:$B$36,"=naive_mom",'Daily evaluations'!$C$2:$C$36,"=d20270122"),"") | CJ5: =IF((0=1),SUMIFS('Daily evaluations'!$D$2:$D$36,'Daily evaluations'!$B$2:$B$36,"=naive_mom",'Daily evaluations'!$C$2:$C$36,"=d20270125"),"") | CK5: =IF((0=1),SUMIFS('Daily evaluations'!$D$2:$D$36,'Daily evaluations'!$B$2:$B$36,"=naive_mom",'Daily evaluations'!$C$2:$C$36,"=d20270126"),"") | CL5: =IF((0=1),SUMIFS('Daily evaluations'!$D$2:$D$36,'Daily evaluations'!$B$2:$B$36,"=naive_mom",'Daily evaluations'!$C$2:$C$36,"=d20270127"),"") | CM5: =IF((0=1),SUMIFS('Daily evaluations'!$D$2:$D$36,'Daily evaluations'!$B$2:$B$36,"=naive_mom",'Daily evaluations'!$C$2:$C$36,"=d20270128"),"") | CN5: =IF((0=1),SUMIFS('Daily evaluations'!$D$2:$D$36,'Daily evaluations'!$B$2:$B$36,"=naive_mom",'Daily evaluations'!$C$2:$C$36,"=d20270129"),"") | CO5: =IF((0=1),SUMIFS('Daily evaluations'!$D$2:$D$36,'Daily evaluations'!$B$2:$B$36,"=naive_mom",'Daily evaluations'!$C$2:$C$36,"=d20270201"),"") | CP5: =IF((0=1),SUMIFS('Daily evaluations'!$D$2:$D$36,'Daily evaluations'!$B$2:$B$36,"=naive_mom",'Daily evaluations'!$C$2:$C$36,"=d20270202"),"") | CQ5: =IF((0=1),SUMIFS('Daily evaluations'!$D$2:$D$36,'Daily evaluations'!$B$2:$B$36,"=naive_mom",'Daily evaluations'!$C$2:$C$36,"=d20270203"),"") | CR5: =IF((0=1),SUMIFS('Daily evaluations'!$D$2:$D$36,'Daily evaluations'!$B$2:$B$36,"=naive_mom",'Daily evaluations'!$C$2:$C$36,"=d20270204"),"") | CS5: =IF((0=1),SUMIFS('Daily evaluations'!$D$2:$D$36,'Daily evaluations'!$B$2:$B$36,"=naive_mom",'Daily evaluations'!$C$2:$C$36,"=d20270205"),"") | CT5: =IF((0=1),SUMIFS('Daily evaluations'!$D$2:$D$36,'Daily evaluations'!$B$2:$B$36,"=naive_mom",'Daily evaluations'!$C$2:$C$36,"=d20270208"),"") | CU5: =IF((0=1),SUMIFS('Daily evaluations'!$D$2:$D$36,'Daily evaluations'!$B$2:$B$36,"=naive_mom",'Daily evaluations'!$C$2:$C$36,"=d20270209"),"") | CV5: =IF((0=1),SUMIFS('Daily evaluations'!$D$2:$D$36,'Daily evaluations'!$B$2:$B$36,"=naive_mom",'Daily evaluations'!$C$2:$C$36,"=d20270210"),"") | CW5: =IF((0=1),SUMIFS('Daily evaluations'!$D$2:$D$36,'Daily evaluations'!$B$2:$B$36,"=naive_mom",'Daily evaluations'!$C$2:$C$36,"=d20270211"),"") | CX5: =IF((0=1),SUMIFS('Daily evaluations'!$D$2:$D$36,'Daily evaluations'!$B$2:$B$36,"=naive_mom",'Daily evaluations'!$C$2:$C$36,"=d20270212"),"")
A6: Sector-neutral overnight excess, bps | B6: best 100 by yesterday's close-to-close return | C6: =IF((1=1),SUMIFS('Daily evaluations'!$D$2:$D$36,'Daily evaluations'!$B$2:$B$36,"=naive_winner1d",'Daily evaluations'!$C$2:$C$36,"=d20260922"),"") -> -14.463 | D6: =IF((0=1),SUMIFS('Daily evaluations'!$D$2:$D$36,'Daily evaluations'!$B$2:$B$36,"=naive_winner1d",'Daily evaluations'!$C$2:$C$36,"=d20260923"),"") | E6: =IF((0=1),SUMIFS('Daily evaluations'!$D$2:$D$36,'Daily evaluations'!$B$2:$B$36,"=naive_winner1d",'Daily evaluations'!$C$2:$C$36,"=d20260924"),"") | F6: =IF((0=1),SUMIFS('Daily evaluations'!$D$2:$D$36,'Daily evaluations'!$B$2:$B$36,"=naive_winner1d",'Daily evaluations'!$C$2:$C$36,"=d20260925"),"") | G6: =IF((0=1),SUMIFS('Daily evaluations'!$D$2:$D$36,'Daily evaluations'!$B$2:$B$36,"=naive_winner1d",'Daily evaluations'!$C$2:$C$36,"=d20260928"),"") | H6: =IF((0=1),SUMIFS('Daily evaluations'!$D$2:$D$36,'Daily evaluations'!$B$2:$B$36,"=naive_winner1d",'Daily evaluations'!$C$2:$C$36,"=d20260929"),"") | I6: =IF((0=1),SUMIFS('Daily evaluations'!$D$2:$D$36,'Daily evaluations'!$B$2:$B$36,"=naive_winner1d",'Daily evaluations'!$C$2:$C$36,"=d20260930"),"") | J6: =IF((0=1),SUMIFS('Daily evaluations'!$D$2:$D$36,'Daily evaluations'!$B$2:$B$36,"=naive_winner1d",'Daily evaluations'!$C$2:$C$36,"=d20261001"),"") | K6: =IF((0=1),SUMIFS('Daily evaluations'!$D$2:$D$36,'Daily evaluations'!$B$2:$B$36,"=naive_winner1d",'Daily evaluations'!$C$2:$C$36,"=d20261002"),"") | L6: =IF((0=1),SUMIFS('Daily evaluations'!$D$2:$D$36,'Daily evaluations'!$B$2:$B$36,"=naive_winner1d",'Daily evaluations'!$C$2:$C$36,"=d20261005"),"") | M6: =IF((0=1),SUMIFS('Daily evaluations'!$D$2:$D$36,'Daily evaluations'!$B$2:$B$36,"=naive_winner1d",'Daily evaluations'!$C$2:$C$36,"=d20261006"),"") | N6: =IF((0=1),SUMIFS('Daily evaluations'!$D$2:$D$36,'Daily evaluations'!$B$2:$B$36,"=naive_winner1d",'Daily evaluations'!$C$2:$C$36,"=d20261007"),"") | O6: =IF((0=1),SUMIFS('Daily evaluations'!$D$2:$D$36,'Daily evaluations'!$B$2:$B$36,"=naive_winner1d",'Daily evaluations'!$C$2:$C$36,"=d20261008"),"") | P6: =IF((0=1),SUMIFS('Daily evaluations'!$D$2:$D$36,'Daily evaluations'!$B$2:$B$36,"=naive_winner1d",'Daily evaluations'!$C$2:$C$36,"=d20261009"),"") | Q6: =IF((0=1),SUMIFS('Daily evaluations'!$D$2:$D$36,'Daily evaluations'!$B$2:$B$36,"=naive_winner1d",'Daily evaluations'!$C$2:$C$36,"=d20261012"),"") | R6: =IF((0=1),SUMIFS('Daily evaluations'!$D$2:$D$36,'Daily evaluations'!$B$2:$B$36,"=naive_winner1d",'Daily evaluations'!$C$2:$C$36,"=d20261013"),"") | S6: =IF((0=1),SUMIFS('Daily evaluations'!$D$2:$D$36,'Daily evaluations'!$B$2:$B$36,"=naive_winner1d",'Daily evaluations'!$C$2:$C$36,"=d20261014"),"") | T6: =IF((0=1),SUMIFS('Daily evaluations'!$D$2:$D$36,'Daily evaluations'!$B$2:$B$36,"=naive_winner1d",'Daily evaluations'!$C$2:$C$36,"=d20261015"),"") | U6: =IF((0=1),SUMIFS('Daily evaluations'!$D$2:$D$36,'Daily evaluations'!$B$2:$B$36,"=naive_winner1d",'Daily evaluations'!$C$2:$C$36,"=d20261016"),"") | V6: =IF((0=1),SUMIFS('Daily evaluations'!$D$2:$D$36,'Daily evaluations'!$B$2:$B$36,"=naive_winner1d",'Daily evaluations'!$C$2:$C$36,"=d20261019"),"") | W6: =IF((0=1),SUMIFS('Daily evaluations'!$D$2:$D$36,'Daily evaluations'!$B$2:$B$36,"=naive_winner1d",'Daily evaluations'!$C$2:$C$36,"=d20261020"),"") | X6: =IF((0=1),SUMIFS('Daily evaluations'!$D$2:$D$36,'Daily evaluations'!$B$2:$B$36,"=naive_winner1d",'Daily evaluations'!$C$2:$C$36,"=d20261021"),"") | Y6: =IF((0=1),SUMIFS('Daily evaluations'!$D$2:$D$36,'Daily evaluations'!$B$2:$B$36,"=naive_winner1d",'Daily evaluations'!$C$2:$C$36,"=d20261022"),"") | Z6: =IF((0=1),SUMIFS('Daily evaluations'!$D$2:$D$36,'Daily evaluations'!$B$2:$B$36,"=naive_winner1d",'Daily evaluations'!$C$2:$C$36,"=d20261023"),"") | AA6: =IF((0=1),SUMIFS('Daily evaluations'!$D$2:$D$36,'Daily evaluations'!$B$2:$B$36,"=naive_winner1d",'Daily evaluations'!$C$2:$C$36,"=d20261026"),"") | AB6: =IF((0=1),SUMIFS('Daily evaluations'!$D$2:$D$36,'Daily evaluations'!$B$2:$B$36,"=naive_winner1d",'Daily evaluations'!$C$2:$C$36,"=d20261027"),"") | AC6: =IF((0=1),SUMIFS('Daily evaluations'!$D$2:$D$36,'Daily evaluations'!$B$2:$B$36,"=naive_winner1d",'Daily evaluations'!$C$2:$C$36,"=d20261028"),"") | AD6: =IF((0=1),SUMIFS('Daily evaluations'!$D$2:$D$36,'Daily evaluations'!$B$2:$B$36,"=naive_winner1d",'Daily evaluations'!$C$2:$C$36,"=d20261029"),"") | AE6: =IF((0=1),SUMIFS('Daily evaluations'!$D$2:$D$36,'Daily evaluations'!$B$2:$B$36,"=naive_winner1d",'Daily evaluations'!$C$2:$C$36,"=d20261030"),"") | AF6: =IF((0=1),SUMIFS('Daily evaluations'!$D$2:$D$36,'Daily evaluations'!$B$2:$B$36,"=naive_winner1d",'Daily evaluations'!$C$2:$C$36,"=d20261102"),"") | AG6: =IF((0=1),SUMIFS('Daily evaluations'!$D$2:$D$36,'Daily evaluations'!$B$2:$B$36,"=naive_winner1d",'Daily evaluations'!$C$2:$C$36,"=d20261103"),"") | AH6: =IF((0=1),SUMIFS('Daily evaluations'!$D$2:$D$36,'Daily evaluations'!$B$2:$B$36,"=naive_winner1d",'Daily evaluations'!$C$2:$C$36,"=d20261104"),"") | AI6: =IF((0=1),SUMIFS('Daily evaluations'!$D$2:$D$36,'Daily evaluations'!$B$2:$B$36,"=naive_winner1d",'Daily evaluations'!$C$2:$C$36,"=d20261105"),"") | AJ6: =IF((0=1),SUMIFS('Daily evaluations'!$D$2:$D$36,'Daily evaluations'!$B$2:$B$36,"=naive_winner1d",'Daily evaluations'!$C$2:$C$36,"=d20261106"),"") | AK6: =IF((0=1),SUMIFS('Daily evaluations'!$D$2:$D$36,'Daily evaluations'!$B$2:$B$36,"=naive_winner1d",'Daily evaluations'!$C$2:$C$36,"=d20261109"),"") | AL6: =IF((0=1),SUMIFS('Daily evaluations'!$D$2:$D$36,'Daily evaluations'!$B$2:$B$36,"=naive_winner1d",'Daily evaluations'!$C$2:$C$36,"=d20261110"),"") | AM6: =IF((0=1),SUMIFS('Daily evaluations'!$D$2:$D$36,'Daily evaluations'!$B$2:$B$36,"=naive_winner1d",'Daily evaluations'!$C$2:$C$36,"=d20261111"),"") | AN6: =IF((0=1),SUMIFS('Daily evaluations'!$D$2:$D$36,'Daily evaluations'!$B$2:$B$36,"=naive_winner1d",'Daily evaluations'!$C$2:$C$36,"=d20261112"),"") | AO6: =IF((0=1),SUMIFS('Daily evaluations'!$D$2:$D$36,'Daily evaluations'!$B$2:$B$36,"=naive_winner1d",'Daily evaluations'!$C$2:$C$36,"=d20261113"),"") | AP6: =IF((0=1),SUMIFS('Daily evaluations'!$D$2:$D$36,'Daily evaluations'!$B$2:$B$36,"=naive_winner1d",'Daily evaluations'!$C$2:$C$36,"=d20261116"),"") | AQ6: =IF((0=1),SUMIFS('Daily evaluations'!$D$2:$D$36,'Daily evaluations'!$B$2:$B$36,"=naive_winner1d",'Daily evaluations'!$C$2:$C$36,"=d20261117"),"") | AR6: =IF((0=1),SUMIFS('Daily evaluations'!$D$2:$D$36,'Daily evaluations'!$B$2:$B$36,"=naive_winner1d",'Daily evaluations'!$C$2:$C$36,"=d20261118"),"") | AS6: =IF((0=1),SUMIFS('Daily evaluations'!$D$2:$D$36,'Daily evaluations'!$B$2:$B$36,"=naive_winner1d",'Daily evaluations'!$C$2:$C$36,"=d20261119"),"") | AT6: =IF((0=1),SUMIFS('Daily evaluations'!$D$2:$D$36,'Daily evaluations'!$B$2:$B$36,"=naive_winner1d",'Daily evaluations'!$C$2:$C$36,"=d20261120"),"") | AU6: =IF((0=1),SUMIFS('Daily evaluations'!$D$2:$D$36,'Daily evaluations'!$B$2:$B$36,"=naive_winner1d",'Daily evaluations'!$C$2:$C$36,"=d20261123"),"") | AV6: =IF((0=1),SUMIFS('Daily evaluations'!$D$2:$D$36,'Daily evaluations'!$B$2:$B$36,"=naive_winner1d",'Daily evaluations'!$C$2:$C$36,"=d20261124"),"") | AW6: =IF((0=1),SUMIFS('Daily evaluations'!$D$2:$D$36,'Daily evaluations'!$B$2:$B$36,"=naive_winner1d",'Daily evaluations'!$C$2:$C$36,"=d20261125"),"") | AX6: =IF((0=1),SUMIFS('Daily evaluations'!$D$2:$D$36,'Daily evaluations'!$B$2:$B$36,"=naive_winner1d",'Daily evaluations'!$C$2:$C$36,"=d20261127"),"") | AY6: =IF((0=1),SUMIFS('Daily evaluations'!$D$2:$D$36,'Daily evaluations'!$B$2:$B$36,"=naive_winner1d",'Daily evaluations'!$C$2:$C$36,"=d20261130"),"") | AZ6: =IF((0=1),SUMIFS('Daily evaluations'!$D$2:$D$36,'Daily evaluations'!$B$2:$B$36,"=naive_winner1d",'Daily evaluations'!$C$2:$C$36,"=d20261201"),"") | BA6: =IF((0=1),SUMIFS('Daily evaluations'!$D$2:$D$36,'Daily evaluations'!$B$2:$B$36,"=naive_winner1d",'Daily evaluations'!$C$2:$C$36,"=d20261202"),"") | BB6: =IF((0=1),SUMIFS('Daily evaluations'!$D$2:$D$36,'Daily evaluations'!$B$2:$B$36,"=naive_winner1d",'Daily evaluations'!$C$2:$C$36,"=d20261203"),"") | BC6: =IF((0=1),SUMIFS('Daily evaluations'!$D$2:$D$36,'Daily evaluations'!$B$2:$B$36,"=naive_winner1d",'Daily evaluations'!$C$2:$C$36,"=d20261204"),"") | BD6: =IF((0=1),SUMIFS('Daily evaluations'!$D$2:$D$36,'Daily evaluations'!$B$2:$B$36,"=naive_winner1d",'Daily evaluations'!$C$2:$C$36,"=d20261207"),"") | BE6: =IF((0=1),SUMIFS('Daily evaluations'!$D$2:$D$36,'Daily evaluations'!$B$2:$B$36,"=naive_winner1d",'Daily evaluations'!$C$2:$C$36,"=d20261208"),"") | BF6: =IF((0=1),SUMIFS('Daily evaluations'!$D$2:$D$36,'Daily evaluations'!$B$2:$B$36,"=naive_winner1d",'Daily evaluations'!$C$2:$C$36,"=d20261209"),"") | BG6: =IF((0=1),SUMIFS('Daily evaluations'!$D$2:$D$36,'Daily evaluations'!$B$2:$B$36,"=naive_winner1d",'Daily evaluations'!$C$2:$C$36,"=d20261210"),"") | BH6: =IF((0=1),SUMIFS('Daily evaluations'!$D$2:$D$36,'Daily evaluations'!$B$2:$B$36,"=naive_winner1d",'Daily evaluations'!$C$2:$C$36,"=d20261211"),"") | BI6: =IF((0=1),SUMIFS('Daily evaluations'!$D$2:$D$36,'Daily evaluations'!$B$2:$B$36,"=naive_winner1d",'Daily evaluations'!$C$2:$C$36,"=d20261214"),"") | BJ6: =IF((0=1),SUMIFS('Daily evaluations'!$D$2:$D$36,'Daily evaluations'!$B$2:$B$36,"=naive_winner1d",'Daily evaluations'!$C$2:$C$36,"=d20261215"),"") | BK6: =IF((0=1),SUMIFS('Daily evaluations'!$D$2:$D$36,'Daily evaluations'!$B$2:$B$36,"=naive_winner1d",'Daily evaluations'!$C$2:$C$36,"=d20261216"),"") | BL6: =IF((0=1),SUMIFS('Daily evaluations'!$D$2:$D$36,'Daily evaluations'!$B$2:$B$36,"=naive_winner1d",'Daily evaluations'!$C$2:$C$36,"=d20261217"),"") | BM6: =IF((0=1),SUMIFS('Daily evaluations'!$D$2:$D$36,'Daily evaluations'!$B$2:$B$36,"=naive_winner1d",'Daily evaluations'!$C$2:$C$36,"=d20261218"),"") | BN6: =IF((0=1),SUMIFS('Daily evaluations'!$D$2:$D$36,'Daily evaluations'!$B$2:$B$36,"=naive_winner1d",'Daily evaluations'!$C$2:$C$36,"=d20261221"),"") | BO6: =IF((0=1),SUMIFS('Daily evaluations'!$D$2:$D$36,'Daily evaluations'!$B$2:$B$36,"=naive_winner1d",'Daily evaluations'!$C$2:$C$36,"=d20261222"),"") | BP6: =IF((0=1),SUMIFS('Daily evaluations'!$D$2:$D$36,'Daily evaluations'!$B$2:$B$36,"=naive_winner1d",'Daily evaluations'!$C$2:$C$36,"=d20261223"),"") | BQ6: =IF((0=1),SUMIFS('Daily evaluations'!$D$2:$D$36,'Daily evaluations'!$B$2:$B$36,"=naive_winner1d",'Daily evaluations'!$C$2:$C$36,"=d20261224"),"") | BR6: =IF((0=1),SUMIFS('Daily evaluations'!$D$2:$D$36,'Daily evaluations'!$B$2:$B$36,"=naive_winner1d",'Daily evaluations'!$C$2:$C$36,"=d20261228"),"") | BS6: =IF((0=1),SUMIFS('Daily evaluations'!$D$2:$D$36,'Daily evaluations'!$B$2:$B$36,"=naive_winner1d",'Daily evaluations'!$C$2:$C$36,"=d20261229"),"") | BT6: =IF((0=1),SUMIFS('Daily evaluations'!$D$2:$D$36,'Daily evaluations'!$B$2:$B$36,"=naive_winner1d",'Daily evaluations'!$C$2:$C$36,"=d20261230"),"") | BU6: =IF((0=1),SUMIFS('Daily evaluations'!$D$2:$D$36,'Daily evaluations'!$B$2:$B$36,"=naive_winner1d",'Daily evaluations'!$C$2:$C$36,"=d20261231"),"") | BV6: =IF((0=1),SUMIFS('Daily evaluations'!$D$2:$D$36,'Daily evaluations'!$B$2:$B$36,"=naive_winner1d",'Daily evaluations'!$C$2:$C$36,"=d20270104"),"") | BW6: =IF((0=1),SUMIFS('Daily evaluations'!$D$2:$D$36,'Daily evaluations'!$B$2:$B$36,"=naive_winner1d",'Daily evaluations'!$C$2:$C$36,"=d20270105"),"") | BX6: =IF((0=1),SUMIFS('Daily evaluations'!$D$2:$D$36,'Daily evaluations'!$B$2:$B$36,"=naive_winner1d",'Daily evaluations'!$C$2:$C$36,"=d20270106"),"") | BY6: =IF((0=1),SUMIFS('Daily evaluations'!$D$2:$D$36,'Daily evaluations'!$B$2:$B$36,"=naive_winner1d",'Daily evaluations'!$C$2:$C$36,"=d20270107"),"") | BZ6: =IF((0=1),SUMIFS('Daily evaluations'!$D$2:$D$36,'Daily evaluations'!$B$2:$B$36,"=naive_winner1d",'Daily evaluations'!$C$2:$C$36,"=d20270108"),"") | CA6: =IF((0=1),SUMIFS('Daily evaluations'!$D$2:$D$36,'Daily evaluations'!$B$2:$B$36,"=naive_winner1d",'Daily evaluations'!$C$2:$C$36,"=d20270111"),"") | CB6: =IF((0=1),SUMIFS('Daily evaluations'!$D$2:$D$36,'Daily evaluations'!$B$2:$B$36,"=naive_winner1d",'Daily evaluations'!$C$2:$C$36,"=d20270112"),"") | CC6: =IF((0=1),SUMIFS('Daily evaluations'!$D$2:$D$36,'Daily evaluations'!$B$2:$B$36,"=naive_winner1d",'Daily evaluations'!$C$2:$C$36,"=d20270113"),"") | CD6: =IF((0=1),SUMIFS('Daily evaluations'!$D$2:$D$36,'Daily evaluations'!$B$2:$B$36,"=naive_winner1d",'Daily evaluations'!$C$2:$C$36,"=d20270114"),"") | CE6: =IF((0=1),SUMIFS('Daily evaluations'!$D$2:$D$36,'Daily evaluations'!$B$2:$B$36,"=naive_winner1d",'Daily evaluations'!$C$2:$C$36,"=d20270115"),"") | CF6: =IF((0=1),SUMIFS('Daily evaluations'!$D$2:$D$36,'Daily evaluations'!$B$2:$B$36,"=naive_winner1d",'Daily evaluations'!$C$2:$C$36,"=d20270119"),"") | CG6: =IF((0=1),SUMIFS('Daily evaluations'!$D$2:$D$36,'Daily evaluations'!$B$2:$B$36,"=naive_winner1d",'Daily evaluations'!$C$2:$C$36,"=d20270120"),"") | CH6: =IF((0=1),SUMIFS('Daily evaluations'!$D$2:$D$36,'Daily evaluations'!$B$2:$B$36,"=naive_winner1d",'Daily evaluations'!$C$2:$C$36,"=d20270121"),"") | CI6: =IF((0=1),SUMIFS('Daily evaluations'!$D$2:$D$36,'Daily evaluations'!$B$2:$B$36,"=naive_winner1d",'Daily evaluations'!$C$2:$C$36,"=d20270122"),"") | CJ6: =IF((0=1),SUMIFS('Daily evaluations'!$D$2:$D$36,'Daily evaluations'!$B$2:$B$36,"=naive_winner1d",'Daily evaluations'!$C$2:$C$36,"=d20270125"),"") | CK6: =IF((0=1),SUMIFS('Daily evaluations'!$D$2:$D$36,'Daily evaluations'!$B$2:$B$36,"=naive_winner1d",'Daily evaluations'!$C$2:$C$36,"=d20270126"),"") | CL6: =IF((0=1),SUMIFS('Daily evaluations'!$D$2:$D$36,'Daily evaluations'!$B$2:$B$36,"=naive_winner1d",'Daily evaluations'!$C$2:$C$36,"=d20270127"),"") | CM6: =IF((0=1),SUMIFS('Daily evaluations'!$D$2:$D$36,'Daily evaluations'!$B$2:$B$36,"=naive_winner1d",'Daily evaluations'!$C$2:$C$36,"=d20270128"),"") | CN6: =IF((0=1),SUMIFS('Daily evaluations'!$D$2:$D$36,'Daily evaluations'!$B$2:$B$36,"=naive_winner1d",'Daily evaluations'!$C$2:$C$36,"=d20270129"),"") | CO6: =IF((0=1),SUMIFS('Daily evaluations'!$D$2:$D$36,'Daily evaluations'!$B$2:$B$36,"=naive_winner1d",'Daily evaluations'!$C$2:$C$36,"=d20270201"),"") | CP6: =IF((0=1),SUMIFS('Daily evaluations'!$D$2:$D$36,'Daily evaluations'!$B$2:$B$36,"=naive_winner1d",'Daily evaluations'!$C$2:$C$36,"=d20270202"),"") | CQ6: =IF((0=1),SUMIFS('Daily evaluations'!$D$2:$D$36,'Daily evaluations'!$B$2:$B$36,"=naive_winner1d",'Daily evaluations'!$C$2:$C$36,"=d20270203"),"") | CR6: =IF((0=1),SUMIFS('Daily evaluations'!$D$2:$D$36,'Daily evaluations'!$B$2:$B$36,"=naive_winner1d",'Daily evaluations'!$C$2:$C$36,"=d20270204"),"") | CS6: =IF((0=1),SUMIFS('Daily evaluations'!$D$2:$D$36,'Daily evaluations'!$B$2:$B$36,"=naive_winner1d",'Daily evaluations'!$C$2:$C$36,"=d20270205"),"") | CT6: =IF((0=1),SUMIFS('Daily evaluations'!$D$2:$D$36,'Daily evaluations'!$B$2:$B$36,"=naive_winner1d",'Daily evaluations'!$C$2:$C$36,"=d20270208"),"") | CU6: =IF((0=1),SUMIFS('Daily evaluations'!$D$2:$D$36,'Daily evaluations'!$B$2:$B$36,"=naive_winner1d",'Daily evaluations'!$C$2:$C$36,"=d20270209"),"") | CV6: =IF((0=1),SUMIFS('Daily evaluations'!$D$2:$D$36,'Daily evaluations'!$B$2:$B$36,"=naive_winner1d",'Daily evaluations'!$C$2:$C$36,"=d20270210"),"") | CW6: =IF((0=1),SUMIFS('Daily evaluations'!$D$2:$D$36,'Daily evaluations'!$B$2:$B$36,"=naive_winner1d",'Daily evaluations'!$C$2:$C$36,"=d20270211"),"") | CX6: =IF((0=1),SUMIFS('Daily evaluations'!$D$2:$D$36,'Daily evaluations'!$B$2:$B$36,"=naive_winner1d",'Daily evaluations'!$C$2:$C$36,"=d20270212"),"")
A7: Sector-neutral overnight excess, bps | B7: Retail Attention Overnight | C7: =IF((1=1),SUMIFS('Daily evaluations'!$D$2:$D$36,'Daily evaluations'!$B$2:$B$36,"=p01_attention",'Daily evaluations'!$C$2:$C$36,"=d20260922"),"") -> -19.56 | D7: =IF((0=1),SUMIFS('Daily evaluations'!$D$2:$D$36,'Daily evaluations'!$B$2:$B$36,"=p01_attention",'Daily evaluations'!$C$2:$C$36,"=d20260923"),"") | E7: =IF((0=1),SUMIFS('Daily evaluations'!$D$2:$D$36,'Daily evaluations'!$B$2:$B$36,"=p01_attention",'Daily evaluations'!$C$2:$C$36,"=d20260924"),"") | F7: =IF((0=1),SUMIFS('Daily evaluations'!$D$2:$D$36,'Daily evaluations'!$B$2:$B$36,"=p01_attention",'Daily evaluations'!$C$2:$C$36,"=d20260925"),"") | G7: =IF((0=1),SUMIFS('Daily evaluations'!$D$2:$D$36,'Daily evaluations'!$B$2:$B$36,"=p01_attention",'Daily evaluations'!$C$2:$C$36,"=d20260928"),"") | H7: =IF((0=1),SUMIFS('Daily evaluations'!$D$2:$D$36,'Daily evaluations'!$B$2:$B$36,"=p01_attention",'Daily evaluations'!$C$2:$C$36,"=d20260929"),"") | I7: =IF((0=1),SUMIFS('Daily evaluations'!$D$2:$D$36,'Daily evaluations'!$B$2:$B$36,"=p01_attention",'Daily evaluations'!$C$2:$C$36,"=d20260930"),"") | J7: =IF((0=1),SUMIFS('Daily evaluations'!$D$2:$D$36,'Daily evaluations'!$B$2:$B$36,"=p01_attention",'Daily evaluations'!$C$2:$C$36,"=d20261001"),"") | K7: =IF((0=1),SUMIFS('Daily evaluations'!$D$2:$D$36,'Daily evaluations'!$B$2:$B$36,"=p01_attention",'Daily evaluations'!$C$2:$C$36,"=d20261002"),"") | L7: =IF((0=1),SUMIFS('Daily evaluations'!$D$2:$D$36,'Daily evaluations'!$B$2:$B$36,"=p01_attention",'Daily evaluations'!$C$2:$C$36,"=d20261005"),"") | M7: =IF((0=1),SUMIFS('Daily evaluations'!$D$2:$D$36,'Daily evaluations'!$B$2:$B$36,"=p01_attention",'Daily evaluations'!$C$2:$C$36,"=d20261006"),"") | N7: =IF((0=1),SUMIFS('Daily evaluations'!$D$2:$D$36,'Daily evaluations'!$B$2:$B$36,"=p01_attention",'Daily evaluations'!$C$2:$C$36,"=d20261007"),"") | O7: =IF((0=1),SUMIFS('Daily evaluations'!$D$2:$D$36,'Daily evaluations'!$B$2:$B$36,"=p01_attention",'Daily evaluations'!$C$2:$C$36,"=d20261008"),"") | P7: =IF((0=1),SUMIFS('Daily evaluations'!$D$2:$D$36,'Daily evaluations'!$B$2:$B$36,"=p01_attention",'Daily evaluations'!$C$2:$C$36,"=d20261009"),"") | Q7: =IF((0=1),SUMIFS('Daily evaluations'!$D$2:$D$36,'Daily evaluations'!$B$2:$B$36,"=p01_attention",'Daily evaluations'!$C$2:$C$36,"=d20261012"),"") | R7: =IF((0=1),SUMIFS('Daily evaluations'!$D$2:$D$36,'Daily evaluations'!$B$2:$B$36,"=p01_attention",'Daily evaluations'!$C$2:$C$36,"=d20261013"),"") | S7: =IF((0=1),SUMIFS('Daily evaluations'!$D$2:$D$36,'Daily evaluations'!$B$2:$B$36,"=p01_attention",'Daily evaluations'!$C$2:$C$36,"=d20261014"),"") | T7: =IF((0=1),SUMIFS('Daily evaluations'!$D$2:$D$36,'Daily evaluations'!$B$2:$B$36,"=p01_attention",'Daily evaluations'!$C$2:$C$36,"=d20261015"),"") | U7: =IF((0=1),SUMIFS('Daily evaluations'!$D$2:$D$36,'Daily evaluations'!$B$2:$B$36,"=p01_attention",'Daily evaluations'!$C$2:$C$36,"=d20261016"),"") | V7: =IF((0=1),SUMIFS('Daily evaluations'!$D$2:$D$36,'Daily evaluations'!$B$2:$B$36,"=p01_attention",'Daily evaluations'!$C$2:$C$36,"=d20261019"),"") | W7: =IF((0=1),SUMIFS('Daily evaluations'!$D$2:$D$36,'Daily evaluations'!$B$2:$B$36,"=p01_attention",'Daily evaluations'!$C$2:$C$36,"=d20261020"),"") | X7: =IF((0=1),SUMIFS('Daily evaluations'!$D$2:$D$36,'Daily evaluations'!$B$2:$B$36,"=p01_attention",'Daily evaluations'!$C$2:$C$36,"=d20261021"),"") | Y7: =IF((0=1),SUMIFS('Daily evaluations'!$D$2:$D$36,'Daily evaluations'!$B$2:$B$36,"=p01_attention",'Daily evaluations'!$C$2:$C$36,"=d20261022"),"") | Z7: =IF((0=1),SUMIFS('Daily evaluations'!$D$2:$D$36,'Daily evaluations'!$B$2:$B$36,"=p01_attention",'Daily evaluations'!$C$2:$C$36,"=d20261023"),"") | AA7: =IF((0=1),SUMIFS('Daily evaluations'!$D$2:$D$36,'Daily evaluations'!$B$2:$B$36,"=p01_attention",'Daily evaluations'!$C$2:$C$36,"=d20261026"),"") | AB7: =IF((0=1),SUMIFS('Daily evaluations'!$D$2:$D$36,'Daily evaluations'!$B$2:$B$36,"=p01_attention",'Daily evaluations'!$C$2:$C$36,"=d20261027"),"") | AC7: =IF((0=1),SUMIFS('Daily evaluations'!$D$2:$D$36,'Daily evaluations'!$B$2:$B$36,"=p01_attention",'Daily evaluations'!$C$2:$C$36,"=d20261028"),"") | AD7: =IF((0=1),SUMIFS('Daily evaluations'!$D$2:$D$36,'Daily evaluations'!$B$2:$B$36,"=p01_attention",'Daily evaluations'!$C$2:$C$36,"=d20261029"),"") | AE7: =IF((0=1),SUMIFS('Daily evaluations'!$D$2:$D$36,'Daily evaluations'!$B$2:$B$36,"=p01_attention",'Daily evaluations'!$C$2:$C$36,"=d20261030"),"") | AF7: =IF((0=1),SUMIFS('Daily evaluations'!$D$2:$D$36,'Daily evaluations'!$B$2:$B$36,"=p01_attention",'Daily evaluations'!$C$2:$C$36,"=d20261102"),"") | AG7: =IF((0=1),SUMIFS('Daily evaluations'!$D$2:$D$36,'Daily evaluations'!$B$2:$B$36,"=p01_attention",'Daily evaluations'!$C$2:$C$36,"=d20261103"),"") | AH7: =IF((0=1),SUMIFS('Daily evaluations'!$D$2:$D$36,'Daily evaluations'!$B$2:$B$36,"=p01_attention",'Daily evaluations'!$C$2:$C$36,"=d20261104"),"") | AI7: =IF((0=1),SUMIFS('Daily evaluations'!$D$2:$D$36,'Daily evaluations'!$B$2:$B$36,"=p01_attention",'Daily evaluations'!$C$2:$C$36,"=d20261105"),"") | AJ7: =IF((0=1),SUMIFS('Daily evaluations'!$D$2:$D$36,'Daily evaluations'!$B$2:$B$36,"=p01_attention",'Daily evaluations'!$C$2:$C$36,"=d20261106"),"") | AK7: =IF((0=1),SUMIFS('Daily evaluations'!$D$2:$D$36,'Daily evaluations'!$B$2:$B$36,"=p01_attention",'Daily evaluations'!$C$2:$C$36,"=d20261109"),"") | AL7: =IF((0=1),SUMIFS('Daily evaluations'!$D$2:$D$36,'Daily evaluations'!$B$2:$B$36,"=p01_attention",'Daily evaluations'!$C$2:$C$36,"=d20261110"),"") | AM7: =IF((0=1),SUMIFS('Daily evaluations'!$D$2:$D$36,'Daily evaluations'!$B$2:$B$36,"=p01_attention",'Daily evaluations'!$C$2:$C$36,"=d20261111"),"") | AN7: =IF((0=1),SUMIFS('Daily evaluations'!$D$2:$D$36,'Daily evaluations'!$B$2:$B$36,"=p01_attention",'Daily evaluations'!$C$2:$C$36,"=d20261112"),"") | AO7: =IF((0=1),SUMIFS('Daily evaluations'!$D$2:$D$36,'Daily evaluations'!$B$2:$B$36,"=p01_attention",'Daily evaluations'!$C$2:$C$36,"=d20261113"),"") | AP7: =IF((0=1),SUMIFS('Daily evaluations'!$D$2:$D$36,'Daily evaluations'!$B$2:$B$36,"=p01_attention",'Daily evaluations'!$C$2:$C$36,"=d20261116"),"") | AQ7: =IF((0=1),SUMIFS('Daily evaluations'!$D$2:$D$36,'Daily evaluations'!$B$2:$B$36,"=p01_attention",'Daily evaluations'!$C$2:$C$36,"=d20261117"),"") | AR7: =IF((0=1),SUMIFS('Daily evaluations'!$D$2:$D$36,'Daily evaluations'!$B$2:$B$36,"=p01_attention",'Daily evaluations'!$C$2:$C$36,"=d20261118"),"") | AS7: =IF((0=1),SUMIFS('Daily evaluations'!$D$2:$D$36,'Daily evaluations'!$B$2:$B$36,"=p01_attention",'Daily evaluations'!$C$2:$C$36,"=d20261119"),"") | AT7: =IF((0=1),SUMIFS('Daily evaluations'!$D$2:$D$36,'Daily evaluations'!$B$2:$B$36,"=p01_attention",'Daily evaluations'!$C$2:$C$36,"=d20261120"),"") | AU7: =IF((0=1),SUMIFS('Daily evaluations'!$D$2:$D$36,'Daily evaluations'!$B$2:$B$36,"=p01_attention",'Daily evaluations'!$C$2:$C$36,"=d20261123"),"") | AV7: =IF((0=1),SUMIFS('Daily evaluations'!$D$2:$D$36,'Daily evaluations'!$B$2:$B$36,"=p01_attention",'Daily evaluations'!$C$2:$C$36,"=d20261124"),"") | AW7: =IF((0=1),SUMIFS('Daily evaluations'!$D$2:$D$36,'Daily evaluations'!$B$2:$B$36,"=p01_attention",'Daily evaluations'!$C$2:$C$36,"=d20261125"),"") | AX7: =IF((0=1),SUMIFS('Daily evaluations'!$D$2:$D$36,'Daily evaluations'!$B$2:$B$36,"=p01_attention",'Daily evaluations'!$C$2:$C$36,"=d20261127"),"") | AY7: =IF((0=1),SUMIFS('Daily evaluations'!$D$2:$D$36,'Daily evaluations'!$B$2:$B$36,"=p01_attention",'Daily evaluations'!$C$2:$C$36,"=d20261130"),"") | AZ7: =IF((0=1),SUMIFS('Daily evaluations'!$D$2:$D$36,'Daily evaluations'!$B$2:$B$36,"=p01_attention",'Daily evaluations'!$C$2:$C$36,"=d20261201"),"") | BA7: =IF((0=1),SUMIFS('Daily evaluations'!$D$2:$D$36,'Daily evaluations'!$B$2:$B$36,"=p01_attention",'Daily evaluations'!$C$2:$C$36,"=d20261202"),"") | BB7: =IF((0=1),SUMIFS('Daily evaluations'!$D$2:$D$36,'Daily evaluations'!$B$2:$B$36,"=p01_attention",'Daily evaluations'!$C$2:$C$36,"=d20261203"),"") | BC7: =IF((0=1),SUMIFS('Daily evaluations'!$D$2:$D$36,'Daily evaluations'!$B$2:$B$36,"=p01_attention",'Daily evaluations'!$C$2:$C$36,"=d20261204"),"") | BD7: =IF((0=1),SUMIFS('Daily evaluations'!$D$2:$D$36,'Daily evaluations'!$B$2:$B$36,"=p01_attention",'Daily evaluations'!$C$2:$C$36,"=d20261207"),"") | BE7: =IF((0=1),SUMIFS('Daily evaluations'!$D$2:$D$36,'Daily evaluations'!$B$2:$B$36,"=p01_attention",'Daily evaluations'!$C$2:$C$36,"=d20261208"),"") | BF7: =IF((0=1),SUMIFS('Daily evaluations'!$D$2:$D$36,'Daily evaluations'!$B$2:$B$36,"=p01_attention",'Daily evaluations'!$C$2:$C$36,"=d20261209"),"") | BG7: =IF((0=1),SUMIFS('Daily evaluations'!$D$2:$D$36,'Daily evaluations'!$B$2:$B$36,"=p01_attention",'Daily evaluations'!$C$2:$C$36,"=d20261210"),"") | BH7: =IF((0=1),SUMIFS('Daily evaluations'!$D$2:$D$36,'Daily evaluations'!$B$2:$B$36,"=p01_attention",'Daily evaluations'!$C$2:$C$36,"=d20261211"),"") | BI7: =IF((0=1),SUMIFS('Daily evaluations'!$D$2:$D$36,'Daily evaluations'!$B$2:$B$36,"=p01_attention",'Daily evaluations'!$C$2:$C$36,"=d20261214"),"") | BJ7: =IF((0=1),SUMIFS('Daily evaluations'!$D$2:$D$36,'Daily evaluations'!$B$2:$B$36,"=p01_attention",'Daily evaluations'!$C$2:$C$36,"=d20261215"),"") | BK7: =IF((0=1),SUMIFS('Daily evaluations'!$D$2:$D$36,'Daily evaluations'!$B$2:$B$36,"=p01_attention",'Daily evaluations'!$C$2:$C$36,"=d20261216"),"") | BL7: =IF((0=1),SUMIFS('Daily evaluations'!$D$2:$D$36,'Daily evaluations'!$B$2:$B$36,"=p01_attention",'Daily evaluations'!$C$2:$C$36,"=d20261217"),"") | BM7: =IF((0=1),SUMIFS('Daily evaluations'!$D$2:$D$36,'Daily evaluations'!$B$2:$B$36,"=p01_attention",'Daily evaluations'!$C$2:$C$36,"=d20261218"),"") | BN7: =IF((0=1),SUMIFS('Daily evaluations'!$D$2:$D$36,'Daily evaluations'!$B$2:$B$36,"=p01_attention",'Daily evaluations'!$C$2:$C$36,"=d20261221"),"") | BO7: =IF((0=1),SUMIFS('Daily evaluations'!$D$2:$D$36,'Daily evaluations'!$B$2:$B$36,"=p01_attention",'Daily evaluations'!$C$2:$C$36,"=d20261222"),"") | BP7: =IF((0=1),SUMIFS('Daily evaluations'!$D$2:$D$36,'Daily evaluations'!$B$2:$B$36,"=p01_attention",'Daily evaluations'!$C$2:$C$36,"=d20261223"),"") | BQ7: =IF((0=1),SUMIFS('Daily evaluations'!$D$2:$D$36,'Daily evaluations'!$B$2:$B$36,"=p01_attention",'Daily evaluations'!$C$2:$C$36,"=d20261224"),"") | BR7: =IF((0=1),SUMIFS('Daily evaluations'!$D$2:$D$36,'Daily evaluations'!$B$2:$B$36,"=p01_attention",'Daily evaluations'!$C$2:$C$36,"=d20261228"),"") | BS7: =IF((0=1),SUMIFS('Daily evaluations'!$D$2:$D$36,'Daily evaluations'!$B$2:$B$36,"=p01_attention",'Daily evaluations'!$C$2:$C$36,"=d20261229"),"") | BT7: =IF((0=1),SUMIFS('Daily evaluations'!$D$2:$D$36,'Daily evaluations'!$B$2:$B$36,"=p01_attention",'Daily evaluations'!$C$2:$C$36,"=d20261230"),"") | BU7: =IF((0=1),SUMIFS('Daily evaluations'!$D$2:$D$36,'Daily evaluations'!$B$2:$B$36,"=p01_attention",'Daily evaluations'!$C$2:$C$36,"=d20261231"),"") | BV7: =IF((0=1),SUMIFS('Daily evaluations'!$D$2:$D$36,'Daily evaluations'!$B$2:$B$36,"=p01_attention",'Daily evaluations'!$C$2:$C$36,"=d20270104"),"") | BW7: =IF((0=1),SUMIFS('Daily evaluations'!$D$2:$D$36,'Daily evaluations'!$B$2:$B$36,"=p01_attention",'Daily evaluations'!$C$2:$C$36,"=d20270105"),"") | BX7: =IF((0=1),SUMIFS('Daily evaluations'!$D$2:$D$36,'Daily evaluations'!$B$2:$B$36,"=p01_attention",'Daily evaluations'!$C$2:$C$36,"=d20270106"),"") | BY7: =IF((0=1),SUMIFS('Daily evaluations'!$D$2:$D$36,'Daily evaluations'!$B$2:$B$36,"=p01_attention",'Daily evaluations'!$C$2:$C$36,"=d20270107"),"") | BZ7: =IF((0=1),SUMIFS('Daily evaluations'!$D$2:$D$36,'Daily evaluations'!$B$2:$B$36,"=p01_attention",'Daily evaluations'!$C$2:$C$36,"=d20270108"),"") | CA7: =IF((0=1),SUMIFS('Daily evaluations'!$D$2:$D$36,'Daily evaluations'!$B$2:$B$36,"=p01_attention",'Daily evaluations'!$C$2:$C$36,"=d20270111"),"") | CB7: =IF((0=1),SUMIFS('Daily evaluations'!$D$2:$D$36,'Daily evaluations'!$B$2:$B$36,"=p01_attention",'Daily evaluations'!$C$2:$C$36,"=d20270112"),"") | CC7: =IF((0=1),SUMIFS('Daily evaluations'!$D$2:$D$36,'Daily evaluations'!$B$2:$B$36,"=p01_attention",'Daily evaluations'!$C$2:$C$36,"=d20270113"),"") | CD7: =IF((0=1),SUMIFS('Daily evaluations'!$D$2:$D$36,'Daily evaluations'!$B$2:$B$36,"=p01_attention",'Daily evaluations'!$C$2:$C$36,"=d20270114"),"") | CE7: =IF((0=1),SUMIFS('Daily evaluations'!$D$2:$D$36,'Daily evaluations'!$B$2:$B$36,"=p01_attention",'Daily evaluations'!$C$2:$C$36,"=d20270115"),"") | CF7: =IF((0=1),SUMIFS('Daily evaluations'!$D$2:$D$36,'Daily evaluations'!$B$2:$B$36,"=p01_attention",'Daily evaluations'!$C$2:$C$36,"=d20270119"),"") | CG7: =IF((0=1),SUMIFS('Daily evaluations'!$D$2:$D$36,'Daily evaluations'!$B$2:$B$36,"=p01_attention",'Daily evaluations'!$C$2:$C$36,"=d20270120"),"") | CH7: =IF((0=1),SUMIFS('Daily evaluations'!$D$2:$D$36,'Daily evaluations'!$B$2:$B$36,"=p01_attention",'Daily evaluations'!$C$2:$C$36,"=d20270121"),"") | CI7: =IF((0=1),SUMIFS('Daily evaluations'!$D$2:$D$36,'Daily evaluations'!$B$2:$B$36,"=p01_attention",'Daily evaluations'!$C$2:$C$36,"=d20270122"),"") | CJ7: =IF((0=1),SUMIFS('Daily evaluations'!$D$2:$D$36,'Daily evaluations'!$B$2:$B$36,"=p01_attention",'Daily evaluations'!$C$2:$C$36,"=d20270125"),"") | CK7: =IF((0=1),SUMIFS('Daily evaluations'!$D$2:$D$36,'Daily evaluations'!$B$2:$B$36,"=p01_attention",'Daily evaluations'!$C$2:$C$36,"=d20270126"),"") | CL7: =IF((0=1),SUMIFS('Daily evaluations'!$D$2:$D$36,'Daily evaluations'!$B$2:$B$36,"=p01_attention",'Daily evaluations'!$C$2:$C$36,"=d20270127"),"") | CM7: =IF((0=1),SUMIFS('Daily evaluations'!$D$2:$D$36,'Daily evaluations'!$B$2:$B$36,"=p01_attention",'Daily evaluations'!$C$2:$C$36,"=d20270128"),"") | CN7: =IF((0=1),SUMIFS('Daily evaluations'!$D$2:$D$36,'Daily evaluations'!$B$2:$B$36,"=p01_attention",'Daily evaluations'!$C$2:$C$36,"=d20270129"),"") | CO7: =IF((0=1),SUMIFS('Daily evaluations'!$D$2:$D$36,'Daily evaluations'!$B$2:$B$36,"=p01_attention",'Daily evaluations'!$C$2:$C$36,"=d20270201"),"") | CP7: =IF((0=1),SUMIFS('Daily evaluations'!$D$2:$D$36,'Daily evaluations'!$B$2:$B$36,"=p01_attention",'Daily evaluations'!$C$2:$C$36,"=d20270202"),"") | CQ7: =IF((0=1),SUMIFS('Daily evaluations'!$D$2:$D$36,'Daily evaluations'!$B$2:$B$36,"=p01_attention",'Daily evaluations'!$C$2:$C$36,"=d20270203"),"") | CR7: =IF((0=1),SUMIFS('Daily evaluations'!$D$2:$D$36,'Daily evaluations'!$B$2:$B$36,"=p01_attention",'Daily evaluations'!$C$2:$C$36,"=d20270204"),"") | CS7: =IF((0=1),SUMIFS('Daily evaluations'!$D$2:$D$36,'Daily evaluations'!$B$2:$B$36,"=p01_attention",'Daily evaluations'!$C$2:$C$36,"=d20270205"),"") | CT7: =IF((0=1),SUMIFS('Daily evaluations'!$D$2:$D$36,'Daily evaluations'!$B$2:$B$36,"=p01_attention",'Daily evaluations'!$C$2:$C$36,"=d20270208"),"") | CU7: =IF((0=1),SUMIFS('Daily evaluations'!$D$2:$D$36,'Daily evaluations'!$B$2:$B$36,"=p01_attention",'Daily evaluations'!$C$2:$C$36,"=d20270209"),"") | CV7: =IF((0=1),SUMIFS('Daily evaluations'!$D$2:$D$36,'Daily evaluations'!$B$2:$B$36,"=p01_attention",'Daily evaluations'!$C$2:$C$36,"=d20270210"),"") | CW7: =IF((0=1),SUMIFS('Daily evaluations'!$D$2:$D$36,'Daily evaluations'!$B$2:$B$36,"=p01_attention",'Daily evaluations'!$C$2:$C$36,"=d20270211"),"") | CX7: =IF((0=1),SUMIFS('Daily evaluations'!$D$2:$D$36,'Daily evaluations'!$B$2:$B$36,"=p01_attention",'Daily evaluations'!$C$2:$C$36,"=d20270212"),"")
A8: Sector-neutral overnight excess, bps | B8: Post-Earnings Drift, Overnight Leg | C8: =IF((1=1),SUMIFS('Daily evaluations'!$D$2:$D$36,'Daily evaluations'!$B$2:$B$36,"=p02_earnings_drift",'Daily evaluations'!$C$2:$C$36,"=d20260922"),"") -> 11.704 | D8: =IF((0=1),SUMIFS('Daily evaluations'!$D$2:$D$36,'Daily evaluations'!$B$2:$B$36,"=p02_earnings_drift",'Daily evaluations'!$C$2:$C$36,"=d20260923"),"") | E8: =IF((0=1),SUMIFS('Daily evaluations'!$D$2:$D$36,'Daily evaluations'!$B$2:$B$36,"=p02_earnings_drift",'Daily evaluations'!$C$2:$C$36,"=d20260924"),"") | F8: =IF((0=1),SUMIFS('Daily evaluations'!$D$2:$D$36,'Daily evaluations'!$B$2:$B$36,"=p02_earnings_drift",'Daily evaluations'!$C$2:$C$36,"=d20260925"),"") | G8: =IF((0=1),SUMIFS('Daily evaluations'!$D$2:$D$36,'Daily evaluations'!$B$2:$B$36,"=p02_earnings_drift",'Daily evaluations'!$C$2:$C$36,"=d20260928"),"") | H8: =IF((0=1),SUMIFS('Daily evaluations'!$D$2:$D$36,'Daily evaluations'!$B$2:$B$36,"=p02_earnings_drift",'Daily evaluations'!$C$2:$C$36,"=d20260929"),"") | I8: =IF((0=1),SUMIFS('Daily evaluations'!$D$2:$D$36,'Daily evaluations'!$B$2:$B$36,"=p02_earnings_drift",'Daily evaluations'!$C$2:$C$36,"=d20260930"),"") | J8: =IF((0=1),SUMIFS('Daily evaluations'!$D$2:$D$36,'Daily evaluations'!$B$2:$B$36,"=p02_earnings_drift",'Daily evaluations'!$C$2:$C$36,"=d20261001"),"") | K8: =IF((0=1),SUMIFS('Daily evaluations'!$D$2:$D$36,'Daily evaluations'!$B$2:$B$36,"=p02_earnings_drift",'Daily evaluations'!$C$2:$C$36,"=d20261002"),"") | L8: =IF((0=1),SUMIFS('Daily evaluations'!$D$2:$D$36,'Daily evaluations'!$B$2:$B$36,"=p02_earnings_drift",'Daily evaluations'!$C$2:$C$36,"=d20261005"),"") | M8: =IF((0=1),SUMIFS('Daily evaluations'!$D$2:$D$36,'Daily evaluations'!$B$2:$B$36,"=p02_earnings_drift",'Daily evaluations'!$C$2:$C$36,"=d20261006"),"") | N8: =IF((0=1),SUMIFS('Daily evaluations'!$D$2:$D$36,'Daily evaluations'!$B$2:$B$36,"=p02_earnings_drift",'Daily evaluations'!$C$2:$C$36,"=d20261007"),"") | O8: =IF((0=1),SUMIFS('Daily evaluations'!$D$2:$D$36,'Daily evaluations'!$B$2:$B$36,"=p02_earnings_drift",'Daily evaluations'!$C$2:$C$36,"=d20261008"),"") | P8: =IF((0=1),SUMIFS('Daily evaluations'!$D$2:$D$36,'Daily evaluations'!$B$2:$B$36,"=p02_earnings_drift",'Daily evaluations'!$C$2:$C$36,"=d20261009"),"") | Q8: =IF((0=1),SUMIFS('Daily evaluations'!$D$2:$D$36,'Daily evaluations'!$B$2:$B$36,"=p02_earnings_drift",'Daily evaluations'!$C$2:$C$36,"=d20261012"),"") | R8: =IF((0=1),SUMIFS('Daily evaluations'!$D$2:$D$36,'Daily evaluations'!$B$2:$B$36,"=p02_earnings_drift",'Daily evaluations'!$C$2:$C$36,"=d20261013"),"") | S8: =IF((0=1),SUMIFS('Daily evaluations'!$D$2:$D$36,'Daily evaluations'!$B$2:$B$36,"=p02_earnings_drift",'Daily evaluations'!$C$2:$C$36,"=d20261014"),"") | T8: =IF((0=1),SUMIFS('Daily evaluations'!$D$2:$D$36,'Daily evaluations'!$B$2:$B$36,"=p02_earnings_drift",'Daily evaluations'!$C$2:$C$36,"=d20261015"),"") | U8: =IF((0=1),SUMIFS('Daily evaluations'!$D$2:$D$36,'Daily evaluations'!$B$2:$B$36,"=p02_earnings_drift",'Daily evaluations'!$C$2:$C$36,"=d20261016"),"") | V8: =IF((0=1),SUMIFS('Daily evaluations'!$D$2:$D$36,'Daily evaluations'!$B$2:$B$36,"=p02_earnings_drift",'Daily evaluations'!$C$2:$C$36,"=d20261019"),"") | W8: =IF((0=1),SUMIFS('Daily evaluations'!$D$2:$D$36,'Daily evaluations'!$B$2:$B$36,"=p02_earnings_drift",'Daily evaluations'!$C$2:$C$36,"=d20261020"),"") | X8: =IF((0=1),SUMIFS('Daily evaluations'!$D$2:$D$36,'Daily evaluations'!$B$2:$B$36,"=p02_earnings_drift",'Daily evaluations'!$C$2:$C$36,"=d20261021"),"") | Y8: =IF((0=1),SUMIFS('Daily evaluations'!$D$2:$D$36,'Daily evaluations'!$B$2:$B$36,"=p02_earnings_drift",'Daily evaluations'!$C$2:$C$36,"=d20261022"),"") | Z8: =IF((0=1),SUMIFS('Daily evaluations'!$D$2:$D$36,'Daily evaluations'!$B$2:$B$36,"=p02_earnings_drift",'Daily evaluations'!$C$2:$C$36,"=d20261023"),"") | AA8: =IF((0=1),SUMIFS('Daily evaluations'!$D$2:$D$36,'Daily evaluations'!$B$2:$B$36,"=p02_earnings_drift",'Daily evaluations'!$C$2:$C$36,"=d20261026"),"") | AB8: =IF((0=1),SUMIFS('Daily evaluations'!$D$2:$D$36,'Daily evaluations'!$B$2:$B$36,"=p02_earnings_drift",'Daily evaluations'!$C$2:$C$36,"=d20261027"),"") | AC8: =IF((0=1),SUMIFS('Daily evaluations'!$D$2:$D$36,'Daily evaluations'!$B$2:$B$36,"=p02_earnings_drift",'Daily evaluations'!$C$2:$C$36,"=d20261028"),"") | AD8: =IF((0=1),SUMIFS('Daily evaluations'!$D$2:$D$36,'Daily evaluations'!$B$2:$B$36,"=p02_earnings_drift",'Daily evaluations'!$C$2:$C$36,"=d20261029"),"") | AE8: =IF((0=1),SUMIFS('Daily evaluations'!$D$2:$D$36,'Daily evaluations'!$B$2:$B$36,"=p02_earnings_drift",'Daily evaluations'!$C$2:$C$36,"=d20261030"),"") | AF8: =IF((0=1),SUMIFS('Daily evaluations'!$D$2:$D$36,'Daily evaluations'!$B$2:$B$36,"=p02_earnings_drift",'Daily evaluations'!$C$2:$C$36,"=d20261102"),"") | AG8: =IF((0=1),SUMIFS('Daily evaluations'!$D$2:$D$36,'Daily evaluations'!$B$2:$B$36,"=p02_earnings_drift",'Daily evaluations'!$C$2:$C$36,"=d20261103"),"") | AH8: =IF((0=1),SUMIFS('Daily evaluations'!$D$2:$D$36,'Daily evaluations'!$B$2:$B$36,"=p02_earnings_drift",'Daily evaluations'!$C$2:$C$36,"=d20261104"),"") | AI8: =IF((0=1),SUMIFS('Daily evaluations'!$D$2:$D$36,'Daily evaluations'!$B$2:$B$36,"=p02_earnings_drift",'Daily evaluations'!$C$2:$C$36,"=d20261105"),"") | AJ8: =IF((0=1),SUMIFS('Daily evaluations'!$D$2:$D$36,'Daily evaluations'!$B$2:$B$36,"=p02_earnings_drift",'Daily evaluations'!$C$2:$C$36,"=d20261106"),"") | AK8: =IF((0=1),SUMIFS('Daily evaluations'!$D$2:$D$36,'Daily evaluations'!$B$2:$B$36,"=p02_earnings_drift",'Daily evaluations'!$C$2:$C$36,"=d20261109"),"") | AL8: =IF((0=1),SUMIFS('Daily evaluations'!$D$2:$D$36,'Daily evaluations'!$B$2:$B$36,"=p02_earnings_drift",'Daily evaluations'!$C$2:$C$36,"=d20261110"),"") | AM8: =IF((0=1),SUMIFS('Daily evaluations'!$D$2:$D$36,'Daily evaluations'!$B$2:$B$36,"=p02_earnings_drift",'Daily evaluations'!$C$2:$C$36,"=d20261111"),"") | AN8: =IF((0=1),SUMIFS('Daily evaluations'!$D$2:$D$36,'Daily evaluations'!$B$2:$B$36,"=p02_earnings_drift",'Daily evaluations'!$C$2:$C$36,"=d20261112"),"") | AO8: =IF((0=1),SUMIFS('Daily evaluations'!$D$2:$D$36,'Daily evaluations'!$B$2:$B$36,"=p02_earnings_drift",'Daily evaluations'!$C$2:$C$36,"=d20261113"),"") | AP8: =IF((0=1),SUMIFS('Daily evaluations'!$D$2:$D$36,'Daily evaluations'!$B$2:$B$36,"=p02_earnings_drift",'Daily evaluations'!$C$2:$C$36,"=d20261116"),"") | AQ8: =IF((0=1),SUMIFS('Daily evaluations'!$D$2:$D$36,'Daily evaluations'!$B$2:$B$36,"=p02_earnings_drift",'Daily evaluations'!$C$2:$C$36,"=d20261117"),"") | AR8: =IF((0=1),SUMIFS('Daily evaluations'!$D$2:$D$36,'Daily evaluations'!$B$2:$B$36,"=p02_earnings_drift",'Daily evaluations'!$C$2:$C$36,"=d20261118"),"") | AS8: =IF((0=1),SUMIFS('Daily evaluations'!$D$2:$D$36,'Daily evaluations'!$B$2:$B$36,"=p02_earnings_drift",'Daily evaluations'!$C$2:$C$36,"=d20261119"),"") | AT8: =IF((0=1),SUMIFS('Daily evaluations'!$D$2:$D$36,'Daily evaluations'!$B$2:$B$36,"=p02_earnings_drift",'Daily evaluations'!$C$2:$C$36,"=d20261120"),"") | AU8: =IF((0=1),SUMIFS('Daily evaluations'!$D$2:$D$36,'Daily evaluations'!$B$2:$B$36,"=p02_earnings_drift",'Daily evaluations'!$C$2:$C$36,"=d20261123"),"") | AV8: =IF((0=1),SUMIFS('Daily evaluations'!$D$2:$D$36,'Daily evaluations'!$B$2:$B$36,"=p02_earnings_drift",'Daily evaluations'!$C$2:$C$36,"=d20261124"),"") | AW8: =IF((0=1),SUMIFS('Daily evaluations'!$D$2:$D$36,'Daily evaluations'!$B$2:$B$36,"=p02_earnings_drift",'Daily evaluations'!$C$2:$C$36,"=d20261125"),"") | AX8: =IF((0=1),SUMIFS('Daily evaluations'!$D$2:$D$36,'Daily evaluations'!$B$2:$B$36,"=p02_earnings_drift",'Daily evaluations'!$C$2:$C$36,"=d20261127"),"") | AY8: =IF((0=1),SUMIFS('Daily evaluations'!$D$2:$D$36,'Daily evaluations'!$B$2:$B$36,"=p02_earnings_drift",'Daily evaluations'!$C$2:$C$36,"=d20261130"),"") | AZ8: =IF((0=1),SUMIFS('Daily evaluations'!$D$2:$D$36,'Daily evaluations'!$B$2:$B$36,"=p02_earnings_drift",'Daily evaluations'!$C$2:$C$36,"=d20261201"),"") | BA8: =IF((0=1),SUMIFS('Daily evaluations'!$D$2:$D$36,'Daily evaluations'!$B$2:$B$36,"=p02_earnings_drift",'Daily evaluations'!$C$2:$C$36,"=d20261202"),"") | BB8: =IF((0=1),SUMIFS('Daily evaluations'!$D$2:$D$36,'Daily evaluations'!$B$2:$B$36,"=p02_earnings_drift",'Daily evaluations'!$C$2:$C$36,"=d20261203"),"") | BC8: =IF((0=1),SUMIFS('Daily evaluations'!$D$2:$D$36,'Daily evaluations'!$B$2:$B$36,"=p02_earnings_drift",'Daily evaluations'!$C$2:$C$36,"=d20261204"),"") | BD8: =IF((0=1),SUMIFS('Daily evaluations'!$D$2:$D$36,'Daily evaluations'!$B$2:$B$36,"=p02_earnings_drift",'Daily evaluations'!$C$2:$C$36,"=d20261207"),"") | BE8: =IF((0=1),SUMIFS('Daily evaluations'!$D$2:$D$36,'Daily evaluations'!$B$2:$B$36,"=p02_earnings_drift",'Daily evaluations'!$C$2:$C$36,"=d20261208"),"") | BF8: =IF((0=1),SUMIFS('Daily evaluations'!$D$2:$D$36,'Daily evaluations'!$B$2:$B$36,"=p02_earnings_drift",'Daily evaluations'!$C$2:$C$36,"=d20261209"),"") | BG8: =IF((0=1),SUMIFS('Daily evaluations'!$D$2:$D$36,'Daily evaluations'!$B$2:$B$36,"=p02_earnings_drift",'Daily evaluations'!$C$2:$C$36,"=d20261210"),"") | BH8: =IF((0=1),SUMIFS('Daily evaluations'!$D$2:$D$36,'Daily evaluations'!$B$2:$B$36,"=p02_earnings_drift",'Daily evaluations'!$C$2:$C$36,"=d20261211"),"") | BI8: =IF((0=1),SUMIFS('Daily evaluations'!$D$2:$D$36,'Daily evaluations'!$B$2:$B$36,"=p02_earnings_drift",'Daily evaluations'!$C$2:$C$36,"=d20261214"),"") | BJ8: =IF((0=1),SUMIFS('Daily evaluations'!$D$2:$D$36,'Daily evaluations'!$B$2:$B$36,"=p02_earnings_drift",'Daily evaluations'!$C$2:$C$36,"=d20261215"),"") | BK8: =IF((0=1),SUMIFS('Daily evaluations'!$D$2:$D$36,'Daily evaluations'!$B$2:$B$36,"=p02_earnings_drift",'Daily evaluations'!$C$2:$C$36,"=d20261216"),"") | BL8: =IF((0=1),SUMIFS('Daily evaluations'!$D$2:$D$36,'Daily evaluations'!$B$2:$B$36,"=p02_earnings_drift",'Daily evaluations'!$C$2:$C$36,"=d20261217"),"") | BM8: =IF((0=1),SUMIFS('Daily evaluations'!$D$2:$D$36,'Daily evaluations'!$B$2:$B$36,"=p02_earnings_drift",'Daily evaluations'!$C$2:$C$36,"=d20261218"),"") | BN8: =IF((0=1),SUMIFS('Daily evaluations'!$D$2:$D$36,'Daily evaluations'!$B$2:$B$36,"=p02_earnings_drift",'Daily evaluations'!$C$2:$C$36,"=d20261221"),"") | BO8: =IF((0=1),SUMIFS('Daily evaluations'!$D$2:$D$36,'Daily evaluations'!$B$2:$B$36,"=p02_earnings_drift",'Daily evaluations'!$C$2:$C$36,"=d20261222"),"") | BP8: =IF((0=1),SUMIFS('Daily evaluations'!$D$2:$D$36,'Daily evaluations'!$B$2:$B$36,"=p02_earnings_drift",'Daily evaluations'!$C$2:$C$36,"=d20261223"),"") | BQ8: =IF((0=1),SUMIFS('Daily evaluations'!$D$2:$D$36,'Daily evaluations'!$B$2:$B$36,"=p02_earnings_drift",'Daily evaluations'!$C$2:$C$36,"=d20261224"),"") | BR8: =IF((0=1),SUMIFS('Daily evaluations'!$D$2:$D$36,'Daily evaluations'!$B$2:$B$36,"=p02_earnings_drift",'Daily evaluations'!$C$2:$C$36,"=d20261228"),"") | BS8: =IF((0=1),SUMIFS('Daily evaluations'!$D$2:$D$36,'Daily evaluations'!$B$2:$B$36,"=p02_earnings_drift",'Daily evaluations'!$C$2:$C$36,"=d20261229"),"") | BT8: =IF((0=1),SUMIFS('Daily evaluations'!$D$2:$D$36,'Daily evaluations'!$B$2:$B$36,"=p02_earnings_drift",'Daily evaluations'!$C$2:$C$36,"=d20261230"),"") | BU8: =IF((0=1),SUMIFS('Daily evaluations'!$D$2:$D$36,'Daily evaluations'!$B$2:$B$36,"=p02_earnings_drift",'Daily evaluations'!$C$2:$C$36,"=d20261231"),"") | BV8: =IF((0=1),SUMIFS('Daily evaluations'!$D$2:$D$36,'Daily evaluations'!$B$2:$B$36,"=p02_earnings_drift",'Daily evaluations'!$C$2:$C$36,"=d20270104"),"") | BW8: =IF((0=1),SUMIFS('Daily evaluations'!$D$2:$D$36,'Daily evaluations'!$B$2:$B$36,"=p02_earnings_drift",'Daily evaluations'!$C$2:$C$36,"=d20270105"),"") | BX8: =IF((0=1),SUMIFS('Daily evaluations'!$D$2:$D$36,'Daily evaluations'!$B$2:$B$36,"=p02_earnings_drift",'Daily evaluations'!$C$2:$C$36,"=d20270106"),"") | BY8: =IF((0=1),SUMIFS('Daily evaluations'!$D$2:$D$36,'Daily evaluations'!$B$2:$B$36,"=p02_earnings_drift",'Daily evaluations'!$C$2:$C$36,"=d20270107"),"") | BZ8: =IF((0=1),SUMIFS('Daily evaluations'!$D$2:$D$36,'Daily evaluations'!$B$2:$B$36,"=p02_earnings_drift",'Daily evaluations'!$C$2:$C$36,"=d20270108"),"") | CA8: =IF((0=1),SUMIFS('Daily evaluations'!$D$2:$D$36,'Daily evaluations'!$B$2:$B$36,"=p02_earnings_drift",'Daily evaluations'!$C$2:$C$36,"=d20270111"),"") | CB8: =IF((0=1),SUMIFS('Daily evaluations'!$D$2:$D$36,'Daily evaluations'!$B$2:$B$36,"=p02_earnings_drift",'Daily evaluations'!$C$2:$C$36,"=d20270112"),"") | CC8: =IF((0=1),SUMIFS('Daily evaluations'!$D$2:$D$36,'Daily evaluations'!$B$2:$B$36,"=p02_earnings_drift",'Daily evaluations'!$C$2:$C$36,"=d20270113"),"") | CD8: =IF((0=1),SUMIFS('Daily evaluations'!$D$2:$D$36,'Daily evaluations'!$B$2:$B$36,"=p02_earnings_drift",'Daily evaluations'!$C$2:$C$36,"=d20270114"),"") | CE8: =IF((0=1),SUMIFS('Daily evaluations'!$D$2:$D$36,'Daily evaluations'!$B$2:$B$36,"=p02_earnings_drift",'Daily evaluations'!$C$2:$C$36,"=d20270115"),"") | CF8: =IF((0=1),SUMIFS('Daily evaluations'!$D$2:$D$36,'Daily evaluations'!$B$2:$B$36,"=p02_earnings_drift",'Daily evaluations'!$C$2:$C$36,"=d20270119"),"") | CG8: =IF((0=1),SUMIFS('Daily evaluations'!$D$2:$D$36,'Daily evaluations'!$B$2:$B$36,"=p02_earnings_drift",'Daily evaluations'!$C$2:$C$36,"=d20270120"),"") | CH8: =IF((0=1),SUMIFS('Daily evaluations'!$D$2:$D$36,'Daily evaluations'!$B$2:$B$36,"=p02_earnings_drift",'Daily evaluations'!$C$2:$C$36,"=d20270121"),"") | CI8: =IF((0=1),SUMIFS('Daily evaluations'!$D$2:$D$36,'Daily evaluations'!$B$2:$B$36,"=p02_earnings_drift",'Daily evaluations'!$C$2:$C$36,"=d20270122"),"") | CJ8: =IF((0=1),SUMIFS('Daily evaluations'!$D$2:$D$36,'Daily evaluations'!$B$2:$B$36,"=p02_earnings_drift",'Daily evaluations'!$C$2:$C$36,"=d20270125"),"") | CK8: =IF((0=1),SUMIFS('Daily evaluations'!$D$2:$D$36,'Daily evaluations'!$B$2:$B$36,"=p02_earnings_drift",'Daily evaluations'!$C$2:$C$36,"=d20270126"),"") | CL8: =IF((0=1),SUMIFS('Daily evaluations'!$D$2:$D$36,'Daily evaluations'!$B$2:$B$36,"=p02_earnings_drift",'Daily evaluations'!$C$2:$C$36,"=d20270127"),"") | CM8: =IF((0=1),SUMIFS('Daily evaluations'!$D$2:$D$36,'Daily evaluations'!$B$2:$B$36,"=p02_earnings_drift",'Daily evaluations'!$C$2:$C$36,"=d20270128"),"") | CN8: =IF((0=1),SUMIFS('Daily evaluations'!$D$2:$D$36,'Daily evaluations'!$B$2:$B$36,"=p02_earnings_drift",'Daily evaluations'!$C$2:$C$36,"=d20270129"),"") | CO8: =IF((0=1),SUMIFS('Daily evaluations'!$D$2:$D$36,'Daily evaluations'!$B$2:$B$36,"=p02_earnings_drift",'Daily evaluations'!$C$2:$C$36,"=d20270201"),"") | CP8: =IF((0=1),SUMIFS('Daily evaluations'!$D$2:$D$36,'Daily evaluations'!$B$2:$B$36,"=p02_earnings_drift",'Daily evaluations'!$C$2:$C$36,"=d20270202"),"") | CQ8: =IF((0=1),SUMIFS('Daily evaluations'!$D$2:$D$36,'Daily evaluations'!$B$2:$B$36,"=p02_earnings_drift",'Daily evaluations'!$C$2:$C$36,"=d20270203"),"") | CR8: =IF((0=1),SUMIFS('Daily evaluations'!$D$2:$D$36,'Daily evaluations'!$B$2:$B$36,"=p02_earnings_drift",'Daily evaluations'!$C$2:$C$36,"=d20270204"),"") | CS8: =IF((0=1),SUMIFS('Daily evaluations'!$D$2:$D$36,'Daily evaluations'!$B$2:$B$36,"=p02_earnings_drift",'Daily evaluations'!$C$2:$C$36,"=d20270205"),"") | CT8: =IF((0=1),SUMIFS('Daily evaluations'!$D$2:$D$36,'Daily evaluations'!$B$2:$B$36,"=p02_earnings_drift",'Daily evaluations'!$C$2:$C$36,"=d20270208"),"") | CU8: =IF((0=1),SUMIFS('Daily evaluations'!$D$2:$D$36,'Daily evaluations'!$B$2:$B$36,"=p02_earnings_drift",'Daily evaluations'!$C$2:$C$36,"=d20270209"),"") | CV8: =IF((0=1),SUMIFS('Daily evaluations'!$D$2:$D$36,'Daily evaluations'!$B$2:$B$36,"=p02_earnings_drift",'Daily evaluations'!$C$2:$C$36,"=d20270210"),"") | CW8: =IF((0=1),SUMIFS('Daily evaluations'!$D$2:$D$36,'Daily evaluations'!$B$2:$B$36,"=p02_earnings_drift",'Daily evaluations'!$C$2:$C$36,"=d20270211"),"") | CX8: =IF((0=1),SUMIFS('Daily evaluations'!$D$2:$D$36,'Daily evaluations'!$B$2:$B$36,"=p02_earnings_drift",'Daily evaluations'!$C$2:$C$36,"=d20270212"),"")
A9: Sector-neutral overnight excess, bps | B9: Intraday-to-Overnight Reversal | C9: =IF((1=1),SUMIFS('Daily evaluations'!$D$2:$D$36,'Daily evaluations'!$B$2:$B$36,"=p03_intraday_reversal",'Daily evaluations'!$C$2:$C$36,"=d20260922"),"") -> 4.098 | D9: =IF((0=1),SUMIFS('Daily evaluations'!$D$2:$D$36,'Daily evaluations'!$B$2:$B$36,"=p03_intraday_reversal",'Daily evaluations'!$C$2:$C$36,"=d20260923"),"") | E9: =IF((0=1),SUMIFS('Daily evaluations'!$D$2:$D$36,'Daily evaluations'!$B$2:$B$36,"=p03_intraday_reversal",'Daily evaluations'!$C$2:$C$36,"=d20260924"),"") | F9: =IF((0=1),SUMIFS('Daily evaluations'!$D$2:$D$36,'Daily evaluations'!$B$2:$B$36,"=p03_intraday_reversal",'Daily evaluations'!$C$2:$C$36,"=d20260925"),"") | G9: =IF((0=1),SUMIFS('Daily evaluations'!$D$2:$D$36,'Daily evaluations'!$B$2:$B$36,"=p03_intraday_reversal",'Daily evaluations'!$C$2:$C$36,"=d20260928"),"") | H9: =IF((0=1),SUMIFS('Daily evaluations'!$D$2:$D$36,'Daily evaluations'!$B$2:$B$36,"=p03_intraday_reversal",'Daily evaluations'!$C$2:$C$36,"=d20260929"),"") | I9: =IF((0=1),SUMIFS('Daily evaluations'!$D$2:$D$36,'Daily evaluations'!$B$2:$B$36,"=p03_intraday_reversal",'Daily evaluations'!$C$2:$C$36,"=d20260930"),"") | J9: =IF((0=1),SUMIFS('Daily evaluations'!$D$2:$D$36,'Daily evaluations'!$B$2:$B$36,"=p03_intraday_reversal",'Daily evaluations'!$C$2:$C$36,"=d20261001"),"") | K9: =IF((0=1),SUMIFS('Daily evaluations'!$D$2:$D$36,'Daily evaluations'!$B$2:$B$36,"=p03_intraday_reversal",'Daily evaluations'!$C$2:$C$36,"=d20261002"),"") | L9: =IF((0=1),SUMIFS('Daily evaluations'!$D$2:$D$36,'Daily evaluations'!$B$2:$B$36,"=p03_intraday_reversal",'Daily evaluations'!$C$2:$C$36,"=d20261005"),"") | M9: =IF((0=1),SUMIFS('Daily evaluations'!$D$2:$D$36,'Daily evaluations'!$B$2:$B$36,"=p03_intraday_reversal",'Daily evaluations'!$C$2:$C$36,"=d20261006"),"") | N9: =IF((0=1),SUMIFS('Daily evaluations'!$D$2:$D$36,'Daily evaluations'!$B$2:$B$36,"=p03_intraday_reversal",'Daily evaluations'!$C$2:$C$36,"=d20261007"),"") | O9: =IF((0=1),SUMIFS('Daily evaluations'!$D$2:$D$36,'Daily evaluations'!$B$2:$B$36,"=p03_intraday_reversal",'Daily evaluations'!$C$2:$C$36,"=d20261008"),"") | P9: =IF((0=1),SUMIFS('Daily evaluations'!$D$2:$D$36,'Daily evaluations'!$B$2:$B$36,"=p03_intraday_reversal",'Daily evaluations'!$C$2:$C$36,"=d20261009"),"") | Q9: =IF((0=1),SUMIFS('Daily evaluations'!$D$2:$D$36,'Daily evaluations'!$B$2:$B$36,"=p03_intraday_reversal",'Daily evaluations'!$C$2:$C$36,"=d20261012"),"") | R9: =IF((0=1),SUMIFS('Daily evaluations'!$D$2:$D$36,'Daily evaluations'!$B$2:$B$36,"=p03_intraday_reversal",'Daily evaluations'!$C$2:$C$36,"=d20261013"),"") | S9: =IF((0=1),SUMIFS('Daily evaluations'!$D$2:$D$36,'Daily evaluations'!$B$2:$B$36,"=p03_intraday_reversal",'Daily evaluations'!$C$2:$C$36,"=d20261014"),"") | T9: =IF((0=1),SUMIFS('Daily evaluations'!$D$2:$D$36,'Daily evaluations'!$B$2:$B$36,"=p03_intraday_reversal",'Daily evaluations'!$C$2:$C$36,"=d20261015"),"") | U9: =IF((0=1),SUMIFS('Daily evaluations'!$D$2:$D$36,'Daily evaluations'!$B$2:$B$36,"=p03_intraday_reversal",'Daily evaluations'!$C$2:$C$36,"=d20261016"),"") | V9: =IF((0=1),SUMIFS('Daily evaluations'!$D$2:$D$36,'Daily evaluations'!$B$2:$B$36,"=p03_intraday_reversal",'Daily evaluations'!$C$2:$C$36,"=d20261019"),"") | W9: =IF((0=1),SUMIFS('Daily evaluations'!$D$2:$D$36,'Daily evaluations'!$B$2:$B$36,"=p03_intraday_reversal",'Daily evaluations'!$C$2:$C$36,"=d20261020"),"") | X9: =IF((0=1),SUMIFS('Daily evaluations'!$D$2:$D$36,'Daily evaluations'!$B$2:$B$36,"=p03_intraday_reversal",'Daily evaluations'!$C$2:$C$36,"=d20261021"),"") | Y9: =IF((0=1),SUMIFS('Daily evaluations'!$D$2:$D$36,'Daily evaluations'!$B$2:$B$36,"=p03_intraday_reversal",'Daily evaluations'!$C$2:$C$36,"=d20261022"),"") | Z9: =IF((0=1),SUMIFS('Daily evaluations'!$D$2:$D$36,'Daily evaluations'!$B$2:$B$36,"=p03_intraday_reversal",'Daily evaluations'!$C$2:$C$36,"=d20261023"),"") | AA9: =IF((0=1),SUMIFS('Daily evaluations'!$D$2:$D$36,'Daily evaluations'!$B$2:$B$36,"=p03_intraday_reversal",'Daily evaluations'!$C$2:$C$36,"=d20261026"),"") | AB9: =IF((0=1),SUMIFS('Daily evaluations'!$D$2:$D$36,'Daily evaluations'!$B$2:$B$36,"=p03_intraday_reversal",'Daily evaluations'!$C$2:$C$36,"=d20261027"),"") | AC9: =IF((0=1),SUMIFS('Daily evaluations'!$D$2:$D$36,'Daily evaluations'!$B$2:$B$36,"=p03_intraday_reversal",'Daily evaluations'!$C$2:$C$36,"=d20261028"),"") | AD9: =IF((0=1),SUMIFS('Daily evaluations'!$D$2:$D$36,'Daily evaluations'!$B$2:$B$36,"=p03_intraday_reversal",'Daily evaluations'!$C$2:$C$36,"=d20261029"),"") | AE9: =IF((0=1),SUMIFS('Daily evaluations'!$D$2:$D$36,'Daily evaluations'!$B$2:$B$36,"=p03_intraday_reversal",'Daily evaluations'!$C$2:$C$36,"=d20261030"),"") | AF9: =IF((0=1),SUMIFS('Daily evaluations'!$D$2:$D$36,'Daily evaluations'!$B$2:$B$36,"=p03_intraday_reversal",'Daily evaluations'!$C$2:$C$36,"=d20261102"),"") | AG9: =IF((0=1),SUMIFS('Daily evaluations'!$D$2:$D$36,'Daily evaluations'!$B$2:$B$36,"=p03_intraday_reversal",'Daily evaluations'!$C$2:$C$36,"=d20261103"),"") | AH9: =IF((0=1),SUMIFS('Daily evaluations'!$D$2:$D$36,'Daily evaluations'!$B$2:$B$36,"=p03_intraday_reversal",'Daily evaluations'!$C$2:$C$36,"=d20261104"),"") | AI9: =IF((0=1),SUMIFS('Daily evaluations'!$D$2:$D$36,'Daily evaluations'!$B$2:$B$36,"=p03_intraday_reversal",'Daily evaluations'!$C$2:$C$36,"=d20261105"),"") | AJ9: =IF((0=1),SUMIFS('Daily evaluations'!$D$2:$D$36,'Daily evaluations'!$B$2:$B$36,"=p03_intraday_reversal",'Daily evaluations'!$C$2:$C$36,"=d20261106"),"") | AK9: =IF((0=1),SUMIFS('Daily evaluations'!$D$2:$D$36,'Daily evaluations'!$B$2:$B$36,"=p03_intraday_reversal",'Daily evaluations'!$C$2:$C$36,"=d20261109"),"") | AL9: =IF((0=1),SUMIFS('Daily evaluations'!$D$2:$D$36,'Daily evaluations'!$B$2:$B$36,"=p03_intraday_reversal",'Daily evaluations'!$C$2:$C$36,"=d20261110"),"") | AM9: =IF((0=1),SUMIFS('Daily evaluations'!$D$2:$D$36,'Daily evaluations'!$B$2:$B$36,"=p03_intraday_reversal",'Daily evaluations'!$C$2:$C$36,"=d20261111"),"") | AN9: =IF((0=1),SUMIFS('Daily evaluations'!$D$2:$D$36,'Daily evaluations'!$B$2:$B$36,"=p03_intraday_reversal",'Daily evaluations'!$C$2:$C$36,"=d20261112"),"") | AO9: =IF((0=1),SUMIFS('Daily evaluations'!$D$2:$D$36,'Daily evaluations'!$B$2:$B$36,"=p03_intraday_reversal",'Daily evaluations'!$C$2:$C$36,"=d20261113"),"") | AP9: =IF((0=1),SUMIFS('Daily evaluations'!$D$2:$D$36,'Daily evaluations'!$B$2:$B$36,"=p03_intraday_reversal",'Daily evaluations'!$C$2:$C$36,"=d20261116"),"") | AQ9: =IF((0=1),SUMIFS('Daily evaluations'!$D$2:$D$36,'Daily evaluations'!$B$2:$B$36,"=p03_intraday_reversal",'Daily evaluations'!$C$2:$C$36,"=d20261117"),"") | AR9: =IF((0=1),SUMIFS('Daily evaluations'!$D$2:$D$36,'Daily evaluations'!$B$2:$B$36,"=p03_intraday_reversal",'Daily evaluations'!$C$2:$C$36,"=d20261118"),"") | AS9: =IF((0=1),SUMIFS('Daily evaluations'!$D$2:$D$36,'Daily evaluations'!$B$2:$B$36,"=p03_intraday_reversal",'Daily evaluations'!$C$2:$C$36,"=d20261119"),"") | AT9: =IF((0=1),SUMIFS('Daily evaluations'!$D$2:$D$36,'Daily evaluations'!$B$2:$B$36,"=p03_intraday_reversal",'Daily evaluations'!$C$2:$C$36,"=d20261120"),"") | AU9: =IF((0=1),SUMIFS('Daily evaluations'!$D$2:$D$36,'Daily evaluations'!$B$2:$B$36,"=p03_intraday_reversal",'Daily evaluations'!$C$2:$C$36,"=d20261123"),"") | AV9: =IF((0=1),SUMIFS('Daily evaluations'!$D$2:$D$36,'Daily evaluations'!$B$2:$B$36,"=p03_intraday_reversal",'Daily evaluations'!$C$2:$C$36,"=d20261124"),"") | AW9: =IF((0=1),SUMIFS('Daily evaluations'!$D$2:$D$36,'Daily evaluations'!$B$2:$B$36,"=p03_intraday_reversal",'Daily evaluations'!$C$2:$C$36,"=d20261125"),"") | AX9: =IF((0=1),SUMIFS('Daily evaluations'!$D$2:$D$36,'Daily evaluations'!$B$2:$B$36,"=p03_intraday_reversal",'Daily evaluations'!$C$2:$C$36,"=d20261127"),"") | AY9: =IF((0=1),SUMIFS('Daily evaluations'!$D$2:$D$36,'Daily evaluations'!$B$2:$B$36,"=p03_intraday_reversal",'Daily evaluations'!$C$2:$C$36,"=d20261130"),"") | AZ9: =IF((0=1),SUMIFS('Daily evaluations'!$D$2:$D$36,'Daily evaluations'!$B$2:$B$36,"=p03_intraday_reversal",'Daily evaluations'!$C$2:$C$36,"=d20261201"),"") | BA9: =IF((0=1),SUMIFS('Daily evaluations'!$D$2:$D$36,'Daily evaluations'!$B$2:$B$36,"=p03_intraday_reversal",'Daily evaluations'!$C$2:$C$36,"=d20261202"),"") | BB9: =IF((0=1),SUMIFS('Daily evaluations'!$D$2:$D$36,'Daily evaluations'!$B$2:$B$36,"=p03_intraday_reversal",'Daily evaluations'!$C$2:$C$36,"=d20261203"),"") | BC9: =IF((0=1),SUMIFS('Daily evaluations'!$D$2:$D$36,'Daily evaluations'!$B$2:$B$36,"=p03_intraday_reversal",'Daily evaluations'!$C$2:$C$36,"=d20261204"),"") | BD9: =IF((0=1),SUMIFS('Daily evaluations'!$D$2:$D$36,'Daily evaluations'!$B$2:$B$36,"=p03_intraday_reversal",'Daily evaluations'!$C$2:$C$36,"=d20261207"),"") | BE9: =IF((0=1),SUMIFS('Daily evaluations'!$D$2:$D$36,'Daily evaluations'!$B$2:$B$36,"=p03_intraday_reversal",'Daily evaluations'!$C$2:$C$36,"=d20261208"),"") | BF9: =IF((0=1),SUMIFS('Daily evaluations'!$D$2:$D$36,'Daily evaluations'!$B$2:$B$36,"=p03_intraday_reversal",'Daily evaluations'!$C$2:$C$36,"=d20261209"),"") | BG9: =IF((0=1),SUMIFS('Daily evaluations'!$D$2:$D$36,'Daily evaluations'!$B$2:$B$36,"=p03_intraday_reversal",'Daily evaluations'!$C$2:$C$36,"=d20261210"),"") | BH9: =IF((0=1),SUMIFS('Daily evaluations'!$D$2:$D$36,'Daily evaluations'!$B$2:$B$36,"=p03_intraday_reversal",'Daily evaluations'!$C$2:$C$36,"=d20261211"),"") | BI9: =IF((0=1),SUMIFS('Daily evaluations'!$D$2:$D$36,'Daily evaluations'!$B$2:$B$36,"=p03_intraday_reversal",'Daily evaluations'!$C$2:$C$36,"=d20261214"),"") | BJ9: =IF((0=1),SUMIFS('Daily evaluations'!$D$2:$D$36,'Daily evaluations'!$B$2:$B$36,"=p03_intraday_reversal",'Daily evaluations'!$C$2:$C$36,"=d20261215"),"") | BK9: =IF((0=1),SUMIFS('Daily evaluations'!$D$2:$D$36,'Daily evaluations'!$B$2:$B$36,"=p03_intraday_reversal",'Daily evaluations'!$C$2:$C$36,"=d20261216"),"") | BL9: =IF((0=1),SUMIFS('Daily evaluations'!$D$2:$D$36,'Daily evaluations'!$B$2:$B$36,"=p03_intraday_reversal",'Daily evaluations'!$C$2:$C$36,"=d20261217"),"") | BM9: =IF((0=1),SUMIFS('Daily evaluations'!$D$2:$D$36,'Daily evaluations'!$B$2:$B$36,"=p03_intraday_reversal",'Daily evaluations'!$C$2:$C$36,"=d20261218"),"") | BN9: =IF((0=1),SUMIFS('Daily evaluations'!$D$2:$D$36,'Daily evaluations'!$B$2:$B$36,"=p03_intraday_reversal",'Daily evaluations'!$C$2:$C$36,"=d20261221"),"") | BO9: =IF((0=1),SUMIFS('Daily evaluations'!$D$2:$D$36,'Daily evaluations'!$B$2:$B$36,"=p03_intraday_reversal",'Daily evaluations'!$C$2:$C$36,"=d20261222"),"") | BP9: =IF((0=1),SUMIFS('Daily evaluations'!$D$2:$D$36,'Daily evaluations'!$B$2:$B$36,"=p03_intraday_reversal",'Daily evaluations'!$C$2:$C$36,"=d20261223"),"") | BQ9: =IF((0=1),SUMIFS('Daily evaluations'!$D$2:$D$36,'Daily evaluations'!$B$2:$B$36,"=p03_intraday_reversal",'Daily evaluations'!$C$2:$C$36,"=d20261224"),"") | BR9: =IF((0=1),SUMIFS('Daily evaluations'!$D$2:$D$36,'Daily evaluations'!$B$2:$B$36,"=p03_intraday_reversal",'Daily evaluations'!$C$2:$C$36,"=d20261228"),"") | BS9: =IF((0=1),SUMIFS('Daily evaluations'!$D$2:$D$36,'Daily evaluations'!$B$2:$B$36,"=p03_intraday_reversal",'Daily evaluations'!$C$2:$C$36,"=d20261229"),"") | BT9: =IF((0=1),SUMIFS('Daily evaluations'!$D$2:$D$36,'Daily evaluations'!$B$2:$B$36,"=p03_intraday_reversal",'Daily evaluations'!$C$2:$C$36,"=d20261230"),"") | BU9: =IF((0=1),SUMIFS('Daily evaluations'!$D$2:$D$36,'Daily evaluations'!$B$2:$B$36,"=p03_intraday_reversal",'Daily evaluations'!$C$2:$C$36,"=d20261231"),"") | BV9: =IF((0=1),SUMIFS('Daily evaluations'!$D$2:$D$36,'Daily evaluations'!$B$2:$B$36,"=p03_intraday_reversal",'Daily evaluations'!$C$2:$C$36,"=d20270104"),"") | BW9: =IF((0=1),SUMIFS('Daily evaluations'!$D$2:$D$36,'Daily evaluations'!$B$2:$B$36,"=p03_intraday_reversal",'Daily evaluations'!$C$2:$C$36,"=d20270105"),"") | BX9: =IF((0=1),SUMIFS('Daily evaluations'!$D$2:$D$36,'Daily evaluations'!$B$2:$B$36,"=p03_intraday_reversal",'Daily evaluations'!$C$2:$C$36,"=d20270106"),"") | BY9: =IF((0=1),SUMIFS('Daily evaluations'!$D$2:$D$36,'Daily evaluations'!$B$2:$B$36,"=p03_intraday_reversal",'Daily evaluations'!$C$2:$C$36,"=d20270107"),"") | BZ9: =IF((0=1),SUMIFS('Daily evaluations'!$D$2:$D$36,'Daily evaluations'!$B$2:$B$36,"=p03_intraday_reversal",'Daily evaluations'!$C$2:$C$36,"=d20270108"),"") | CA9: =IF((0=1),SUMIFS('Daily evaluations'!$D$2:$D$36,'Daily evaluations'!$B$2:$B$36,"=p03_intraday_reversal",'Daily evaluations'!$C$2:$C$36,"=d20270111"),"") | CB9: =IF((0=1),SUMIFS('Daily evaluations'!$D$2:$D$36,'Daily evaluations'!$B$2:$B$36,"=p03_intraday_reversal",'Daily evaluations'!$C$2:$C$36,"=d20270112"),"") | CC9: =IF((0=1),SUMIFS('Daily evaluations'!$D$2:$D$36,'Daily evaluations'!$B$2:$B$36,"=p03_intraday_reversal",'Daily evaluations'!$C$2:$C$36,"=d20270113"),"") | CD9: =IF((0=1),SUMIFS('Daily evaluations'!$D$2:$D$36,'Daily evaluations'!$B$2:$B$36,"=p03_intraday_reversal",'Daily evaluations'!$C$2:$C$36,"=d20270114"),"") | CE9: =IF((0=1),SUMIFS('Daily evaluations'!$D$2:$D$36,'Daily evaluations'!$B$2:$B$36,"=p03_intraday_reversal",'Daily evaluations'!$C$2:$C$36,"=d20270115"),"") | CF9: =IF((0=1),SUMIFS('Daily evaluations'!$D$2:$D$36,'Daily evaluations'!$B$2:$B$36,"=p03_intraday_reversal",'Daily evaluations'!$C$2:$C$36,"=d20270119"),"") | CG9: =IF((0=1),SUMIFS('Daily evaluations'!$D$2:$D$36,'Daily evaluations'!$B$2:$B$36,"=p03_intraday_reversal",'Daily evaluations'!$C$2:$C$36,"=d20270120"),"") | CH9: =IF((0=1),SUMIFS('Daily evaluations'!$D$2:$D$36,'Daily evaluations'!$B$2:$B$36,"=p03_intraday_reversal",'Daily evaluations'!$C$2:$C$36,"=d20270121"),"") | CI9: =IF((0=1),SUMIFS('Daily evaluations'!$D$2:$D$36,'Daily evaluations'!$B$2:$B$36,"=p03_intraday_reversal",'Daily evaluations'!$C$2:$C$36,"=d20270122"),"") | CJ9: =IF((0=1),SUMIFS('Daily evaluations'!$D$2:$D$36,'Daily evaluations'!$B$2:$B$36,"=p03_intraday_reversal",'Daily evaluations'!$C$2:$C$36,"=d20270125"),"") | CK9: =IF((0=1),SUMIFS('Daily evaluations'!$D$2:$D$36,'Daily evaluations'!$B$2:$B$36,"=p03_intraday_reversal",'Daily evaluations'!$C$2:$C$36,"=d20270126"),"") | CL9: =IF((0=1),SUMIFS('Daily evaluations'!$D$2:$D$36,'Daily evaluations'!$B$2:$B$36,"=p03_intraday_reversal",'Daily evaluations'!$C$2:$C$36,"=d20270127"),"") | CM9: =IF((0=1),SUMIFS('Daily evaluations'!$D$2:$D$36,'Daily evaluations'!$B$2:$B$36,"=p03_intraday_reversal",'Daily evaluations'!$C$2:$C$36,"=d20270128"),"") | CN9: =IF((0=1),SUMIFS('Daily evaluations'!$D$2:$D$36,'Daily evaluations'!$B$2:$B$36,"=p03_intraday_reversal",'Daily evaluations'!$C$2:$C$36,"=d20270129"),"") | CO9: =IF((0=1),SUMIFS('Daily evaluations'!$D$2:$D$36,'Daily evaluations'!$B$2:$B$36,"=p03_intraday_reversal",'Daily evaluations'!$C$2:$C$36,"=d20270201"),"") | CP9: =IF((0=1),SUMIFS('Daily evaluations'!$D$2:$D$36,'Daily evaluations'!$B$2:$B$36,"=p03_intraday_reversal",'Daily evaluations'!$C$2:$C$36,"=d20270202"),"") | CQ9: =IF((0=1),SUMIFS('Daily evaluations'!$D$2:$D$36,'Daily evaluations'!$B$2:$B$36,"=p03_intraday_reversal",'Daily evaluations'!$C$2:$C$36,"=d20270203"),"") | CR9: =IF((0=1),SUMIFS('Daily evaluations'!$D$2:$D$36,'Daily evaluations'!$B$2:$B$36,"=p03_intraday_reversal",'Daily evaluations'!$C$2:$C$36,"=d20270204"),"") | CS9: =IF((0=1),SUMIFS('Daily evaluations'!$D$2:$D$36,'Daily evaluations'!$B$2:$B$36,"=p03_intraday_reversal",'Daily evaluations'!$C$2:$C$36,"=d20270205"),"") | CT9: =IF((0=1),SUMIFS('Daily evaluations'!$D$2:$D$36,'Daily evaluations'!$B$2:$B$36,"=p03_intraday_reversal",'Daily evaluations'!$C$2:$C$36,"=d20270208"),"") | CU9: =IF((0=1),SUMIFS('Daily evaluations'!$D$2:$D$36,'Daily evaluations'!$B$2:$B$36,"=p03_intraday_reversal",'Daily evaluations'!$C$2:$C$36,"=d20270209"),"") | CV9: =IF((0=1),SUMIFS('Daily evaluations'!$D$2:$D$36,'Daily evaluations'!$B$2:$B$36,"=p03_intraday_reversal",'Daily evaluations'!$C$2:$C$36,"=d20270210"),"") | CW9: =IF((0=1),SUMIFS('Daily evaluations'!$D$2:$D$36,'Daily evaluations'!$B$2:$B$36,"=p03_intraday_reversal",'Daily evaluations'!$C$2:$C$36,"=d20270211"),"") | CX9: =IF((0=1),SUMIFS('Daily evaluations'!$D$2:$D$36,'Daily evaluations'!$B$2:$B$36,"=p03_intraday_reversal",'Daily evaluations'!$C$2:$C$36,"=d20270212"),"")
